Workbook
Name _PAV2: 'Data Entry'!$L$83
Name _QL912: 'BSA55'!$G$165
Name AccommRCL05: 'Data Entry'!$L$134
Name AccommRCL10: 'Data Entry'!$L$133
Name AccommTransCheck: 'Data Entry'!$C$130
Name ActAuditExpend: 'Data Entry'!$C$55
Name ActDisabilityRM: 'Data Entry'!$L$64
Name ActivTripLvlFactor: 'BSA55'!$E$86
Name AdjacentWays: Instructions!$C$33
Name AdjBaseSuppLvl: 'BSA55'!$H$69
Name AdjFYTRCL: 'BSA55'!$C$104
Name AdjTNTBaseLimit: 'Truth in Tax'!$I$7
Name AdjWaysLevy: 'Page 5'!$E$28
Name AllFundAuditBudg6330: 'Page 2'!$O$9
Name AmtOUBudgSSA: 'Truth in Tax'!$I$21
Name AnnualExpforBusPass: 'Data Entry'!$L$63
Name AnnualExpforBusToken: 'Data Entry'!$L$62
Name AOIFTFundFactor: 'BSA55'!$F$47
Name AOIFTGrBAddOnWgtdADM: 'BSA55'!$H$35
Name AOIFTRegEdWgtdADM: 'BSA55'!$H$12
Name AOIFTStudCnt912CY: 'Data Entry'!$I$20
Name AOIFTStudCntDD.ED.MIID.SLD.SLI.OHI: 'Data Entry'!$H$38
Name AOIFTStudCntEDP: 'Data Entry'!$H$39
Name AOIFTStudCntELL: 'Data Entry'!$H$30
Name AOIFTStudCntFRPL: 'Data Entry'!$H$43
Name AOIFTStudCntG: 'Data Entry'!$H$42
Name AOIFTStudCntHI: 'Data Entry'!$H$31
Name AOIFTStudCntK3: 'Data Entry'!$H$29
Name AOIFTStudCntK3R: 'Data Entry'!$H$28
Name AOIFTStudCntK8CY: 'Data Entry'!$H$20
Name AOIFTStudCntMDR.AR.SIDR: 'Data Entry'!$H$32
Name AOIFTStudCntMDSC.ASC.SIDSC: 'Data Entry'!$H$33
Name AOIFTStudCntMDSSI: 'Data Entry'!$H$34
Name AOIFTStudCntMOID: 'Data Entry'!$H$40
Name AOIFTStudCntOIR: 'Data Entry'!$H$35
Name AOIFTStudCntOISC: 'Data Entry'!$H$36
Name AOIFTStudCntP.SD: 'Data Entry'!$H$37
Name AOIFTStudCntPSDCY: 'Data Entry'!$G$20
Name AOIFTStudCntVI: 'Data Entry'!$H$41
Name AOIPTFundFactor: 'BSA55'!$H$47
Name AOIPTGrBAddOnWgtdADM: 'BSA55'!$I$35
Name AOIPTRegEdWgtdADM: 'BSA55'!$I$12
Name AOIPTStudCnt912CY: 'Data Entry'!$I$21
Name AOIPTStudCntDD.ED.MIID.SLD.SLI.OHI: 'Data Entry'!$I$38
Name AOIPTStudCntEDP: 'Data Entry'!$I$39
Name AOIPTStudCntELL: 'Data Entry'!$I$30
Name AOIPTStudCntFRPL: 'Data Entry'!$I$43
Name AOIPTStudCntG: 'Data Entry'!$I$42
Name AOIPTStudCntHI: 'Data Entry'!$I$31
Name AOIPTStudCntK3: 'Data Entry'!$I$29
Name AOIPTStudCntK3R: 'Data Entry'!$I$28
Name AOIPTStudCntK8CY: 'Data Entry'!$H$21
Name AOIPTStudCntMDR.AR.SIDR: 'Data Entry'!$I$32
Name AOIPTStudCntMDSC.ASC.SIDSC: 'Data Entry'!$I$33
Name AOIPTStudCntMDSSI: 'Data Entry'!$I$34
Name AOIPTStudCntMOID: 'Data Entry'!$I$40
Name AOIPTStudCntOIR: 'Data Entry'!$I$35
Name AOIPTStudCntOISC: 'Data Entry'!$I$36
Name AOIPTStudCntP.SD: 'Data Entry'!$I$37
Name AOIPTStudCntPSDCY: 'Data Entry'!$G$21

Sheet Cover
B1: District Name | C1: Prescott Unified | G1: County | H1: Yavapai | R1: CTD number | S1: 130201000
R2: =0/0 -> #DIV/0!
D3: FY | E3: 2025 | K3: Revenues and property taxation
A4: State of Arizona | K4: 1. | L4: =_xlfn.CONCAT("Total budgeted revenues for fiscal year ",V39," $ ") -> Total budgeted revenues for fiscal year 2024 $ | O4: 45000000
A5: School District Annual Expenditure Budget | K5: 2. | L5: =_xlfn.CONCAT("Estimated revenues by source for fiscal year ",E3," (excluding property taxes)") -> Estimated revenues by source for fiscal year 2025 (excluding property taxes)
A6: Districtwide Budget | L6: Local | M6: 1000 $ | N6: 3700000 | O6: =IF(OR('District Contacts'!G6="",'District Contacts'!G8="",'District Contacts'!G9="",'District Contacts'!G12="",'District Contacts'!G13="",'District Contacts'!G14="",'District Contacts'!G15="",'District Contacts'!E24="",'District Contacts'!E25="",'District Contacts'!E26=""),"Please ensure District Contacts Tab is complete"," ")
L7: Intermediate | M7: 2000 $ | N7: 0
C8: Adopted | L8: State | M8: 3000 $ | N8: 12700000 | O8: =IF(OR('Page 7'!J10>'Page 7'!H10,'Page 7'!J17>'Page 7'!H17),"Please correct error on Page 7","")
C9: Version | L9: Federal | M9: 4000 $ | N9: 6200000 | O9: =IF('District Contacts'!D33="","Please enter a SIS Vendor on the District Contacts Tab","")
A10: By the Governing Board | L10: TOTAL | M10: $ | N10: =SUM(N6:N9) -> 22600000
K11: 3. | L11: District tax rates for prior and budget fiscal years (A.R.S. §15-903.D.4)
A12: =_xlfn.CONCAT("We hereby certify that the Budget for the Fiscal Year ",E3," was") -> We hereby certify that the Budget for the Fiscal Year 2025 was | N12: =_xlfn.CONCAT("Prior FY ",V39) -> Prior FY 2024 | Q12: =_xlfn.CONCAT("Est. Budget FY ",E3) -> Est. Budget FY 2025
C13: Proposed | E13: 45468 | G13: =IF(AND(OR(ISNUMBER(SEARCH("Proposed*",C8)),ISNUMBER(SEARCH("Adopted*",C8)),ISNUMBER(SEARCH("Revised*",C8))),E13=""),"Please enter a Proposed Date","") | L13: Primary Tax Rate: | N13: 2.3541 | Q13: 2.2812 | S13: =IF('Page 7'!J10>'Page 7'!H10,"Please correct error on Page 7","")
C14: Adopted | E14: 45482 | G14: =IF(AND(OR(ISNUMBER(SEARCH("Adopted*",C8)),ISNUMBER(SEARCH("Revised*",C8))),E14=""),"Please enter an Adopted Date","") | L14: Secondary Tax Rates:
C15: Revised | G15: =IF(AND(ISNUMBER(SEARCH("Revised*",C8)),E15=""),"Please enter a Revised Date","") | L15: M&O Override | N15: 0 | Q15: 0
E16: Date | L16: Special Program Override | N16: 0 | Q16: 0
L17: Capital Override | N17: 0 | Q17: 0
L18: Class A Bonds | N18: 0 | Q18: 0
L19: Class B Bonds | N19: 0.0609 | Q19: 0.0688
L20: CTED | N20: 0 | Q20: 0
L21: Desegregation | N21: 0 | Q21: 0
L22: Total Secondary Tax Rate | N22: =SUM(N15:N21) -> 0.0609 | Q22: =SUM(Q15:Q21) -> 0.0688
K23: Total budgeted expenditures and aggregate school district budget limit (A.R.S. §15-905.H)
Q24: Budgeted Expenditures | S24: Budget Limit
K25: 1. | L25: Maintenance and Operation Fund (from pages 1, line 30 and 7, line 11) | P25: $ | Q25: =ROUND(F001TotalExp,0) -> 32686373 | R25: $ | S25: =ROUND(GBLBudgFY,0) -> 32686373 | T25: =IF(Q25>S25,"GBL Exceeded","")
C26: Signed | F26: Signed | K26: 2. | L26: Unrestricted Capital Fund (from pages 4, line 10 and 8, line 12) | P26: $ | Q26: =ROUND(F610TotalBudgFY,0) -> 2449329 | R26: $ | S26: =ROUND(UCBLBudgFY,0) -> 2449329 | T26: =IF(Q26>S26,"UCBL Exceeded","")
K27: 3. | L27: Federal projects other than Impact Aid (from budget, page 6, Federal Projects, minus 378 (lines 18 and 20) | R27: $ | S27: =TotFedProjFundBudgFY-F378BudgFY -> 4680539
C28: =_xlfn.CONCAT("The FY ",E3," budget file for the version described above will be uploaded via") -> The FY 2025 budget file for the version described above will be uploaded via | K28: 4. | L28: Total aggregate school district budget limit (sum of lines 1 through 3) | R28: $ | S28: =SUM(S25+S26+S27) -> 39816241
C29: the School Finance Budget System on ADE’s website by | F29: 45483 | H29: .
F30: Type the Date as MM/DD/YYYY | K30: Average teacher salaries (A.R.S. §15-903.E)
F31: =IF(F29="","Please enter upload by date",IF(F29>=MAX(E13,E14,E15),"","Revise upload date for current submission")) | K31: 1. | L31: =_xlfn.CONCAT("Average salary of all teachers employed in FY ",E3," (budget year)") -> Average salary of all teachers employed in FY 2025 (budget year) | P31: =IF(U32<>"","",IF(OR(S31=0,S32=0),"Average salary information is not complete","")) | R31: $ | S31: 61250 | T31: =IF(U32<>"","",IF(OR(S31=0,S32=0),1/ERROR,""))
K32: 2. | L32: =_xlfn.CONCAT("Average salary of all teachers employed in FY ",V39," (prior year)") -> Average salary of all teachers employed in FY 2024 (prior year) | R32: $ | S32: 59466 | T32: FALSE | V32: Check this box if your district has no teachers (transporting districts and some CTEDs).
B33: Superintendent signature | F33: Business Manager signature | K33: 3. | L33: Increase in average teacher salary from the prior year | R33: $ | S33: =BudgetYearSalary-PriorYearSalary -> 1784
K34: 4. | L34: Percentage increase | S34: =IF(PriorYearSalary>0,SalaryIncrease/PriorYearSalary,0) -> 0.03
B35: Clark Tenney | F35: Brian Moore | K35: For FY25 teacher average salary, end-of-the-year FTE and teacher contract base amount were used, which includes estimated classroom site fund pay. Additional revenue sources for teachers, e.g. clubs, coaching, department chair, extra revenue sources for teachers, etc., are not included in the average salaries.
B36: Superintendent name (typed name) | F36: Business Manager name (typed name)
B38: District contact employee: | D38: Brian Moore
V39: =E3-1 -> 2024
B40: Telephone: | C40: 928-445-5400 | F40: Email: | G40: brian.moore@prescottschools.com | V40: =E3-2 -> 2023

Sheet District Contacts
A1: District name | B1: =DistrictName -> Prescott Unified | D1: County | E1: =Cover!H1 -> Yavapai | G1: CTD number | H1: =CTD -> 130201000 | J1: Version | K1: =Cover!C8 -> Adopted | M1: Dr. | N1: Mr. | O1: Miss | P1: Mrs. | Q1: Ms.
M2: CPA | N2: Ed.D | O2: II | P2: III | Q2: IV | R2: J.D. | S2: Jr. | T2: Ph.D. | U2: Sr.
A3: District contact information | M3: AZ Dept of Juvenile Corrections (AZDJC) | N3: Infinite Visions
M4: BocaVox (Maestro) | N4: Munis
C5: Prefix | D5: First name | E5: Last name | G5: Email address | H5: Telephone number | I5: Extension | M5: Edupoint (Synergy) | N5: PowerSchool BusinessPlus
A6: Superintendent | D6: Clark | E6: Tenney | G6: clark.tenney@prescottschools.com | H6: 928-445-5400 | I6: 70126 | M6: Edupoint (Edupoint) | N6: Other, please add at right
A7: Executive Assistant to Superintendent | D7: Sarah | E7: Torres | G7: sarah.torres@prescottschools.com | H7: 928-445-5400 | I7: 70104 | J7: =IF(AND(G9="",G10=""),"The Superintendent and Business Manager email addresses are used to distribute important budget information. If your district does not have a Business Manager, please fill in an alternate contact to receive budget updates. ","") | M7: Hane Solutions (SchoolDex)
A8: Chief Financial Officer | D8: Brian | E8: Moore | G8: brian.moore@prescottschools.com | H8: 928-445-5400 | I8: 70103 | M8: InfiniteCampus (InfiniteCampus)
A9: Business Manager 1 | D9: Brian | E9: Moore | G9: brian.moore@prescottschools.com | H9: 928-445-5400 | I9: 70103 | M9: JupiterEd (JupiterEd)
A10: Business Manager 2 | M10: MediaNet Solutions (e-IEP PRO)
A11: Business Consultant | M11: Mesa Distance Learning Program (MDLP)
A12: School District Employee Report (SDER) Coordinator | D12: Andy | E12: Binder | G12: andy.binder@prescottschools.com | H12: 928-445-5400 | I12: 70118 | M12: Pearson (Connexus)
A13: SPED Data Reporting Coordinator | D13: Caldwell | E13: Maya | G13: maya.caldwell@prescottschools.com | H13: 928-717-3236 | I13: 71120 | M13: PowerSchool (PowerSchool)
A14: AzEDS/ADM Data Coordinator | D14: Sheryl | E14: Blosel | G14: sheryl.blosel@prescottschools.com | H14: 928-445-5400 | I14: 70133 | M14: Strongmind (Strongmind)
A15: Transportation Data Reporting Coordinator | D15: Kim | E15: Barker | G15: kim.barker@prescottschools.com | H15: 928-717-3229 | I15: 71100 | M15: Tyler Technologies (Schoolmaster)
A16: CTE Coordinator | D16: Boehle | E16: Tiffany | G16: tiffany.boehle@prescottschools.com | H16: 928-445-3233 | I16: 72160 | M16: Tyler Technologies (Tyler SIS v10)
A17: Poverty Coordinator | D17: Judy | E17: Stencel | G17: judy.stencel@prescottschools.com | H17: 928-445-5400 | I17: 70130 | M17: FOCUS School Software LLC
A18: Assessments Coordinator | D18: Kayla | E18: Rangel | G18: kayla.rangel@prescottschools.com | H18: 928-445-5400 | I18: 70113
A19: Curriculum Coordinator | D19: Kelsey | E19: Secor | G19: kelsey.secor@prescottschools.com | H19: 928-445-5400 | I19: 70115
A20: Information Technology (IT) Director | D20: Michael | E20: Napier | G20: michael.napier@prescottschools.com | H20: 928-445-3233 | I20: 70138
A21: Bookstore Manager | D21: Shelby | E21: Mosser | G21: shelby.mosser@prescottschools.com | H21: 928-445-3233 | I21: 72115
A22: Governing Board Member | D22: Andy | E22: Fraher | G22: andy.fraher@prescottschools.com | H22: 928-445-5400
A23: Governing Board Member | D23: Kara | E23: Woods | G23: kara.woods@prescottschools.com | H23: 928-445-5400
A24: Governing Board Member | D24: Jane | E24: Robertson | G24: Jane.Robertson@prescottschools.com | H24: 928-445-5400
A25: Governing Board Member | D25: Stan | E25: Goligoski | G25: stan.goligoski@prescottschools.com | H25: 928-445-5400
A26: Governing Board Member | D26: Linda | E26: Conn | G26: linda.conn@prescottschools.com | H26: 928-445-5400
A27: Governing Board Member
A28: Governing Board Member
A29: Governing Board Member
A30: Governing Board Member
D32: SELECT from Dropdown
A33: Student Information Systems (SIS) Vendor | D33: PowerSchool (PowerSchool)
A35: Accounting Information System | D35: Infinite Visions
A37: Bookstore Cash Receipting System | D37: Intouch Receipting
A39: District's website home page address | D39: www.prescottschools.com

Sheet Page 1
A1: District name | B1: =DistrictName -> Prescott Unified | F1: County | G1: =Cover!H1 -> Yavapai | I1: CTD number | J1: =CTD -> 130201000 | L1: Version | M1: =Cover!C8 -> Adopted
A2: Fund 001 (M&O) | D2: Maintenance and Operation (M&O) Fund
G3: Employee | H3: Purchased | K3: Totals
D4: FTE | F4: Salaries | G4: Benefits | H4: Services | I4: Supplies | J4: Other | K4: Prior | L4: Budget | M4: %
A5: Expenditures | D5: Prior | E5: Budget | H5: 6300, 6400, | K5: FY | L5: FY | M5: Increase/
D6: FY | E6: FY | F6: 6100 | G6: 6200 | H6: 6500 | I6: 6600 | J6: 6800 | K6: =PriorFiscalYear -> 2024 | L6: =Cover!E3 -> 2025 | M6: Decrease
A7: 100 Regular education
A8: 1000 Instruction | C8: 1. | D8: =[1]!F001P100F1000Personnel -> 162.36 | E8: 164 | F8: =7456468*1.03+119840+35307+624523+27000+182317 -> 8669149 | G8: =3317109+124905+8000+36460 -> 3486474 | H8: 581648 | I8: 150930 | J8: 17160 | K8: =[1]!F001P100F1000 -> 13150145 | L8: =SUM(F8:J8) -> 12905361 | M8: =IF(K8=L8,0,IF(K8>0,(L8-K8)/K8,"")) -> -0.019 | N8: 1.
A9: 2000 Support services
A10: 2100 Students | C10: 2. | D10: =[1]!F001P100F2100Personnel -> 20.74 | E10: 22.1 | F10: =952710*1.03 -> 981291 | G10: 391656 | H10: 8502 | I10: 11536 | J10: 28633 | K10: =[1]!F001P100F2100 -> 1551990 | L10: =SUM(F10:J10) -> 1421618 | M10: =IF(K10=L10,0,IF(K10>0,(L10-K10)/K10,"")) -> -0.084 | N10: 2.
A11: 2200 Instructional staff | C11: 3. | D11: =[1]!F001P100F2200Personnel -> 17.55 | E11: 18.8 | F11: =845895*1.03 -> 871272 | G11: 337723 | H11: 153978 | I11: 14058 | J11: 0 | K11: =[1]!F001P100F2200 -> 1423896 | L11: =SUM(F11:J11) -> 1377031 | M11: =IF(K11=L11,0,IF(K11>0,(L11-K11)/K11,"")) -> -0.033 | N11: 3.
A12: 2300 General administration | C12: 4. | D12: =[1]!F001P100F2300Personnel -> 5 | E12: 4 | F12: =417720*1.03 -> 430252 | G12: 212530 | H12: 174773 | I12: 4056 | J12: 17234 | K12: =[1]!F001P100F2300 -> 826182 | L12: =SUM(F12:J12) -> 838845 | M12: =IF(K12=L12,0,IF(K12>0,(L12-K12)/K12,"")) -> 0.015 | N12: 4.
A13: 2400 School administration | C13: 5. | D13: =[1]!F001P100F2400Personnel -> 17 | E13: 18.7 | F13: 1261895 | G13: 433500 | H13: 4256 | I13: 4079 | J13: 537 | K13: =[1]!F001P100F2400 -> 1704855 | L13: =SUM(F13:J13) -> 1704267 | M13: =IF(K13=L13,0,IF(K13>0,(L13-K13)/K13,"")) -> 0 | N13: 5.
A14: 2500 Central services | C14: 6. | D14: =[1]!F001P100F2500Personnel -> 9.9 | E14: 9.75 | F14: =546728*1.03 -> 563130 | G14: 184131 | H14: 179420 | I14: 91948 | J14: 38225 | K14: =[1]!F001P100F2500 -> 1090379 | L14: =SUM(F14:J14) -> 1056854 | M14: =IF(K14=L14,0,IF(K14>0,(L14-K14)/K14,"")) -> -0.031 | N14: 6.
A15: 2600 Operation & maintenance of plant | C15: 7. | D15: =[1]!F001P100F2600Personnel -> 15.5 | E15: 15.5 | F15: =579557*1.03 -> 596944 | G15: 237756 | H15: 2879542 | I15: 1146212 | J15: 1083 | K15: =[1]!F001P100F2600 -> 4923229 | L15: =SUM(F15:J15) -> 4861537 | M15: =IF(K15=L15,0,IF(K15>0,(L15-K15)/K15,"")) -> -0.013 | N15: 7.
A16: 2900 Other | C16: 8. | D16: =[1]!F001P100F2900Personnel -> 0 | E16: 0 | F16: 0 | G16: 0 | H16: 0 | I16: 0 | J16: 0 | K16: =[1]!F001P100F2900 -> 0 | L16: =SUM(F16:J16) -> 0 | M16: =IF(K16=L16,0,IF(K16>0,(L16-K16)/K16,"")) -> 0 | N16: 8.
A17: 3000 Operation of noninstructional services | C17: 9. | D17: =[1]!F001P100F3000Personnel -> 2 | E17: 3.79 | F17: =60767*1.03 -> 62590 | G17: 23523 | H17: 32 | I17: 6091 | J17: 0 | K17: =[1]!F001P100F3000 -> 102915 | L17: =SUM(F17:J17) -> 92236 | M17: =IF(K17=L17,0,IF(K17>0,(L17-K17)/K17,"")) -> -0.104 | N17: 9.
A18: 610 School-sponsored cocurricular activities | C18: 10. | D18: =[1]!F001P610Personnel -> 0 | E18: 0 | F18: 9672 | G18: 1969 | H18: 0 | I18: 0 | J18: 0 | K18: =[1]!F001P610 -> 20474 | L18: =SUM(F18:J18) -> 11641 | M18: =IF(K18=L18,0,IF(K18>0,(L18-K18)/K18,"")) -> -0.431 | N18: 10.
A19: 620 School-sponsored athletics | C19: 11. | D19: =[1]!F001P620Personnel -> 1 | E19: 1 | F19: =204950*1.03 -> 211099 | G19: 127123 | H19: 0 | I19: 0 | J19: 0 | K19: =[1]!F001P620 -> 351475 | L19: =SUM(F19:J19) -> 338222 | M19: =IF(K19=L19,0,IF(K19>0,(L19-K19)/K19,"")) -> -0.038 | N19: 11.
A20: 630 Other instructional programs | C20: 12. | D20: =[1]!F001P630Personnel -> 0 | E20: 0 | F20: 0 | G20: 0 | H20: 0 | I20: 0 | J20: 0 | K20: =[1]!F001P630 -> 0 | L20: =SUM(F20:J20) -> 0 | M20: =IF(K20=L20,0,IF(K20>0,(L20-K20)/K20,"")) -> 0 | N20: 12.
A21: 700, 800, 900 Other programs | C21: 13. | D21: =[1]!F001P700800900Personnel -> 0 | E21: 0 | F21: 0 | G21: 0 | H21: 113286 | I21: 0 | J21: 0 | K21: =[1]!F001P700800900 -> 119905 | L21: =SUM(F21:J21) -> 113286 | M21: =IF(K21=L21,0,IF(K21>0,(L21-K21)/K21,"")) -> -0.055 | N21: 13.
A22: Regular education subsection subtotal (lines 1-13) | C22: 14. | D22: =SUM(D8:D21) -> 251.05 | E22: =E8+SUM(E10:E21) -> 257.64 | F22: =F8+SUM(F10:F21) -> 13657294 | G22: =G8+SUM(G10:G21) -> 5436385 | H22: =H8+SUM(H10:H21) -> 4095437 | I22: =I8+SUM(I10:I21) -> 1428910 | J22: =J8+SUM(J10:J21) -> 102872 | K22: =SUM(K8:K21) -> 25265445 | L22: =SUM(L8:L21) -> 24720898 | M22: =IF(K22=L22,0,IF(K22>0,(L22-K22)/K22,"")) -> -0.022 | N22: 14.
A23: 200 and 300 Special education
A24: 1000 Instruction | C24: 15. | D24: =[1]!F001P200F1000Personnel -> 50.87 | E24: 67 | F24: =2353814*1.015 -> 2389121 | G24: 977249 | H24: 0 | I24: 2116 | J24: 0 | K24: =[1]!F001P200F1000 -> 3258371 | L24: =SUM(F24:J24) -> 3368486 | M24: =IF(K24=L24,0,IF(K24>0,(L24-K24)/K24,"")) -> 0.034 | N24: 15.
A25: 2000 Support services
A26: 2100 Students | C26: 16. | D26: =[1]!F001P200F2100Personnel -> 25.46 | E26: 26 | F26: =1438751*1.03 -> 1481914 | G26: 506805 | H26: 220620 | I26: 3297 | J26: 2015 | K26: =[1]!F001P200F2100 -> 2318819 | L26: =SUM(F26:J26) -> 2214651 | M26: =IF(K26=L26,0,IF(K26>0,(L26-K26)/K26,"")) -> -0.045 | N26: 16.
A27: 2200 Instructional staff | C27: 17. | D27: =[1]!F001P200F2200Personnel -> 3.5 | E27: 4.9 | F27: =239434*1.03 -> 246617 | G27: 71379 | H27: 3579 | I27: 3768 | J27: 275 | K27: =[1]!F001P200F2200 -> 335431 | L27: =SUM(F27:J27) -> 325618 | M27: =IF(K27=L27,0,IF(K27>0,(L27-K27)/K27,"")) -> -0.029 | N27: 17.
A28: 2300 General administration | C28: 18. | D28: =[1]!F001P200F2300Personnel -> 0 | E28: 0 | F28: 0 | G28: 0 | H28: 0 | I28: 0 | J28: 0 | K28: =[1]!F001P200F2300 -> 0 | L28: =SUM(F28:J28) -> 0 | M28: =IF(K28=L28,0,IF(K28>0,(L28-K28)/K28,"")) -> 0 | N28: 18.
A29: 2400 School administration | C29: 19. | D29: =[1]!F001P200F2400Personnel -> 0 | E29: 0 | F29: 600 | G29: 117 | H29: 0 | I29: 0 | J29: 0 | K29: =[1]!F001P200F2400 -> 759 | L29: =SUM(F29:J29) -> 717 | M29: =IF(K29=L29,0,IF(K29>0,(L29-K29)/K29,"")) -> -0.055 | N29: 19.
A30: 2500 Central services | C30: 20. | D30: =[1]!F001P200F2500Personnel -> 0 | E30: 0 | F30: 0 | G30: 0 | H30: 1909 | I30: 1391 | J30: 0 | K30: =[1]!F001P200F2500 -> 3493 | L30: =SUM(F30:J30) -> 3300 | M30: =IF(K30=L30,0,IF(K30>0,(L30-K30)/K30,"")) -> -0.055 | N30: 20.
A31: 2600 Operation & maintenance of plant | C31: 21. | D31: =[1]!F001P200F2600Personnel -> 0 | E31: 0 | F31: 0 | G31: 0 | H31: 285 | I31: 0 | J31: 0 | K31: =[1]!F001P200F2600 -> 302 | L31: =SUM(F31:J31) -> 285 | M31: =IF(K31=L31,0,IF(K31>0,(L31-K31)/K31,"")) -> -0.056 | N31: 21.
A32: 2900 Other | C32: 22. | D32: =[1]!F001P200F2900Personnel -> 0 | E32: 0 | F32: 0 | G32: 0 | H32: 0 | I32: 0 | J32: 0 | K32: =[1]!F001P200F2900 -> 0 | L32: =SUM(F32:J32) -> 0 | M32: =IF(K32=L32,0,IF(K32>0,(L32-K32)/K32,"")) -> 0 | N32: 22.
A33: 3000 Operation of noninstructional services | C33: 23. | D33: =[1]!F001P200F3000Personnel -> 0 | E33: 0 | F33: 0 | G33: 0 | H33: 0 | I33: 0 | J33: 0 | K33: =[1]!F001P200F3000 -> 0 | L33: =SUM(F33:J33) -> 0 | M33: =IF(K33=L33,0,IF(K33>0,(L33-K33)/K33,"")) -> 0 | N33: 23.
A34: Subtotal (lines 15-23) | C34: 24. | D34: =SUM(D24:D33) -> 79.83 | E34: =E24+SUM(E26:E33) -> 97.9 | F34: =F24+SUM(F26:F33) -> 4118252 | G34: =G24+SUM(G26:G33) -> 1555550 | H34: =H24+SUM(H26:H33) -> 226393 | I34: =I24+SUM(I26:I33) -> 10572 | J34: =J24+SUM(J26:J33) -> 2290 | K34: =SUM(K24:K33) -> 5917175 | L34: =SUM(L24:L33) -> 5913057 | M34: =IF(K34=L34,0,IF(K34>0,(L34-K34)/K34,"")) -> -0.001 | N34: 24.
A35: 400 Pupil transportation | C35: 25. | D35: =[1]!F001P400Personnel -> 0 | E35: 0 | F35: =813528*1.03 -> 837934 | G35: 400007 | H35: 281444 | I35: 389462 | J35: 0 | K35: =[1]!F001P400 -> 1915996 | L35: =SUM(F35:J35) -> 1908847 | M35: =IF(K35=L35,0,IF(K35>0,(L35-K35)/K35,"")) -> -0.004 | N35: 25.
A36: 510 Desegregation (from districtwide desegregation
A37: Budget, page 2, line 44) | C37: 26. | D37: =[2]!DesegFTEPY -> 0 | E37: =[2]!DesegFTEBY -> 0 | F37: =[2]!DesegTotalMOO6100 -> 0 | G37: =[2]!DesegTotalMOO6200 -> 0 | H37: =[2]!DesegTotalMOO630064006500 -> 0 | I37: =[2]!DesegTotalMOO6600 -> 0 | J37: =[2]!DesegTotalMOO6800 -> 0 | K37: =[2]!DesegTotalMOPY -> 0 | L37: =[2]!DesegTotalMOBY -> 0 | M37: =[2]!DesegTotalMOPercent -> 0 | N37: 26.
A38: 530 Dropout prevention programs | C38: 27. | D38: =[1]!F001P530Personnel -> 0 | K38: =[1]!F001P530 -> 0 | L38: =SUM(F38:J38) -> 0 | M38: =IF(K38=L38,0,IF(K38>0,(L38-K38)/K38,"")) -> 0 | N38: 27.
A39: 540 Joint career and technical education and vocational
A40: Education center | C40: 28. | D40: =[1]!F001P540Personnel -> 0 | E40: 0 | F40: 0 | G40: 0 | H40: 0 | I40: 0 | J40: 0 | K40: =[1]!F001P540 -> 0 | L40: =SUM(F40:J40) -> 0 | M40: =IF(K40=L40,0,IF(K40>0,(L40-K40)/K40,"")) -> 0 | N40: 28.
A41: 550 K-3 Reading program | C41: 29. | D41: =[1]!F001P550Personnel -> 2 | E41: 2 | F41: 93440 | G41: 50131 | H41: 0 | I41: 0 | J41: 0 | K41: =[1]!F001P550 -> 151956 | L41: =SUM(F41:J41) -> 143571 | M41: =IF(K41=L41,0,IF(K41>0,(L41-K41)/K41,"")) -> -0.055 | N41: 29.
A42: Total expenditures (lines 14, and 24-29)
A43: (Cannot exceed page 7, line 11) | C43: 30. | D43: =SUM(D34:D41)+D22 -> 332.88 | E43: =SUM(E34:E41)+E22 -> 357.54 | F43: =SUM(F34:F41)+F22 -> 18706920 | G43: =SUM(G34:G41)+G22 -> 7442073 | H43: =SUM(H34:H41)+H22 -> 4603274 | I43: =SUM(I34:I41)+I22 -> 1828944 | J43: =SUM(J34:J41)+J22 -> 105162 | K43: =[1]!F001TotalExp -> 33250572 | L43: =SUM(L34:L41)+L22 -> 32686373 | M43: =IF(K43=L43,0,IF(K43>0,(L43-K43)/K43,"")) -> -0.017 | N43: 30.
G45: =IF(ROUND(L43,0)<ROUND(GBLBudgFY,0),CONCATENATE("The district has budgeted less in the M and O Fund than the General Budget Limit as calculated on page 7 of 8 by ",TEXT(GBLBudgFY-L43,"$#,###"),"."),IF(ROUND(L43,0)>ROUND(GBLBudgFY,0),CONCATENATE("The district has budgeted greater in the M and O Fund than the General Budget Limit as calculated on page 7 of 8 by ",TEXT(-GBLBudgFY+L43,"$#,###"),"."),IF(ROUND(L43,0)=ROUND(GBLBudgFY,0),CONCATENATE("The district has budgeted an amount in the M and O Fund equal to the General Budget Limit as calculated on page 7 of 8.")))) -> The district has budgeted an amount in the M and O Fund equal to the General Budget Limit as calculated on page 7 of 8.

Sheet Page 2
A1: District name | C1: =DistrictName -> Prescott Unified | H1: County | I1: =Cover!H1 -> Yavapai | N1: CTD number | O1: =CTD -> 130201000 | Q1: Version | R1: =Cover!C8 -> Adopted
A4: Special education programs by type (M&O Fund Programs 200 and 300)
A6: (A.R.S. §§ 15-761 and 15-903) | F6: Prior FY | G6: Budget FY
A7: 1. | B7: Total all disability classifications | F7: =[1]!F001P200Subtotal -> 5330000 | G7: 5330000 | H7: 1. | K7: Expenditures budgeted for audit services
A8: 2. | B8: Gifted education | F8: =[1]!SPEDGiftedEdBudgFY -> 45000 | G8: 45000 | H8: 2. | K8: M&O Fund - Nonfederal | N8: 6350 | O8: 55000
A9: 3. | B9: Remedial education | F9: =[1]!SPEDRemedialEdBudgFY -> 0 | H9: 3. | K9: All funds - Federal | N9: 6330
A10: 4. | B10: ELL incremental costs | F10: =[1]!SPEDELLIncCostBudgFY -> 50000 | G10: 50000 | H10: 4.
A11: 5. | B11: ELL compensatory instruction | F11: =[1]!SPEDELLCompInstrBudgFY -> 0 | H11: 5.
A12: 6. | B12: Vocational and technical education (non-CTED) | F12: =[1]!SPEDVocTechEdBudgFY -> 5000 | G12: 5000 | H12: 6. | K12: =_xlfn.CONCAT("FY ",Cover!E3," performance pay (A.R.S. Section 15-920)") -> FY 2025 performance pay (A.R.S. Section 15-920)
A13: 7. | B13: Career education (non-CTED) | F13: =[1]!SPEDCareerEdBudgFY -> 0 | H13: 7. | K13: Amount budgeted in M&O Fund for a performance pay component | R13: 15000
A14: 8. | B14: Career technical education (CTED) | F14: =[1]!JTEDBudgFY -> 487175 | G14: =518364-35307 -> 483057 | H14: 8. | I14: =IF(SUM(G7:G14)=SUM('Page 1'!L34:L34),"","Invalid. The amount should equal the total budgeted amount reported on line 24, page 1.")
A15: 9. | B15: Total (lines 1 through 8. Must equal | K15: Do not report budgeted amounts for the Performance Pay Component of the Classroom Site Fund on this line.
B16: total of line 24, page 1) | F16: =SUM(F7:F14) -> 5917175 | G16: =SUM(G7:G14) -> 5913057 | H16: 9.
A18: 10. | B18: IEP required pupil transportation costs | K18: Expenditures budgeted in the M&O Fund for food service
B19: coded within Program 400 | F19: {=[1]!IEPTransportCosts} -> 320000 | G19: 320000 | H19: 10. | K19: Amount budgeted in M&O for Food Service (Fund 001, Function 3100) | R19: 50000
K20: (This amount will be used to determine district compliance with state matching
K21: requirements pursuant to Code of Federal Regulations (CFR) Title 7, §210.17(a)]
A22: Proposed ratios for special education
A23: (A.R.S. §§15-903.E.1 and 15-764.A.5) | F23: Teacher-Pupil 1 to | G23: =SPEDTeacher -> 111
F24: Staff-Pupil 1 to | G24: =SPEDStaff -> 85

Sheet Page 3
A1: District name | B1: =DistrictName -> Prescott Unified | F1: County | G1: =Cover!H1 -> Yavapai | J1: CTD number | K1: =Cover!S1 -> 130201000 | M1: Version | N1: =Cover!C8 -> Adopted
A2: Fund 010 (CSF) | D2: Classroom Site Fund (CSF) and CSF Budget Limit (A.R.S. §§ 15-977 and 15-978)
I3: Debt service | J3: Totals | L3: %
A4: Expenditures | D4: Salaries | E4: Employee benefits | F4: Purchased services | G4: Supplies | H4: Property | I4: and miscellaneous | J4: Prior FY | K4: Budget FY | L4: Increase/
D5: 6100 | E5: 6200 | F5: 6300, 6400, 6500 | G5: 6600 | H5: 6700 | I5: 6800 | J5: =PriorFiscalYear -> 2024 | K5: =Cover!E3 -> 2025 | L5: Decrease
A6: 1000 Instruction | C6: 1. | D6: 3233050 | E6: =+D6*0.2068+1 -> 668596 | F6: 0 | G6: 0 | H6: 0 | I6: 0 | J6: {=[1]!F010F1000} -> 3744008 | K6: =SUM(D6:I6) -> 3901646 | L6: =IF(J6=K6,0,IF(J6>0,(K6-J6)/J6,"")) -> 0.042 | M6: 1.
A7: 2100 Support services - students | C7: 2. | D7: 105916 | E7: =+D7*0.2068 -> 21903 | F7: 0 | G7: 0 | H7: 0 | I7: 0 | J7: {=[1]!F010F2100} -> 134223 | K7: =SUM(D7:I7) -> 127819 | L7: =IF(J7=K7,0,IF(J7>0,(K7-J7)/J7,"")) -> -0.048 | M7: 2.
A8: 2200 Support services - instructional staff | C8: 3. | D8: 131480 | E8: =+D8*0.2068 -> 27190 | F8: 0 | G8: 0 | I8: 0 | J8: {=[1]!F010F2200} -> 131771 | K8: =SUM(D8:I8) -> 158670 | L8: =IF(J8=K8,0,IF(J8>0,(K8-J8)/J8,"")) -> 0.204 | M8: 3.
A9: 2300 Support services - general administration | C9: 4. | F9: 0 | J9: {=[1]!F010F2310} -> 0 | K9: =SUM(D9:I9) -> 0 | L9: =IF(J9=K9,0,IF(J9>0,(K9-J9)/J9,"")) -> 0 | M9: 4.
A10: 2500 Central services | C10: 5. | I10: 0 | J10: {=[1]!F010F2510} -> 0 | K10: =SUM(D10:I10) -> 0 | L10: =IF(J10=K10,0,IF(J10>0,(K10-J10)/J10,"")) -> 0 | M10: 5.
A11: 3300 Community services Ooerations | C11: 6. | D11: 0 | E11: 0 | F11: 0 | J11: {=[1]!F010F3300} -> 0 | K11: =SUM(D11:I11) -> 0 | L11: =IF(J11=K11,0,IF(J11>0,(K11-J11)/J11,"")) -> 0 | M11: 6.
A12: 4000 Facilities acquisition and construction | C12: 7. | H12: 0 | J12: {=[1]!F010F4000} -> 0 | K12: =SUM(D12:I12) -> 0 | M12: 7.
A13: 5000 Debt service | C13: 8. | J13: {=[1]!F010F5000} -> 0 | K13: =SUM(D13:I13) -> 0 | M13: 8.
A14: Total Expenditures (lines 1-8) | C14: 9. | D14: =SUM(D6:D13) -> 3470446 | E14: =SUM(E6:E13) -> 717689 | F14: =SUM(F6:F13) -> 0 | G14: =SUM(G6:G13) -> 0 | H14: =SUM(H6:H13) -> 0 | I14: =SUM(I6:I13) -> 0 | J14: {=[1]!F010TotalExp} -> 4010002 | K14: =SUM(D14:I14) -> 4188135 | L14: =IF(J14=K14,0,IF(J14>0,(K14-J14)/J14,"")) -> 0.044 | M14: 9.
L16: =IF(ROUND(F010TotalExp,0)<ROUND(CSFBLBudgFY,0),CONCATENATE("The district has budgeted an amount in Fund 010 which is less than the Classroom Site Fund Budget Limit as calculated below by ",TEXT(CSFBLBudgFY-F010TotalExp,"$#,###"),"."),IF(ROUND(F010TotalExp,0)>ROUND(CSFBLBudgFY,0),CONCATENATE("The district has budgeted greater in Fund 010 than the Classroom Site Fund Budget Limit as calculated below by ",TEXT(-CSFBLBudgFY+F010TotalExp,"$#,###"),"."),IF(ROUND(F010TotalExp,0)=ROUND(CSFBLBudgFY,0),CONCATENATE("The district has budgeted an amount in Fund 010 equal to the Classroom Site Fund Budget Limit as calculated below.")))) -> The district has budgeted an amount in Fund 010 equal to the Classroom Site Fund Budget Limit as calculated below.
A30: Classroom Site Fund Budget Limit Calculation
A31: =_xlfn.CONCAT("FY ",PriorFiscalYear," Classroom Site Fund Budget Limit (from FY ",PriorFiscalYear," latest revised Budget, page 3, line 16)") -> FY 2024 Classroom Site Fund Budget Limit (from FY 2024 latest revised Budget, page 3, line 16) | C31: 10. | D31: {='[1]Page 3'!CSFBLBudgFY} -> 4010002
A32: =_xlfn.CONCAT("FY ",PriorFiscalYear," Actual expenditures (For budget adoption use actual expenditures to date plus estimated expenditures through fiscal year-end.)") -> FY 2024 Actual expenditures (For budget adoption use actual expenditures to date plus estimated expenditures through fiscal year-end.) | C32: 11. | D32: 3425997 | E32: =IF(AND(CSFBLCurrFY<>0,CSFActualCurrFY=""),"Please enter prior year CSF actual expenditures on line 11.","")
A33: Unexpended Budget Balance (line 10 minus 11) | C33: 12. | D33: =D31-D32 -> 584005
A34: =_xlfn.CONCAT("Interest earned in the Classroom Site Fund in FY ",PriorFiscalYear) -> Interest earned in the Classroom Site Fund in FY 2024 | C34: 13. | D34: 44882
A35: =_xlfn.CONCAT("FY ",Cover!E3," Classroom Site Fund allocation (provided by ADE, based on $792)") -> FY 2025 Classroom Site Fund allocation (provided by ADE, based on $792) | C35: 14. | D35: =4494*792 -> 3559248
A36: =_xlfn.CONCAT("Adjustments to FY ",Cover!E3," Classroom Site Fund Budget Limit (1)") -> Adjustments to FY 2025 Classroom Site Fund Budget Limit (1) | C36: 15. | D36: 0
A38: =_xlfn.CONCAT("FY ",Cover!E3," Classroom Site Fund Budget Limit (Sum of lines 10 through 15) (2)") -> FY 2025 Classroom Site Fund Budget Limit (Sum of lines 10 through 15) (2) | C38: 16. | D38: =SUM(D33:D36) -> 4188135
A40: (1) This line may be used to recapture lost CSF budget capacity that resulted from underbudgeting in prior fiscal years.
A41: (2) The amounts budgeted on line 7 cannot exceed the respective amounts on this line.

Sheet Page 4
A1: District name | B1: =DistrictName -> Prescott Unified | G1: County | H1: =Cover!H1 -> Yavapai | K1: CTD number | L1: =Cover!S1 -> 130201000 | M1: Version | N1: =Cover!C8 -> Adopted
A3: Fund 610 (UCO) | D3: Unrestricted Capital Outlay (UCO) Fund
D4: Rentals | E4: Library books, textbooks, | F4: Short-term noninstructional software subscription | G4: Property (2) | H4: Redemption of principal (3) | I4: Interest (4) | K4: Totals
E5: & instructional | J5: All other | K5: Prior | L5: Budget | M5: %
A6: Expenditures | E6: aids (2) | J6: object codes | K6: FY | L6: FY | M6: Increase/
D7: 6440 | E7: 6641-6643 | F7: 6655 | G7: 6700 | H7: 6831, 6832, 6833 | I7: 6841, 6842, 6843, 6850 | J7: (excluding 6900) | K7: =PriorFiscalYear -> 2024 | L7: =Cover!E3 -> 2025 | M7: Decrease
A8: Unrestricted Capital Outlay Override (1) | C8: 1. | D8: 0 | E8: 0 | F8: 0 | G8: 0 | H8: 0 | I8: 0 | J8: 0 | K8: =[1]!F610Override -> 0 | L8: =SUM(D8:J8) -> 0 | M8: =IF(K8=L8,0,IF(K8>0,(L8-K8)/K8,"")) -> 0 | N8: 1.
A9: Unrestricted Capital Outlay Fund 610 (6)
A10: 1000 Instruction | C10: 2. | D10: 0 | E10: 500000 | G10: =450000-35000 -> 415000 | J10: 0 | K10: =[1]!F610F1000 -> 1150000 | L10: =SUM(D10:J10) -> 915000 | M10: =IF(K10=L10,0,IF(K10>0,(L10-K10)/K10,"")) -> -0.204 | N10: 2.
A11: 2000 Support services
A12: 2100, 2200 Students and instructional staff | C12: 3. | D12: 0 | E12: 50000 | F12: 300000 | G12: 100000 | J12: 0 | K12: =[1]!F610F21002200 -> 450000 | L12: =SUM(D12:J12) -> 450000 | M12: =IF(K12=L12,0,IF(K12>0,(L12-K12)/K12,"")) -> 0 | N12: 3.
A13: 2300, 2400, 2500, 2900 Administration | C13: 4. | D13: 0 | F13: 40000 | G13: 100000 | I13: 0 | J13: 0 | K13: =[1]!F610F2300240025002900 -> 135000 | L13: =SUM(D13:J13) -> 140000 | M13: =IF(K13=L13,0,IF(K13>0,(L13-K13)/K13,"")) -> 0.037 | N13: 4.
A14: 2600 Operation & maintenance of plant | C14: 5. | D14: 0 | F14: 40000 | G14: 350000 | J14: 0 | K14: =[1]!F610F2600 -> 425000 | L14: =SUM(D14:J14) -> 390000 | M14: =IF(K14=L14,0,IF(K14>0,(L14-K14)/K14,"")) -> -0.082 | N14: 5.
A15: 2700 Student transportation | C15: 6. | D15: 0 | F15: 20000 | G15: 20000 | J15: 0 | K15: =[1]!F610F2700 -> 265000 | L15: =SUM(D15:J15) -> 40000 | M15: =IF(K15=L15,0,IF(K15>0,(L15-K15)/K15,"")) -> -0.849 | N15: 6.
A16: 3000 Operation of noninstructional services (5) | C16: 7. | D16: 0 | F16: 0 | J16: 0 | K16: =[1]!F610F3000 -> 0 | L16: =SUM(D16:J16) -> 0 | M16: =IF(K16=L16,0,IF(K16>0,(L16-K16)/K16,"")) -> 0 | N16: 7.
A17: 4000 Facilities acquisition and construction | C17: 8. | D17: 0 | F17: 0 | G17: 300000 | J17: 0 | K17: =[1]!F610F4000 -> 470442 | L17: =SUM(D17:J17) -> 300000 | M17: =IF(K17=L17,0,IF(K17>0,(L17-K17)/K17,"")) -> -0.362 | N17: 8.
A18: 5000 Debt service | C18: 9. | H18: 214329 | I18: 0 | K18: =[1]!F610F5000 -> 270000 | L18: =SUM(D18:J18) -> 214329 | M18: =IF(K18=L18,0,IF(K18>0,(L18-K18)/K18,"")) -> -0.206 | N18: 9.
A19: Total unrestricted capital outlay fund (lines 2-9) | C19: 10. | D19: =D10+SUM(D12:D18) -> 0 | E19: =E10+SUM(E12:E18) -> 550000 | F19: =F10+SUM(F12:F18) -> 400000 | G19: =G10+SUM(G12:G18) -> 1285000 | H19: =H10+SUM(H12:H18) -> 214329 | I19: =I10+SUM(I12:I18) -> 0 | J19: =J10+SUM(J12:J18) -> 0 | K19: =SUM(K10:K18) -> 3165442 | L19: =SUM(L10:L18) -> 2449329 | M19: =IF(K19=L19,0,IF(K19>0,(L19-K19)/K19,"")) -> -0.226 | N19: 10.
F21: =IF(ROUND('Page 4'!L19,0)<ROUND('Page 8'!K32,0),CONCATENATE("The district has budgeted an amount in the UCO Fund which is less than the Unrestricted Capital Budget Limit as calculated on Page 8 of 8 by ",TEXT('Page 8'!K32-'Page 4'!L19,"$#,###"),"."),IF(ROUND('Page 4'!L19,0)>ROUND('Page 8'!K32,0),CONCATENATE("The district has budgeted greater in the UCO Fund than the Unrestricted Capital Budget Limit as calculated on Page 8 of 8 by ",TEXT(-'Page 8'!K32+'Page 4'!L19,"$#,###"),"."),IF(ROUND('Page 4'!L19,0)=ROUND('Page 8'!K32,0),CONCATENATE("The district has budgeted an amount in the UCO Fund equal to the Unrestricted Capital Budget Limit as calculated on Page 8 of 8.")))) -> The district has budgeted an amount in the UCO Fund equal to the Unrestricted Capital Budget Limit as calculated on Page 8 of 8.
A23: (1) Amounts in the Unrestricted Capital Outlay Override line 1 above must be included in the appropriate individual line items for Fund 610 and in the budget year total column. | E23: (5) | F23: Expenditures budgeted in Unrestricted Capital Outlay (UCO) Fund for food service
F25: Enter the amount budgeted in UCO for food service [amount will be used to determine district
F26: compliance with state matching requirements pursuant to CFR Title 7, §210.17(a)] | K26: 0
A27: (2) Detail by object code:
B28: Unrestricted Capital Outlay
A30: 6641 Library Books | B30: 0 | E30: (6) | F30: Expenditures, if any, budgeted in the Unrestricted Capital Outlay Fund on lines 2-9 for the K-3 Reading Program as described in A.R.S. §15-211.
A31: 6642 Textbooks | B31: 500000 | K31: 0
A32: 6643 Instructional Aids | B32: 150000
A33: 673X Furniture and Equipment | B33: 400000
A34: 673X Vehicles | B34: 100000
A35: 673X Tech Hardware & Software | B35: 450000
A37: (3) Includes principal on Capital Equity Fund loans of | D37: 0 | E37: , principal on leases of | G37: 0 | H37: , and principal on bonds of | J37: 0 | K37: .
A39: (4) Includes interest on Capital Equity Fund loans of | D39: 0 | E39: , interest on leases of | G39: 0 | H39: , and interest on bonds of | J39: 0 | K39: .

Sheet Page 5
A1: District name | B1: =DistrictName -> Prescott Unified | G1: County | H1: =Cover!H1 -> Yavapai | J1: CTD number | K1: =Cover!S1 -> 130201000 | M1: Version | N1: =Cover!C8 -> Adopted
A3: Other funds—required capital expenditure detail [(A.R.S. §15-904.(B)]
D5: Unrestricted Capital Outlay | F5: Bond Building | H5: New School Facilities | J5: Adjacent Ways
A6: Expenditures | D6: Fund 610 | F6: Fund 630 | H6: Fund 695 | J6: Fund 620 (2)
D7: Prior FY | E7: Budget FY | F7: Prior FY | G7: Budget FY | H7: Prior FY | I7: Budget FY | J7: Prior FY | K7: Budget FY
A8: Total Fund Expenditures | C8: 1. | D8: =F610TotalCurrFY -> 3165442 | E8: =F610TotalBudgFY -> 2449329 | F8: =[1]!F630TotalBudgFY -> 0 | G8: =[1]!F695BudgFYO6150 -> 0 | H8: =[1]!F695TotalBudgFY -> 0 | I8: =[1]!F695BudgFYO6150 -> 0 | J8: =[1]!F620TotalBudgFY -> 42000 | K8: 42000 | L8: 1.
A9: Select Object Codes Detail (1)
A10: 6150 Classified Salaries | C10: 2. | D10: =[1]!F610BudgFYO6150 -> 0 | E10: 0 | F10: =[1]!F630BudgFYO6150 -> 0 | G10: =[1]!F695BudgFYO6150 -> 0 | H10: =[1]!F695BudgFYO6150 -> 0 | I10: =[1]!F695BudgFYO6150 -> 0 | J10: =[1]!F620BudgFYO6150 -> 0 | K10: =[1]!F695BudgFYO6150 -> 0 | L10: 2.
A11: 6200 Employee Benefits | C11: 3. | D11: =[1]!F610BudgFYO6200 -> 0 | E11: 0 | F11: =[1]!F630BudgFYO6200 -> 0 | G11: =[1]!F695BudgFYO6150 -> 0 | H11: =[1]!F695BudgFYO6200 -> 0 | I11: =[1]!F695BudgFYO6150 -> 0 | J11: =[1]!F620BudgFYO6200 -> 0 | K11: =[1]!F695BudgFYO6150 -> 0 | L11: 3.
A12: 6450 Construction Services | C12: 4. | D12: =[1]!F610BudgFYO6450 -> 300000 | E12: 300000 | F12: =[1]!F630BudgFYO6450 -> 0 | G12: =[1]!F695BudgFYO6150 -> 0 | H12: =[1]!F695BudgFYO6450 -> 0 | I12: =[1]!F695BudgFYO6150 -> 0 | J12: =[1]!F620BudgFYO6450 -> 0 | K12: =[1]!F695BudgFYO6150 -> 0 | L12: 4.
A13: 6710 Land and Improvements | C13: 5. | D13: =[1]!F610BudgFYO6710 -> 0 | E13: 0 | F13: =[1]!F630BudgFYO6710 -> 0 | G13: =[1]!F695BudgFYO6150 -> 0 | H13: =[1]!F695BudgFYO6710 -> 0 | I13: =[1]!F695BudgFYO6150 -> 0 | J13: =[1]!F620BudgFYO6710 -> 0 | K13: =[1]!F695BudgFYO6150 -> 0 | L13: 5.
A14: 6720 Buildings and Improvements | C14: 6. | D14: =[1]!F610BudgFYO6720 -> 0 | E14: 0 | F14: =[1]!F630BudgFYO6720 -> 0 | G14: =[1]!F695BudgFYO6150 -> 0 | H14: =[1]!F695BudgFYO6720 -> 0 | I14: =[1]!F695BudgFYO6150 -> 0 | J14: =[1]!F620BudgFYO6720 -> 0 | K14: =[1]!F695BudgFYO6150 -> 0 | L14: 6.
A15: 673X Furniture and Equipment | C15: 7. | D15: =[1]!F610BudgFYO6731 -> 435000 | E15: =F610O6731 -> 400000 | F15: =[1]!F630BudgFYO6731 -> 0 | G15: =[1]!F695BudgFYO6150 -> 0 | H15: =[1]!F695BudgFYO6731 -> 0 | I15: =[1]!F695BudgFYO6150 -> 0 | J15: =[1]!F620BudgFYO6731 -> 0 | K15: =[1]!F695BudgFYO6150 -> 0 | L15: 7.
A16: 673X Vehicles | C16: 8. | D16: =[1]!F610BudgFYO6734 -> 100000 | E16: =F610O6734 -> 100000 | F16: =[1]!F630BudgFYO6734 -> 0 | G16: =[1]!F695BudgFYO6150 -> 0 | H16: =[1]!F695BudgFYO6734 -> 0 | I16: =[1]!F695BudgFYO6150 -> 0 | J16: =[1]!F620BudgFYO6734 -> 0 | K16: =[1]!F695BudgFYO6150 -> 0 | L16: 8.
A17: 673X Technology Hardware & Software | C17: 9. | D17: =[1]!F610BudgFYO6737 -> 300000 | E17: =F610O6737 -> 450000 | F17: =[1]!F630BudgFYO6737 -> 0 | G17: =[1]!F695BudgFYO6150 -> 0 | H17: =[1]!F695BudgFYO6737 -> 0 | I17: =[1]!F695BudgFYO6150 -> 0 | J17: =[1]!F620BudgFYO6737 -> 0 | K17: =[1]!F695BudgFYO6150 -> 0 | L17: 9.
A18: 6831, 6832, 6833 Redemption of Principal | C18: 10. | D18: =[1]!F610BudgFYO6831 -> 270000 | E18: 145000 | F18: =[1]!F630BudgFYO6831 -> 0 | G18: =[1]!F695BudgFYO6150 -> 0 | H18: =[1]!F695BudgFYO6831 -> 0 | I18: =[1]!F695BudgFYO6150 -> 0 | J18: =[1]!F620BudgFYO6831 -> 0 | K18: =[1]!F695BudgFYO6150 -> 0 | L18: 10.
A19: 6841, 6842, 6843, 6850, 6860 Interest and Debt-Issuance Costs | C19: 11. | D19: =[1]!F610BudgFYO6841 -> 0 | E19: 0 | F19: =[1]!F630BudgFYO6841 -> 0 | G19: =[1]!F695BudgFYO6150 -> 0 | H19: =[1]!F695BudgFYO6841 -> 0 | I19: =[1]!F695BudgFYO6150 -> 0 | J19: =[1]!F620BudgFYO6841 -> 0 | K19: =[1]!F695BudgFYO6150 -> 0 | L19: 11.
A20: Total (lines 2-11) | C20: 12. | D20: =SUM(D10:D19) -> 1405000 | E20: =SUM(E10:E19) -> 1395000 | F20: =SUM(F10:F19) -> 0 | G20: =SUM(G10:G19) -> 0 | H20: =SUM(H10:H19) -> 0 | I20: =SUM(I10:I19) -> 0 | J20: =SUM(J10:J19) -> 0 | K20: =SUM(K10:K19) -> 0 | L20: 12.
A21: Total amounts reported on lines 2-11 above for:
A22: Renovation | C22: 13. | D22: =[1]!F610BudgFYRenovation -> 435000 | E22: 300000 | F22: =[1]!F630BudgFYRenovation -> 0 | G22: =[1]!F630BudgFYO6737 -> 0 | J22: =[1]!F620BudgFYRenovation -> 0 | K22: =[1]!F630BudgFYO6737 -> 0 | L22: 13.
A23: New Construction | C23: 14. | D23: =[1]!F610BudgFYNewConstruction -> 0 | E23: 0 | F23: =[1]!F630BudgFYNewConstruction -> 0 | G23: =[1]!F630BudgFYO6737 -> 0 | H23: =[1]!F695BudgFYNewConstruction -> 0 | I23: =[1]!F630BudgFYO6737 -> 0 | J23: =[1]!F620BudgFYNewConstruction -> 0 | K23: =[1]!F630BudgFYO6737 -> 0 | L23: 14.
A24: Other | C24: 15. | D24: =[1]!F610BudgFYOther -> 970000 | E24: 1095000 | F24: =[1]!F630BudgFYOther -> 0 | G24: =[1]!F630BudgFYO6737 -> 0 | H24: =[1]!F695BudgFYOther -> 0 | I24: =[1]!F630BudgFYO6737 -> 0 | J24: =[1]!F620BudgFYOther -> 0 | K24: =[1]!F630BudgFYO6737 -> 0 | L24: 15.
A25: Total (lines 13-15, must equal line 12) | C25: 16. | D25: =SUM(D22:D24) -> 1405000 | E25: =SUM(E22:E24) -> 1395000 | F25: =SUM(F22:F24) -> 0 | G25: =SUM(G22:G24) -> 0 | H25: =SUM(H23:H24) -> 0 | I25: =SUM(I23:I24) -> 0 | J25: =SUM(J22:J24) -> 0 | K25: =SUM(K22:K24) -> 0 | L25: 16.
E26: =IF(SUM(E22:E24)=E20,"","Check line 12") | G26: =IF(SUM(G22:G24)=G20,"","Check line 12") | I26: =IF(SUM(I23:I24)=I20,"","Check line 12") | K26: =IF(SUM(K22:K24)=K20,"","Check line 12")
A27: (1) Lines 2-11 may not include all budgeted expenditures of the fund. Total budgeted expenditures for each fund should be included on Line 1.
A28: =_xlfn.CONCAT("(2) Amount budgeted on line 1 for the Adjacent Ways Fund that will result in a tax levy in FY ",Cover!E3) -> (2) Amount budgeted on line 1 for the Adjacent Ways Fund that will result in a tax levy in FY 2025
A29: =IF((E28>0),"Districts that are levying any amount for adjacent ways must fill in the Truth in Taxation Worksheet and follow the requirements of A.R.S. Sec. 15-905.01. The amount reported in footnote 2 above pulls to the Truth in Taxation Worksheet, Line 12.","")

Sheet Page 6
C1: District name | D1: =DistrictName -> Prescott Unified | I1: County | J1: =Cover!H1 -> Yavapai | O1: CTD number | P1: =Cover!S1 -> 130201000 | S1: Version | T1: =Cover!C8 -> Adopted
B3: Special projects | M3: Other funds expenditures
S4: Prior FY | T4: Budget FY
F5: FTE | I5: Total all functions | M5: 1. | O5: 050 County, City, and Town Grants | S5: =[1]!F050BudgFY -> 6600 | T5: 6814 | U5: 1.
A6: Federal projects FTE & expenditures | F6: Prior FY | G6: Budget FY | I6: Prior FY | J6: Budget FY | M6: 2. | O6: 071 English Language Learner (1) | S6: =F071CurrFY -> 25100 | T6: =F071BudgFY -> 16453 | U6: 2.
A7: 1. | C7: 100-130 ESEA Title I - Helping Disadvantaged Children | F7: =[1]!F100130Personnel -> 11.37 | G7: 11.37 | I7: =[1]!F100130BudgFY -> 783863 | J7: 617994 | K7: 1. | M7: 3. | O7: 072 Compensatory Instruction (1) | S7: =F072CurrFY -> 0 | T7: =F072BudgFY -> 0 | U7: 3.
A8: 2. | C8: 140-150 ESEA Title II - Prof. Dev. and Technology | F8: =[1]!F140150Personnel -> 0.9 | G8: 0.9 | I8: =[1]!F140150BudgFY -> 191780 | J8: 192883 | K8: 2. | M8: 4. | O8: 500 School Plant (2) | S8: =[1]!F500BudgFY -> 1700000 | T8: 1383381 | U8: 4.
A9: 3. | C9: 160 ESEA Title IV - 21st Century Schools | F9: =[1]!F160Personnel -> 0.68 | G9: 0.68 | I9: =[1]!F160BudgFY -> 193000 | J9: 440000 | K9: 3. | M9: 5. | O9: 510 Food Service | S9: =[1]!F510BudgFY -> 2000000 | T9: 1500000 | U9: 5.
A10: 4. | C10: 170-180 ESEA Title V - Promote Informed Parent Choice | F10: =[1]!F170180Personnel -> 0 | G10: 0 | I10: =[1]!F170180BudgFY -> 0 | J10: 0 | K10: 4. | M10: 6. | O10: 515 Civic Center | S10: =[1]!F515BudgFY -> 400000 | T10: 275000 | U10: 6.
A11: 5. | C11: 190 ESEA Title III - Limited Eng. & Immigrant Students | F11: =[1]!F190Personnel -> 0.46 | G11: 0.46 | I11: =[1]!F190BudgFY -> 19000 | J11: 15035 | K11: 5. | M11: 7. | O11: 520 Community School | S11: =[1]!F520BudgFY -> 0 | U11: 7.
A12: 6. | C12: 200 ESEA Title VII - Indian Education | F12: =[1]!F200Personnel -> 0.2 | G12: 0.2 | I12: =[1]!F200BudgFY -> 14300 | J12: 14000 | K12: 6. | M12: 8. | O12: 525 Auxiliary Operations | S12: =[1]!F525BudgFY -> 1250000 | T12: 1488107 | U12: 8.
A13: 7. | C13: 210 ESEA Title VI - Flexibility and Accountability | F13: =[1]!F210Personnel -> 0 | G13: 0 | I13: =[1]!F210BudgFY -> 0 | K13: 7. | M13: 9. | O13: 526 Extracurricular Activities Fees Tax Credit | S13: =[1]!F526BudgFY -> 1300000 | T13: 1250346 | U13: 9.
A14: 8. | C14: 220 IDEA Part B | F14: =[1]!F220Personnel -> 16.02 | G14: 16.02 | I14: =[1]!F220BudgFY -> 1186341 | J14: 1112503 | K14: 8. | M14: 10. | O14: 530 Gifts and Donations | S14: =[1]!F530BudgFY -> 1350000 | T14: 1496229 | U14: 10.
A15: 9. | C15: 230 Johnson-O'Malley | F15: =[1]!F230Personnel -> 0.14 | G15: 0.14 | I15: =[1]!F230BudgFY -> 19000 | J15: 23624 | K15: 9. | M15: 11. | O15: 535 Career & Technical Education Projects | S15: =[1]!F535BudgFY -> 0 | T15: 0 | U15: 11.
A16: 10. | C16: 240 Workforce Investment Act | F16: =[1]!F240Personnel -> 0 | G16: 0 | I16: =[1]!F240BudgFY -> 0 | K16: 10. | M16: 12. | O16: 540 Fingerprint | S16: =[1]!F540BudgFY -> 20 | T16: 20 | U16: 12.
A17: 11. | C17: 250 AEA - Adult Education | F17: =[1]!F250Personnel -> 0 | G17: 0 | I17: =[1]!F250BudgFY -> 0 | K17: 11. | M17: 13. | O17: 545 School Opening | S17: =[1]!F545BudgFY -> 0 | T17: 0 | U17: 13.
A18: 12. | C18: 260-270 Vocational Education - Basic Grants | F18: =[1]!F260270Personnel -> 0.5 | G18: 0.5 | I18: =[1]!F260270BudgFY -> 165000 | J18: 60000 | K18: 12. | M18: 14. | O18: 550 Insurance Proceeds | S18: =[1]!F550BudgFY -> 134000 | T18: 138213 | U18: 14.
A19: 13. | C19: 280 ESEA Title X - Homeless Education | F19: =[1]!F280Personnel -> 0.23 | G19: 0.23 | I19: =[1]!F280BudgFY -> 67000 | J19: 60000 | K19: 13. | M19: 15. | O19: 555 Textbooks | S19: =[1]!F555BudgFY -> 40 | T19: 40 | U19: 15.
A20: 14. | C20: 290 Medicaid Reimbursement | F20: =[1]!F290Personnel -> 0 | G20: 0 | I20: =[1]!F290BudgFY -> 731644 | J20: 700000 | K20: 14. | M20: 16. | O20: 565 Litigation Recovery | S20: =[1]!F565BudgFY -> 0 | T20: 0 | U20: 16.
A21: 15. | C21: 349 National Forest Fees | G21: 1 | J21: 580000 | K21: 15. | M21: 17. | O21: 570 Indirect Costs | S21: =[1]!F570BudgFY -> 650000 | T21: 680264 | U21: 17.
A22: 16. | C22: 353 Taylor Grazing Fees | G22: 0 | J22: 0 | K22: 16. | M22: 18. | O22: 575 Unemployment Insurance | S22: =[1]!F575BudgFY -> 0 | T22: 0 | U22: 18.
A23: 17. | C23: 374 E-Rate | F23: =[1]!F374Personnel -> 0 | G23: 0 | I23: =[1]!F374BudgFY -> 14300 | J23: 14500 | K23: 17. | M23: 19. | O23: 580 Teacherage | S23: =[1]!F580BudgFY -> 0 | T23: 0 | U23: 19.
A24: 18. | C24: 378 Impact Aid | F24: =[1]!F378Personnel -> 0 | G24: 0 | I24: =[1]!F378BudgFY -> 0 | J24: 0 | K24: 18. | M24: 20. | O24: 585 Insurance Refund | S24: =[1]!F585BudgFY -> 0 | T24: 0 | U24: 20.
A25: 19. | C25: 300-399 Other Federal Projects | F25: =[1]!F300399OtherPersonnel -> 17.85 | G25: 0 | I25: =[1]!F300399OtherBudgFY -> 3527174 | J25: 850000 | K25: 19. | M25: 21. | O25: 590 Grants and Gifts to Teachers | S25: =[1]!F590BudgFY -> 12000 | T25: 11740 | U25: 21.
A26: 20. | C26: 699 Federal Impact Aid (Construction) | G26: 0 | K26: 20. | M26: 22. | O26: 595 Advertisement | S26: =[1]!F595BudgFY -> 0 | T26: 0 | U26: 22.
A27: 21. | C27: Total Federal Project Funds (lines 1-20) | F27: =SUM(F7:F25) -> 48.35 | G27: =SUM(G7:H25) -> 32 | I27: =SUM(I7:I25) -> 6912402 | J27: =SUM(J7:J25) -> 4680539 | K27: 21. | M27: 23. | O27: 596 Career Technical Education | S27: =[1]!F596BudgFY -> 750000 | T27: 855901 | U27: 23.
A28: State projects FTE & expenditures | M28: 24. | O28: 597 Arizona Industry Credentials Incentive | S28: =[1]!F597BudgFY -> 0 | T28: 0 | U28: 24
A29: 22. | C29: 400 Vocational Education | F29: =[1]!F400Personnel -> 0.11 | G29: 0.11 | I29: =[1]!F400BudgFY -> 20000 | J29: 12000 | K29: 22. | M29: 25. | O29: 639 Impact Aid Revenue Bond Building | S29: =[1]!F639BudgFY -> 0 | T29: 0 | U29: 25.
A30: 23. | C30: 410 Early Childhood Block Grant | F30: =[1]!F410Personnel -> 0 | G30: 0 | I30: =[1]!F410BudgFY -> 0 | J30: 0 | K30: 23. | M30: 26. | O30: 650 Gifts and Donations-Capital | S30: =[1]!F650BudgFY -> 0 | T30: 0 | U30: 26.
A31: 24. | C31: 420 Ext. School Yr. - Pupils with Disabilities | F31: =[1]!F420Personnel -> 0 | G31: 0 | I31: =[1]!F420BudgFY -> 0 | J31: 0 | K31: 24. | M31: 27. | O31: 660 Condemnation | S31: =[1]!F660BudgFY -> 0 | T31: 0 | U31: 27.
A32: 25. | C32: 425 Adult Basic Education | F32: =[1]!F425Personnel -> 0 | G32: 0 | I32: =[1]!F425BudgFY -> 0 | J32: 0 | K32: 25. | M32: 28. | O32: 665 Energy and Water Savings | S32: =[1]!F665BudgFY -> 17500 | T32: 17983 | U32: 28.
A33: 26. | C33: 430 Chemical Abuse Prevention Programs | F33: =[1]!F430Personnel -> 0 | G33: 0 | I33: =[1]!F430BudgFY -> 0 | J33: 0 | K33: 26. | M33: 29. | O33: 686 Emergency Deficiencies Correction | S33: =[1]!F686BudgFY -> 0 | T33: 0 | U33: 29.
A34: 27. | C34: 435 Academic Contests | F34: =[1]!F435Personnel -> 0 | G34: 0 | I34: =[1]!F435BudgFY -> 0 | J34: 0 | K34: 27. | M34: 30. | O34: 691 Building Renewal Grant | S34: =[1]!F691BudgFY -> 9500000 | T34: 12000000 | U34: 30.
A35: 28. | C35: 450 Gifted Education | F35: =[1]!F450Personnel -> 0 | G35: 0 | I35: =[1]!F450BudgFY -> 0 | J35: 0 | K35: 28. | M35: 31. | O35: 700 Debt Service | S35: =[1]!F700BudgFY -> 1300000 | T35: 1300000 | U35: 31.
A36: 29. | C36: 456 College Credit Exam Incentives | F36: {=[1]!F456Personnel} -> 0 | G36: 0 | I36: {=[1]!F456BudgFY} -> 60000 | J36: 60000 | K36: 29. | M36: 32. | O36: 720 Impact Aid Revenue Bond Debt Service | S36: =[1]!F720BudgFY -> 0 | T36: 0 | U36: 32.
A37: 30. | C37: 460 Environmental Special Plate | F37: =[1]!F460Personnel -> 0 | G37: 0 | I37: =[1]!F460BudgFY -> 0 | J37: 0 | K37: 30. | M37: 33. | O37: 850 Student Activities | S37: =[1]!F850BudgFY -> 200000 | T37: 163881 | U37: 33.
A38: 31. | C38: Other State Projects | F38: =[1]!F465499Personnel -> 11.56 | G38: 11 | I38: =[1]!F465499BudgFY -> 770000 | J38: 600000 | K38: 31. | M38: 34. | O38: Other __533, 855________________________________ | S38: =[1]!OtherFundsBudgFY -> 25000 | T38: 24165 | U38: 34.
A39: 32. | C39: Total State Project Funds (lines 22-31) | F39: =SUM(F29:F38) -> 11.67 | G39: =SUM(G29:H38) -> 11 | I39: =SUM(I29:I38) -> 850000 | J39: =SUM(J29:J38) -> 672000 | K39: 32. | O39: Internal Service Funds 950-989
A40: 33. | C40: Total Special Projects (lines 21 and 32) | F40: =F27+F39 -> 60.02 | G40: =G27+G39 -> 43 | I40: =I27+I39 -> 7762402 | J40: =J27+J39 -> 5352539 | K40: 33. | M40: 1. | O40: 9___ Self-Insurance | S40: =[1]!F9__SelfInsBudgFY -> 0 | T40: 0 | U40: 1.
M41: 2. | O41: 955 Intergovernmental Agreements | S41: =[1]!F955BudgFY -> 100000 | T41: 90605 | U41: 2.
A42: Instructional Improvement Fund Expenditures (020) | I42: Prior FY | J42: Budget FY | M42: 3. | O42: 9__ OPEB | S42: =[1]!F9__OPEBBudgFY -> 0 | T42: 0 | U42: 3.
A43: 1. | C43: Teacher compensation increases | I43: =[1]!F020TeachCompIncrBudgFY -> 0 | J43: 0 | K43: 1. | M43: 4. | O43: 9___ _900___________________ | S43: =[1]!F9__OtherBudgFY -> 15000 | T43: 38447 | U43: 4.
A44: 2. | C44: Class size reduction | I44: =[1]!F020ClassSizeRedBudgFY -> 250000 | J44: 250000 | K44: 2.
A45: 3. | C45: Dropout prevention programs (M&O purposes) | I45: =[1]!F020DropPrevProgBudgFY -> 0 | J45: 0 | K45: 3.
A46: 4. | C46: Instructional improvement programs (M&O purposes) | I46: =[1]!F020InstrImprProgBudgFY -> 0 | J46: 0 | K46: 4. | M46: (1) | N46: From Supplement, line 10 and line 20, respectively.
A47: 5. | C47: Total instructional improvement Fund (lines 1-4) | I47: =SUM(I43:I46) -> 250000 | J47: =SUM(J43:J46) -> 250000 | K47: 5. | M47: (2) | N47: Indicate amount budgeted in Fund 500 for M&O purposes | S47: 0

Sheet Page 7
C1: District name | D1: =DistrictName -> Prescott Unified | F1: County | G1: =Cover!H1 -> Yavapai | L1: CTD number | M1: =Cover!S1 -> 130201000
L2: Version | M2: =Cover!C8 -> Adopted
A3: =_xlfn.CONCAT("Calculation of FY ",Cover!E3," General Budget Limit") -> Calculation of FY 2025 General Budget Limit
A4: (A.R.S. §15-947.C)
J6: A. | M6: B.
J7: Maintenance | M7: Unrestricted
J8: and Operation | M8: Capital Outlay
A9: *1. | B9: =_xlfn.CONCAT("FY ",Cover!E3," Revenue Control Limit (RCL) ") -> FY 2025 Revenue Control Limit (RCL) | N9: =IF((H10-J10)>=0,"","The RCL amount allocated to the M and O Fund exceeds the calculated RCL amount.")
B10: (from BSA55 tab, page 3; includes FRPL and DAA onetime supplements) | G10: $ | H10: =RCL -> 27481466 | I10: $ | J10: 27481466 | L10: $ | M10: =IF((H10-J10)<0,"Error",H10-J10) -> 0
A14: *2. | B14: (a) | C14: =_xlfn.CONCAT("FY ",Cover!E3," District Additional Assistance (DAA) (from BSA55 tab, page 4)") -> FY 2025 District Additional Assistance (DAA) (from BSA55 tab, page 4) | G14: $ | H14: =PreAdjDAA -> 2181294
B15: (b) | C15: DAA Adjustment (from BSA55 tab, page 4) | G15: $ | H15: =TotalDAAAdj -> 0 | N15: =IF((H17-J17)>=0,"","The DAA amount allocated to the M and O Fund exceeds the calculated DAA amount.")
B17: (c) | C17: Total DAA (line 2.a plus 2.b) | G17: $ | H17: =H14+H15 -> 2181294 | J17: 732455 | M17: =IF((H17-J17)<0,"Error",H17-J17) -> 1448839
A18: *3. | B18: =_xlfn.CONCAT("FY ",Cover!E3," Override Authorization (A.R.S. Sections 15-481 and 15-482 or 15-949 if small school adjustment phase down applies, see Calculations page, ",AA18) -> FY 2025 Override Authorization (A.R.S. Sections 15-481 and 15-482 or 15-949 if small school adjustment phase down applies, see Calculations page, Calculation of Maximum Override for a District No Longer Eligible for a Small School Adjustment, line 6 and Calculation of Small School Adjustment Phase Down Limit, line 6) | AA18: Calculation of Maximum Override for a District No Longer Eligible for a Small School Adjustment, line 6 and Calculation of Small School Adjustment Phase Down Limit, line 6)
B19: (a) | C19: Maintenance and Operation
B20: (b) | C20: Unrestricted Capital Outlay
B21: (c) | C21: Special Program
A22: *4. | B22: Small school adjustment for districts with a student count of 125 or less in K-8 or 100 or less in 9-12 (A.R.S. §15-949) (Up to $50,000 if no election is chosen for phase down, see Calculations page, calculation of small school adjustment phase down limit, line 6) | O22: =IF(AND('Data Entry'!J22>0,OR(AND(UnweightedStudCntK8PY>0,UnweightedStudCntK8PY<=125),AND(UnweightedStudCnt912PY>0,UnweightedStudCnt912PY<=100)),(AND(SSA_MO=0,SSA_UCO=0))),_xlfn.CONCAT("Reported FY ",TwoYearsPrior," ADM for K-8 and/or 9-12 is eligible for a small school adjustment. Amounts cannot be added or increased on line 4 after budget adoption."),"")
A24: *5. | B24: Tuition revenue (A.R.S. §§15-823 and 15-824)
B25: (Do not include full-day kindergarten or summer school tuition)
B26: (a) | C26: Individuals and other private sources | J26: 35000
B27: (b) | C27: Other Arizona districts | J27: 189952
B28: (c) | C28: Out-of-State districts and other governments
B29: (d) | C29: Certificates of educational convenience (A.R.S. §§15-825, 15-825.01, and 15-825.02)
A30: *6. | B30: State Assistance (A.R.S. §15-976) and Special Ed. Voucher Payments Received (A.R.S. §15-1204)
A31: *7. | B31: Increase Authorized by County School Superintendent for Accommodation Schools
B32: [not to exceed amount on Calculations page, Calculation of M&O Fund Budget Balance Carryforward, line 15(e)] (A.R.S. §15-974.B)
A33: 8. | B33: Budget Increase for:
B34: (a) | C34: Desegregation expenditures (A.R.S. §15-910.G-K)
A35: * | B35: (b) | C35: Budget Balance Carryforward (from Calculations page, Calculation of M&O Fund Budget Balance Carryforward, line 13) (A.R.S. §15-943.01) | J35: =Calculations!R104 -> 4000000
B36: (c) | C36: Dropout prevention programs (Laws 1992, Ch. 305, §32 and Laws 2000, Ch. 398, §2)
B37: (d) | C37: Registered warrant or tax anticipation note interest expense incurred in | N37: =IF(AND(OR(J38>0,M38>0),T37<>"X"),_xlfn.CONCAT("Districts with amounts on this line should have a FY ",TwoYearsPrior," Request Letter on file with ADE. Use the check box in T39 after verifying that ADE has the letter."),"")
C38: =_xlfn.CONCAT("FY ",TwoYearsPrior," (A.R.S. Section 15-910.M, as amended by Laws 2022, Ch. 285, §3)") -> FY 2023 (A.R.S. Section 15-910.M, as amended by Laws 2022, Ch. 285, §3)
A39: * | B39: (e) | C39: Joint Career and Technical Education and Vocational Education Center (A.R.S. §15-910.01)
A40: * | B40: (f) | C40: =_xlfn.CONCAT("FY ",PriorFiscalYear," Performance pay unexpended budget carryforward (from Calculation page,") -> FY 2024 Performance pay unexpended budget carryforward (from Calculation page,
C41: Calculation of M&O Fund Budget Balance Carryforward, line 10.f) (A.R.S. §15-920) | J41: =Calculations!R100 -> 0
B42: (g) | C42: Excessive property tax assessed valuation judgments (A.R.S. §§42-16213 and 42-16214)
A43: * | B43: (h) | C43: Transportation revenues for attendance of nonresident pupils (A.R.S. §§15-923 and 15-947)
A44: *9. | B44: Adjustment to the General Budget Limit (A.R.S. §§15-272, 15-905.M, 15-910.02, and 15-915) Include year(s) and descriptions, as applicable.
B45: (a) | C45: Prior year over expenditures/resolutions:
B47: (b) | C47: Decrease for transfer from M&O to Energy and Water Savings Fund
B48: (c) | C48: Increase for Energy and Water Savings Fund transfer to M&O
B50: (d) | C50: Noncompliance adjustment
B51: (e) | C51: ADM/Transportation Audit Adjustment
B52: (f) | C52: Other:
A53: *10. | B53: Estimated Allocation of Additional Funding (2016 Prop 123 & Laws 2015, 1st S.S., Ch. 1, §6) | J53: 247500
A54: 11. | B54: =_xlfn.CONCAT("FY ",Cover!E3," General Budget Limit (column A, lines 1 through 10)") -> FY 2025 General Budget Limit (column A, lines 1 through 10)
B55: (A.R.S. §15-905.F) (page 1, line 30 cannot exceed this amount) | I55: $ | J55: =SUM(J10:J43)+SUM(J46:J53) -> 32686373
A56: 12. | B56: Total Amount to be Used for Capital Expenditures (column B, lines 1 through 10)
B57: ( A.R.S. §15-905.F) (to page 8, line 11) | L57: $ | M57: =SUM(M10:M39)+M53 -> 1448839
A59: * | B59: Subject to adjustment prior to May 15 as allowed by A.R.S. Revisions are described in the instructions for these lines, as needed.

Sheet Page 8
A1: District name | E1: =DistrictName -> Prescott Unified | F1: County | G1: =Cover!H1 -> Yavapai | J1: CTD number | K1: =Cover!S1 -> 130201000
J2: Version | K2: =Cover!C8 -> Adopted
A3: =_xlfn.CONCAT("Calculation of FY ",Cover!E3," Unrestricted Capital Budget Limit (A.R.S. Section 15-947.D)") -> Calculation of FY 2025 Unrestricted Capital Budget Limit (A.R.S. Section 15-947.D)
A6: Unrestricted Capital Budget Limit
B7: 1. | C7: =_xlfn.CONCAT("FY ",PriorFiscalYear," Unrestricted Capital Budget Limit (UCBL)") -> FY 2024 Unrestricted Capital Budget Limit (UCBL)
C8: =_xlfn.CONCAT(" (from FY ",PriorFiscalYear," latest revised Budget, page 8, line 12)") -> (from FY 2024 latest revised Budget, page 8, line 12) | J8: $ | K8: =[1]!UCBLBudgFY -> 3165442
B9: 2. | C9: Total UCBL adjustment for prior years as notified by ADE on BUDG75 report (For budget
C10: adoption, use zero.) | J10: $ | K10: 0
B11: 3. | C11: =_xlfn.CONCAT("Adjusted amount available for FY ",PriorFiscalYear," Capital expenditures (line 1 + 2)") -> Adjusted amount available for FY 2024 Capital expenditures (line 1 + 2) | J11: $ | K11: =K8+K10 -> 3165442
B12: 4. | C12: =_xlfn.CONCAT("Amount budgeted in Fund 610 in FY ",Cover!V39) -> Amount budgeted in Fund 610 in FY 2024
C13: =_xlfn.CONCAT("(from FY ",PriorFiscalYear," latest revised Budget, page 4, line 10)") -> (from FY 2024 latest revised Budget, page 4, line 10) | J13: $ | K13: =[1]!F610TotalBudgFY -> 3165442
B14: 5. | C14: Lesser of line 3 or the sum of line 4 and any positive adjustment on line 2 | J14: $ | K14: =IF(K10>0,MIN(K13+K10,K11),MIN(K11,K13)) -> 3165442
B15: 6. | C15: =_xlfn.CONCAT("FY ",PriorFiscalYear," Fund 610 actual expenditures (For budget adoption use actual expenditures") -> FY 2024 Fund 610 actual expenditures (For budget adoption use actual expenditures
C16: to date plus estimated expenditures through fiscal year-end.) | J16: $ | K16: 2175634
B17: 7. | C17: Unexpended budget balance in Fund 610 (line 5 minus 6) If negative, use zero in
C18: calculation, but show negative amount here in parentheses. | G18: =IF((K14-K16)<0,K14-K16,"") | H18: =IF(G18<0,"OVEREXPENDED"," ") | J18: $ | K18: =IF(K14-K16>0,K14-K16,0) -> 989808
B19: 8. | C19: =_xlfn.CONCAT("Interest earned in Fund 610 in FY ",PriorFiscalYear) -> Interest earned in Fund 610 in FY 2024 | J19: $ | K19: 10682
B20: 9. | C20: Monies deposited in Fund 610 from Division of School Facilities for donated land (A.R.S. §41-5741.F) | J20: $ | K20: 0
B22: 10. | C22: =_xlfn.CONCAT("Adjustment to UCBL for FY ",Cover!E3," (A.R.S. Section 15-905.M) Include year(s) and descriptions, as applicable.") -> Adjustment to UCBL for FY 2025 (A.R.S. Section 15-905.M) Include year(s) and descriptions, as applicable.
C23: (a) | D23: Prior year over expenditures/resolutions:
J24: $ | K24: 0
C27: (b) | D27: ADM/Transportation audit adjustment | J27: $ | K27: 0
C28: (c) | D28: Other: | J28: $ | K28: 0
B30: 11. | C30: Amount to be used for capital expenditures (from page 7, line 12) | J30: $ | K30: =TotAmtCapExped -> 1448839
B32: 12. | C32: =_xlfn.CONCAT("FY ",Cover!E3," Unrestricted Capital Budget Limit (lines 7 through 11) (1)") -> FY 2025 Unrestricted Capital Budget Limit (lines 7 through 11) (1) | J32: $ | K32: =SUM(K18:K30) -> 2449329
A35: (1) | B35: The amount budgeted on page 4, line 10 cannot exceed this amount.

Sheet Supplement
A1: District name | B1: =DistrictName -> Prescott Unified | F1: County | G1: =Cover!H1 -> Yavapai | J1: CTD number | K1: =Cover!S1 -> 130201000 | M1: Version | N1: =Cover!C8 -> Adopted
A2: Supplement to school district annual expenditure budget for districts that budget for English language learners (A.R.S. §§15-756.04 and 15-756.11)
G3: Employee | H3: Purchased | L3: Totals
A4: English Language Learners Supplement | D4: FTE | F4: Salaries | G4: benefits | H4: services | I4: Supplies | J4: Property | K4: Other | L4: Prior | M4: Budget | N4: %
D5: Prior | E5: Budget | H5: 6300, 6400, | L5: FY | M5: FY | N5: Increase/
A6: Expenditures | D6: FY | E6: FY | F6: 6100 | G6: 6200 | H6: 6500 | I6: 6600 | J6: 6700 | K6: 6800 | L6: =PriorFiscalYear -> 2024 | M6: =Cover!E3 -> 2025 | N6: Decrease
A7: English Language Learner Fund 071 (A.R.S. §15-756.04)
A8: 1000 Instruction | C8: 1. | D8: =[1]!F071F1000Personnel -> 0.2 | E8: 0.2 | F8: 13711 | G8: =16453.29-F8 -> 2742 | K8: 0 | L8: =[1]!F071F1000 -> 25100 | M8: =SUM(F8:K8) -> 16453 | N8: =IF(L8=M8,0,IF(L8>0,(M8-L8)/L8,"")) -> -0.345 | O8: 1.
A9: 2000 Support Services
A10: 2100 Students | C10: 2. | D10: =[1]!F071F2100Personnel -> 0 | F10: 0 | G10: 0 | H10: 0 | I10: 0 | K10: 0 | L10: =[1]!F071F2100 -> 0 | M10: =SUM(F10:K10) -> 0 | N10: =IF(L10=M10,0,IF(L10>0,(M10-L10)/L10,"")) -> 0 | O10: 2.
A11: 2200 Instructional staff | C11: 3. | D11: =[1]!F071F2200Personnel -> 0 | F11: 0 | G11: 0 | H11: 0 | I11: 0 | K11: 0 | L11: =[1]!F071F2200 -> 0 | M11: =SUM(F11:K11) -> 0 | N11: =IF(L11=M11,0,IF(L11>0,(M11-L11)/L11,"")) -> 0 | O11: 3.
A12: 2300 General administration | C12: 4. | D12: =[1]!F071F2300Personnel -> 0 | F12: 0 | G12: 0 | H12: 0 | I12: 0 | K12: 0 | L12: =[1]!F071F2300 -> 0 | M12: =SUM(F12:K12) -> 0 | N12: =IF(L12=M12,0,IF(L12>0,(M12-L12)/L12,"")) -> 0 | O12: 4.
A13: 2400 School administration | C13: 5. | D13: =[1]!F071F2400Personnel -> 0 | F13: 0 | G13: 0 | H13: 0 | I13: 0 | K13: 0 | L13: =[1]!F071F2400 -> 0 | M13: =SUM(F13:K13) -> 0 | N13: =IF(L13=M13,0,IF(L13>0,(M13-L13)/L13,"")) -> 0 | O13: 5.
A14: 2500 Central services | C14: 6. | D14: =[1]!F071F2500Personnel -> 0 | F14: 0 | G14: 0 | H14: 0 | I14: 0 | K14: 0 | L14: =[1]!F071F2500 -> 0 | M14: =SUM(F14:K14) -> 0 | N14: =IF(L14=M14,0,IF(L14>0,(M14-L14)/L14,"")) -> 0 | O14: 6.
A15: 2600 Operation & maintenance of plant | C15: 7. | D15: =[1]!F071F2600Personnel -> 0 | F15: 0 | G15: 0 | H15: 0 | I15: 0 | K15: 0 | L15: =[1]!F071F2600 -> 0 | M15: =SUM(F15:K15) -> 0 | N15: =IF(L15=M15,0,IF(L15>0,(M15-L15)/L15,"")) -> 0 | O15: 7.
A16: 2700 Student transportation | C16: 8. | D16: =[1]!F071F2700Personnel -> 0 | F16: 0 | G16: 0 | H16: 0 | I16: 0 | K16: 0 | L16: =[1]!F071F2700 -> 0 | M16: =SUM(F16:K16) -> 0 | N16: =IF(L16=M16,0,IF(L16>0,(M16-L16)/L16,"")) -> 0 | O16: 8.
A17: 2900 Other | C17: 9. | D17: =[1]!F071F2900Personnel -> 0 | F17: 0 | G17: 0 | H17: 0 | I17: 0 | K17: 0 | L17: =[1]!F071F2900 -> 0 | M17: =SUM(F17:K17) -> 0 | N17: =IF(L17=M17,0,IF(L17>0,(M17-L17)/L17,"")) -> 0 | O17: 9.
A18: Total (lines 1-9) (to Budget, page 6, Other Funds, line 2) | C18: 10. | D18: =SUM(D8:D17) -> 0.2 | E18: =E8+SUM(E10:E17) -> 0.2 | F18: =F8+SUM(F10:F17) -> 13711 | G18: =G8+SUM(G10:G17) -> 2742 | H18: =H8+SUM(H10:H17) -> 0 | I18: =I8+SUM(I10:I17) -> 0 | K18: =K8+SUM(K10:K17) -> 0 | L18: =SUM(L8:L17) -> 25100 | M18: =SUM(M8:M17) -> 16453 | N18: =IF(L18=M18,0,IF(L18>0,(M18-L18)/L18,"")) -> -0.345 | O18: 10.
A19: Compensatory Instruction Fund 072 (A.R.S. §15-756.11)
A20: 1000 Instruction | C20: 11. | D20: =[1]!F072F1000Personnel -> 0 | F20: 0 | G20: 0 | H20: 0 | I20: 0 | K20: 0 | L20: =[1]!F072F1000 -> 0 | M20: =SUM(F20:K20) -> 0 | N20: =IF(L20=M20,0,IF(L20>0,(M20-L20)/L20,"")) -> 0 | O20: 11.
A21: 2000 Support Services
A22: 2100 Students | C22: 12. | D22: =[1]!F072F2100Personnel -> 0 | F22: 0 | G22: 0 | H22: 0 | I22: 0 | K22: 0 | L22: =[1]!F072F2100 -> 0 | M22: =SUM(F22:K22) -> 0 | N22: =IF(L22=M22,0,IF(L22>0,(M22-L22)/L22,"")) -> 0 | O22: 12.
A23: 2200 Instructional staff | C23: 13. | D23: =[1]!F072F2200Personnel -> 0 | F23: 0 | G23: 0 | H23: 0 | I23: 0 | K23: 0 | L23: =[1]!F072F2200 -> 0 | M23: =SUM(F23:K23) -> 0 | N23: =IF(L23=M23,0,IF(L23>0,(M23-L23)/L23,"")) -> 0 | O23: 13.
A24: 2300 General administration | C24: 14. | D24: =[1]!F072F2300Personnel -> 0 | F24: 0 | G24: 0 | H24: 0 | I24: 0 | K24: 0 | L24: =[1]!F072F2300 -> 0 | M24: =SUM(F24:K24) -> 0 | N24: =IF(L24=M24,0,IF(L24>0,(M24-L24)/L24,"")) -> 0 | O24: 14.
A25: 2400 School administration | C25: 15. | D25: =[1]!F072F2400Personnel -> 0 | F25: 0 | G25: 0 | H25: 0 | I25: 0 | K25: 0 | L25: =[1]!F072F2400 -> 0 | M25: =SUM(F25:K25) -> 0 | N25: =IF(L25=M25,0,IF(L25>0,(M25-L25)/L25,"")) -> 0 | O25: 15.
A26: 2500 Central services | C26: 16. | D26: =[1]!F072F2500Personnel -> 0 | F26: 0 | G26: 0 | H26: 0 | I26: 0 | K26: 0 | L26: =[1]!F072F2500 -> 0 | M26: =SUM(F26:K26) -> 0 | N26: =IF(L26=M26,0,IF(L26>0,(M26-L26)/L26,"")) -> 0 | O26: 16.
A27: 2600 Operation & maintenance of plant | C27: 17. | D27: =[1]!F072F2600Personnel -> 0 | F27: 0 | G27: 0 | H27: 0 | I27: 0 | K27: 0 | L27: =[1]!F072F2600 -> 0 | M27: =SUM(F27:K27) -> 0 | N27: =IF(L27=M27,0,IF(L27>0,(M27-L27)/L27,"")) -> 0 | O27: 17.
A28: 2700 Student transportation | C28: 18. | D28: =[1]!F072F2700Personnel -> 0 | F28: 0 | G28: 0 | H28: 0 | I28: 0 | K28: 0 | L28: =[1]!F072F2700 -> 0 | M28: =SUM(F28:K28) -> 0 | N28: =IF(L28=M28,0,IF(L28>0,(M28-L28)/L28,"")) -> 0 | O28: 18.
A29: 2900 Other | C29: 19. | D29: =[1]!F072F2900Personnel -> 0 | F29: 0 | G29: 0 | H29: 0 | I29: 0 | K29: 0 | L29: =[1]!F072F2900 -> 0 | M29: =SUM(F29:K29) -> 0 | N29: =IF(L29=M29,0,IF(L29>0,(M29-L29)/L29,"")) -> 0 | O29: 19.
A30: Total (lines 11-19) (to Budget, page 6, Other Funds, line 3) | C30: 20. | D30: =SUM(D20:D29) -> 0 | E30: =E20+SUM(E22:E29) -> 0 | F30: =F20+SUM(F22:F29) -> 0 | G30: =G20+SUM(G22:G29) -> 0 | H30: =H20+SUM(H22:H29) -> 0 | I30: =I20+SUM(I22:I29) -> 0 | K30: =K20+SUM(K22:K29) -> 0 | L30: =SUM(L20:L29) -> 0 | M30: =SUM(M20:M29) -> 0 | N30: =IF(L30=M30,0,IF(L30>0,(M30-L30)/L30,"")) -> 0 | O30: 20.

Sheet Summary Page 1
A1: =IF(OR(Version="Proposed",Version=""),"Summary of School District Proposed Expenditure Budget",IF(Version="Adopted","Summary of School District Adopted Expenditure Budget","Summary of School District Revised Expenditure Budget")) -> Summary of School District Adopted Expenditure Budget | H1: CTD number | I1: =CTD -> 130201000 | K1: proposed by the Governing Board on,
H2: Version | I2: =Cover!C8 -> Adopted | K2: revised by the Governing Board on, | L2: adopted by the Governing Board on,
A3: I certify that the budget of | B3: Prescott Unified School District | E3: District, | F3: Yavapai | G3: =_xlfn.CONCAT("County for fiscal year ",Cover!E3," was officially") -> County for fiscal year 2025 was officially | K3: , and that the complete Proposed Expenditure Budget may be reviewed by contacting | L3: , and that the complete Adopted Expenditure Budget may be reviewed by contacting
A4: =IF(OR(I2="Proposed",I2=0),K1,IF(I2="Adopted",L2,K2)) -> adopted by the Governing Board on, | C4: =IF(ISNUMBER(SEARCH("Revised*",I2)),Cover!E15,IF(ISNUMBER(SEARCH("Proposed*",I2)),Cover!E13,IF(ISNUMBER(SEARCH("Adopted*",I2)),Cover!E14,""))) -> 45482 | D4: =IF(OR(I2="Proposed",I2=0),K3,IF(I2="Adopted",L3,K4)) -> , and that the complete Adopted Expenditure Budget may be reviewed by contacting | E4: =IF(ISNUMBER(SEARCH("Revised*",M2)),O2,O1) -> 0 | F4: =IF(ISNUMBER(SEARCH("Revised*",N2)),P2,P1) -> 0 | G4: =IF(ISNUMBER(SEARCH("Revised*",O2)),Q2,Q1) -> 0 | H4: =IF(ISNUMBER(SEARCH("Revised*",P2)),R2,R1) -> 0 | I4: =IF(ISNUMBER(SEARCH("Revised*",Q2)),S2,S1) -> 0 | K4: , and that the complete Revised Expenditure Budget may be reviewed by contacting
A5: Brian Moore | B5: at the District Office, telephone | D5: 928-445-5400 | F5: during normal business hours. | I5: =IF(I10<1,"Enter average salaries on Budget Cover","") | K5: =IF(AND(ISNUMBER(SEARCH("Revised*",I2)),Cover!E15=""),"Enter revised date on Budget Cover",IF(AND(ISNUMBER(SEARCH("Proposed*",I2)),Cover!E13=""),"Enter proposed date on Budget Cover",""))
E7: President of the Governing Board
A9: 1. Average Daily Membership: | C9: Prior year | D9: Budget year | E9: 4. Average teacher salaries (A.R.S. §15-903.E)
B10: =_xlfn.CONCAT(TwoYearsPrior," ADM") -> 2023 ADM | C10: =_xlfn.CONCAT(PriorFiscalYear," ADM") -> 2024 ADM | D10: =_xlfn.CONCAT(Cover!E3," ADM") -> 2025 ADM | E10: =_xlfn.CONCAT("1. Average salary of all teachers employed in FY ",Cover!E3," (budget year)") -> 1. Average salary of all teachers employed in FY 2025 (budget year) | I10: =BudgetYearSalary -> 61250
A11: Attending | E11: =_xlfn.CONCAT("2. Average salary of all teachers employed in FY ",PriorFiscalYear," (prior year)") -> 2. Average salary of all teachers employed in FY 2024 (prior year) | I11: =PriorYearSalary -> 59466
B12: 3656.3108 | C12: 3592.9576 | D12: =3632.35+26 -> 3658.35 | E12: 3. Increase in average teacher salary from the prior year | I12: =SalaryIncrease -> 1784
A13: 2. Tax Rates: | C13: Prior FY | D13: Est. Budget FY | E13: 4. Percentage increase | I13: =PercentageIncrease -> 0.03
A14: Primary rate (equalization formula funding and budget add-ons not required to be in secondary rate)
E15: =IF(SalaryComments="","",SalaryComments) -> For FY25 teacher average salary, end-of-the-year FTE and teacher contract base amount were used, which includes estimated classroom site fund pay. Additional revenue sources for teachers, e.g. clubs, coaching, department chair, extra revenue sources for teachers, etc., are not included in the average salaries.
C16: =PrimTaxRateCurrFY -> 2.3541 | D16: =EstTaxRateBudgFY -> 2.2812
A17: Secondary rate (voter-approved overrides, bonds, and Career Technical Education Districts, and desegregation, if applicable)
C19: =TotSecTaxRateCurrFY -> 0.0609 | D19: =TotSecTaxRateBudgFY -> 0.0688
A20: 3. Budgeted expenditures and budget limits: | C20: Budgeted Expenditures
D21: Budget Limit
A22: Maintenance & Operation Fund | C22: =F001TotalExp -> 32686373 | D22: =GBLBudgFY -> 32686373
A23: Classroom Site Fund | C23: =F010TotalExp -> 4188135 | D23: ='Page 3'!CSFBLBudgFY -> 4188135
A24: Unrestricted Capital Outlay Fund | C24: =F610TotalBudgFY -> 2449329 | D24: =UCBLBudgFY -> 2449329
A27: Maintenance and Operation Expenditures
I28: % Inc./(Decr.)
C29: Salaries and Benefits | E29: Other | G29: TOTAL | I29: from
C30: Prior FY | D30: Budget FY | E30: Prior FY | F30: Budget FY | G30: Prior FY | H30: Budget FY | I30: Prior FY
A32: 100 Regular education
A33: 1000 Instruction | C33: =[1]!F001P100F1000SBBudgFY -> 12254124 | D33: =F001P100F1000O6100+F001P100F1000O6200 -> 12155623 | E33: =[1]!F001P100F1000OthBudgFY -> 896021 | F33: =F001P100F1000O630064006500+F001P100F1000O6600+F001P100F1000O6800 -> 749738 | G33: =C33+E33 -> 13150145 | H33: =D33+F33 -> 12905361 | I33: =IF(G33=H33,0,IF(G33>0,(H33-G33)/G33,"")) -> -0.019
A34: 2000 Support services
A35: 2100 Students | C35: =[1]!F001P100F2100SBBudgFY -> 1510370 | D35: =F001P100F2100O6100+F001P100F2100O6200 -> 1372947 | E35: =[1]!F001P100F2100OthBudgFY -> 41620 | F35: =F001P100F2100O630064006500+F001P100F2100O6600+F001P100F2100O6800 -> 48671 | G35: =C35+E35 -> 1551990 | H35: =D35+F35 -> 1421618 | I35: =IF(G35=H35,0,IF(G35>0,(H35-G35)/G35,"")) -> -0.084
A36: 2200 Instructional staff | C36: =[1]!F001P100F2200SBBudgFY -> 1248218 | D36: =F001P100F2200O6100+F001P100F2200O6200 -> 1208995 | E36: =[1]!F001P100F2200OthBudgFY -> 175678 | F36: =F001P100F2200O630064006500+F001P100F2200O6600+F001P100F2200O6800 -> 168036 | G36: =C36+E36 -> 1423896 | H36: =D36+F36 -> 1377031 | I36: =IF(G36=H36,0,IF(G36>0,(H36-G36)/G36,"")) -> -0.033
A37: 2300, 2400, 2500 Administration | C37: =[1]!F001P100F230024002500SBBudgFY -> 3098829 | D37: =F001P100F2300O6100+F001P100F2400O6100+F001P100F2500O6100+F001P100F2300O6200+F001P100F2400O6200+F001P100F2500O6200 -> 3085438 | E37: =[1]!F001P100F230024002500OthBudgFY -> 522587 | F37: =F001P100F2300O630064006500+F001P100F2300O6600+F001P100F2300O6800+F001P100F2400O630064006500+F001P100F2400O6600+F001P100F2400O6800+F001P100F2500O630064006500+F001P100F2500O6600+F001P100F2500O6800 -> 514528 | G37: =C37+E37 -> 3621416 | H37: =D37+F37 -> 3599966 | I37: =IF(G37=H37,0,IF(G37>0,(H37-G37)/G37,"")) -> -0.006
A38: 2600 Oper./Maint. of plant | C38: =[1]!F001P100F2600SBBudgFY -> 870163 | D38: =F001P100F2600O6100+F001P100F2600O6200 -> 834700 | E38: =[1]!F001P100F2600OthBudgFY -> 4053066 | F38: =F001P100F2600O630064006500+F001P100F2600O6600+F001P100F2600O6800 -> 4026837 | G38: =C38+E38 -> 4923229 | H38: =D38+F38 -> 4861537 | I38: =IF(G38=H38,0,IF(G38>0,(H38-G38)/G38,"")) -> -0.013
A39: 2900 Other | C39: =[1]!F001P100F2900SBBudgFY -> 0 | D39: =F001P100F2900O6100+F001P100F2900O6200 -> 0 | E39: =[1]!F001P100F2900OthBudgFY -> 0 | F39: =F001P100F2900O630064006500+F001P100F2900O6600+F001P100F2900O6800 -> 0 | G39: =C39+E39 -> 0 | H39: =D39+F39 -> 0 | I39: =IF(G39=H39,0,IF(G39>0,(H39-G39)/G39,"")) -> 0
A40: 3000 Oper. of noninstructional services | C40: =[1]!F001P100F3000SBBudgFY -> 91142 | D40: =F001P100F3000O6100+F001P100F3000O6200 -> 86113 | E40: =[1]!F001P100F3000OthBudgFY -> 11773 | F40: =F001P100F3000O630064006500+F001P100F3000O6600+F001P100F3000O6800 -> 6123 | G40: =C40+E40 -> 102915 | H40: =D40+F40 -> 92236 | I40: =IF(G40=H40,0,IF(G40>0,(H40-G40)/G40,"")) -> -0.104
A41: 610 School-sponsored cocurric. activities | C41: =[1]!F001P610SBBudgFY -> 20474 | D41: =F001P610O6100+F001P610O6200 -> 11641 | E41: =[1]!F001P610OthBudgFY -> 0 | F41: =F001P610O630064006500+F001P610O6600+F001P610O6800 -> 0 | G41: =C41+E41 -> 20474 | H41: =D41+F41 -> 11641 | I41: =IF(G41=H41,0,IF(G41>0,(H41-G41)/G41,"")) -> -0.431
A42: 620 School-sponsored athletics | C42: =[1]!F001P620SBBudgFY -> 336402 | D42: =F001P620O6100+F001P620O6200 -> 338222 | E42: =[1]!F001P620OthBudgFY -> 15073 | F42: =F001P620O630064006500+F001P620O6600+F001P620O6800 -> 0 | G42: =C42+E42 -> 351475 | H42: =D42+F42 -> 338222 | I42: =IF(G42=H42,0,IF(G42>0,(H42-G42)/G42,"")) -> -0.038
A43: 630, 700, 800, 900 Other programs | C43: =[1]!F001P630700800900SBBudgFY -> 0 | D43: =F001P630O6100+F001P630O6200+F001P700800900O6100+F001P700800900O6200 -> 0 | E43: =[1]!F001P630700800900OthBudgFY -> 119905 | F43: =F001P630O630064006500+F001P630O6600+F001P630O6800+F001P700800900O630064006500+F001P700800900O6600+F001P700800900O6800 -> 113286 | G43: =C43+E43 -> 119905 | H43: =D43+F43 -> 113286 | I43: =IF(G43=H43,0,IF(G43>0,(H43-G43)/G43,"")) -> -0.055
A44: Regular education subsection subtotal | C44: =SUM(C33:C43) -> 19429722 | D44: =SUM(D33:D43) -> 19093679 | E44: =SUM(E33:E43) -> 5835723 | F44: =SUM(F33:F43) -> 5627219 | G44: =SUM(G33:G43) -> 25265445 | H44: =SUM(H33:H43) -> 24720898 | I44: =IF(G44=H44,0,IF(G44>0,(H44-G44)/G44,"")) -> -0.022
A45: 200 and 300 Special education
A46: 1000 Instruction | C46: =[1]!F001P200F1000SBBudgFY -> 3256381 | D46: =F001P200F1000O6100+F001P200F1000O6200 -> 3366370 | E46: =[1]!F001P200F1000OthBudgFY -> 1990 | F46: =F001P200F1000O630064006500+F001P200F1000O6600+F001P200F1000O6800 -> 2116 | G46: =C46+E46 -> 3258371 | H46: =D46+F46 -> 3368486 | I46: =IF(G46=H46,0,IF(G46>0,(H46-G46)/G46,"")) -> 0.034
A47: 2000 Support services
A48: 2100 Students | C48: =[1]!F001P200F2100SBBudgFY -> 2079869 | D48: =F001P200F2100O6100+F001P200F2100O6200 -> 1988719 | E48: =[1]!F001P200F2100OthBudgFY -> 238950 | F48: =F001P200F2100O630064006500+F001P200F2100O6600+F001P200F2100O6800 -> 225932 | G48: =C48+E48 -> 2318819 | H48: =D48+F48 -> 2214651 | I48: =IF(G48=H48,0,IF(G48>0,(H48-G48)/G48,"")) -> -0.045
A49: 2200 Instructional staff | C49: =[1]!F001P200F2200SBBudgFY -> 327662 | D49: =F001P200F2200O6100+F001P200F2200O6200 -> 317996 | E49: =[1]!F001P200F2200OthBudgFY -> 7769 | F49: =F001P200F2200O630064006500+F001P200F2200O6600+F001P200F2200O6800 -> 7622 | G49: =C49+E49 -> 335431 | H49: =D49+F49 -> 325618 | I49: =IF(G49=H49,0,IF(G49>0,(H49-G49)/G49,"")) -> -0.029
A50: 2300, 2400, 2500 Administration | C50: =[1]!F001P200F230024002500SBBudgFY -> 759 | D50: =F001P200F2300O6100+F001P200F2300O6200+F001P200F2400O6100+F001P200F2400O6200+F001P200F2500O6100+F001P200F2500O6200 -> 717 | E50: =[1]!F001P200F230024002500OthBudgFY -> 3493 | F50: =F001P200F2300O630064006500+F001P200F2300O6600+F001P200F2300O6800+F001P200F2400O630064006500+F001P200F2400O6600+F001P200F2400O6800+F001P200F2500O630064006500+F001P200F2500O6600+F001P200F2500O6800 -> 3300 | G50: =C50+E50 -> 4252 | H50: =D50+F50 -> 4017 | I50: =IF(G50=H50,0,IF(G50>0,(H50-G50)/G50,"")) -> -0.055
A51: 2600 Oper./Maint. of plant | C51: =[1]!F001P200F2600SBBudgFY -> 0 | D51: =F001P200F2600O6100+F001P200F2600O6200 -> 0 | E51: =[1]!F001P200F2600OthBudgFY -> 302 | F51: =F001P200F2600O630064006500+F001P200F2600O6600+F001P200F2600O6800 -> 285 | G51: =C51+E51 -> 302 | H51: =D51+F51 -> 285 | I51: =IF(G51=H51,0,IF(G51>0,(H51-G51)/G51,"")) -> -0.056
A52: 2900 Other | C52: =[1]!F001P200F2900SBBudgFY -> 0 | D52: =F001P200F2900O6100+F001P200F2900O6200 -> 0 | E52: =[1]!F001P200F2900OthBudgFY -> 0 | F52: =F001P200F2900O630064006500+F001P200F2900O6600+F001P200F2900O6800 -> 0 | G52: =C52+E52 -> 0 | H52: =D52+F52 -> 0 | I52: =IF(G52=H52,0,IF(G52>0,(H52-G52)/G52,"")) -> 0
A53: 3000 Oper. of noninstructional services | C53: =[1]!F001P200F3000SBBudgFY -> 0 | D53: =F001P200F3000O6100+F001P200F3000O6200 -> 0 | E53: =[1]!F001P200F3000OthBudgFY -> 0 | F53: =F001P200F3000O630064006500+F001P200F3000O6600+F001P200F3000O6800 -> 0 | G53: =C53+E53 -> 0 | H53: =D53+F53 -> 0 | I53: =IF(G53=H53,0,IF(G53>0,(H53-G53)/G53,"")) -> 0
A54: Special education subsection subtotal | C54: =SUM(C46:C53) -> 5664671 | D54: =SUM(D46:D53) -> 5673802 | E54: =SUM(E46:E53) -> 252504 | F54: =SUM(F46:F53) -> 239255 | G54: =SUM(G46:G53) -> 5917175 | H54: =SUM(H46:H53) -> 5913057 | I54: =IF(G54=H54,0,IF(G54>0,(H54-G54)/G54,"")) -> -0.001
A55: 400 Pupil transportation | C55: =[1]!F001P400SBBudgFY -> 1244185 | D55: =F001P400O6100+F001P400O6200 -> 1237941 | E55: =[1]!F001P400OthBudgFy -> 671811 | F55: =F001P400O630064006500+F001P400O6600+F001P400O6800 -> 670906 | G55: =C55+E55 -> 1915996 | H55: =D55+F55 -> 1908847 | I55: =IF(G55=H55,0,IF(G55>0,(H55-G55)/G55,"")) -> -0.004
A56: 510 Desegregation | C56: =[1]!F001P510SBBudgFY -> 0 | D56: =F001P510O6100+F001P510O6200 -> 0 | E56: =[1]!F001P510OthBudgFY -> 0 | F56: =F001P510O630064006500+F001P510O6600+F001P510O6800 -> 0 | G56: =C56+E56 -> 0 | H56: =D56+F56 -> 0 | I56: =IF(G56=H56,0,IF(G56>0,(H56-G56)/G56,"")) -> 0
A57: 530 Dropout prevention programs | C57: =[1]!F001P530SBBudgFY -> 0 | D57: =F001P530O6100+F001P530O6200 -> 0 | E57: =[1]!F001P530OthBudgFY -> 0 | F57: =F001P530O630064006500+F001P530O6600+F001P530O6800 -> 0 | G57: =C57+E57 -> 0 | H57: =D57+F57 -> 0 | I57: =IF(G57=H57,0,IF(G57>0,(H57-G57)/G57,"")) -> 0
A58: 540 Joint career and technical education
A59: and Vocational education center | C59: =[1]!F001P540SBBudgFY -> 0 | D59: =F001P540O6100+F001P540O6200 -> 0 | E59: =[1]!F001P540OthBudgFY -> 0 | F59: =F001P540O630064006500+F001P540O6600+F001P540O6800 -> 0 | G59: =C59+E59 -> 0 | H59: =D59+F59 -> 0 | I59: =IF(G59=H59,0,IF(G59>0,(H59-G59)/G59,"")) -> 0
A60: 550 K-3 Reading program | C60: =[1]!F001P550SBBudgFY -> 151956 | D60: =F001P550O6100+F001P550O6200 -> 143571 | E60: =[1]!F001P550OthBudgFY -> 0 | F60: =F001P550O630064006500+F001P550O6600+F001P550O6800 -> 0 | G60: =C60+E60 -> 151956 | H60: =D60+F60 -> 143571 | I60: =IF(G60=H60,0,IF(G60>0,(H60-G60)/G60,"")) -> -0.055
A61: Total Expenditures | C61: =SUM(C54:C60)+C44 -> 26490534 | D61: =SUM(D54:D60)+D44 -> 26148993 | E61: =SUM(E54:E60)+E44 -> 6760038 | F61: =SUM(F54:F60)+F44 -> 6537380 | G61: =SUM(G54:G60)+G44 -> 33250572 | H61: =SUM(H54:H60)+H44 -> 32686373 | I61: =IF(G61=H61,0,IF(G61>0,(H61-G61)/G61,"")) -> -0.017

Sheet Summary Page 2
A1: =IF(OR(Version="Proposed",Version=""),"Summary of School District Proposed Expenditure Budget (Concl'd)",IF(Version="Adopted","Summary of School District Adopted Expenditure Budget (Concl'd)","Summary of School District Revised Expenditure Budget (Concl'd)")) -> Summary of School District Adopted Expenditure Budget (Concl'd) | H1: CTD number | I1: =Cover!S1 -> 130201000 | L1: The table below calculates the total amount shown on the Total expenditures by fund, Other line. This table does not need to be printed as an official part of the budget forms.
A2: Total expenditures by fund | H2: Version | I2: =Cover!C8 -> Adopted
C3: Budgeted Expenditures | E3: $ Increase/(Decrease) | F3: % Increase/(Decrease)
A4: Fund | E4: from | F4: from | G4: =IF((F001TotalExp>0)*AND(OR(TotalFTECertSubtotal=0,TotalFTEClassSubtotal=0)),"Incomplete: Please complete the Certified and Classified sections of the Proposed Staffing Table below."," ") | L4: From page 6, Other Funds | M4: Prior FY | N4: Budget FY
C5: Prior FY | D5: Budget FY | E5: Prior FY | F5: Prior FY | L5: 050 County, City, and Town Grants | M5: =F050CurrFY -> 6600 | N5: =F050BudgFY -> 6814
A6: Maintenance & Operation | C6: =F001TotExpCurrFY -> 33250572 | D6: =F001TotalExp -> 32686373 | E6: =D6-C6 -> -564199 | F6: =IF(C6=D6,0,IF(C6>0,E6/C6,"")) -> -0.017 | L6: 515 Civic Center | M6: =F515CurrFY -> 400000 | N6: =F515BudgFY -> 275000
A7: Instructional Improvement | C7: =F020TotCurrFY -> 250000 | D7: =F020TotBudgFY -> 250000 | E7: =D7-C7 -> 0 | F7: =IF(C7=D7,0,IF(C7>0,E7/C7,"")) -> 0 | L7: 520 Community School | M7: =F520CurrFY -> 0 | N7: =F520BudgFY -> 0
A8: English Language Learner | C8: =F071CurrFY -> 25100 | D8: =F071BudgFY -> 16453 | E8: =D8-C8 -> -8647 | F8: =IF(C8=D8,0,IF(C8>0,E8/C8,"")) -> -0.345 | L8: 526 Extracurricular Activities Fees Tax Credit | M8: =F526CurrFY -> 1300000 | N8: =F526BudgFY -> 1250346
A9: Compensatory Instruction | C9: =F072CurrFY -> 0 | D9: =F072BudgFY -> 0 | E9: =D9-C9 -> 0 | F9: =IF(C9=D9,0,IF(C9>0,E9/C9,"")) -> 0 | L9: 530 Gifts and Donations | M9: =F530CurrFY -> 1350000 | N9: =F530BudgFY -> 1496229
A10: Classroom Site | C10: =F010TotalExpPY -> 4010002 | D10: =F010TotalExp -> 4188135 | E10: =D10-C10 -> 178133 | F10: =IF(C10=D10,0,IF(C10>0,E10/C10,"")) -> 0.044 | L10: 535 Career & Technical Education Projects | M10: =F535CurrFY -> 0 | N10: =F535BudgFY -> 0
A11: Federal Projects | C11: =TotFedProjFundCurrFY -> 6912402 | D11: =TotFedProjFundBudgFY -> 4680539 | E11: =D11-C11 -> -2231863 | F11: =IF(C11=D11,0,IF(C11>0,E11/C11,"")) -> -0.323 | L11: 540 Fingerprint | M11: =F540CurrFY -> 20 | N11: =F540BudgFY -> 20
A12: State Projects | C12: =TotStateProjFundCurrFY -> 850000 | D12: =TotStateProjFundBudgFY -> 672000 | E12: =D12-C12 -> -178000 | F12: =IF(C12=D12,0,IF(C12>0,E12/C12,"")) -> -0.209 | L12: 545 School Opening | M12: =F545CurrFY -> 0 | N12: =F545BudgFY -> 0
A13: Unrestricted Capital Outlay | C13: =F610TotalCurrFY -> 3165442 | D13: =F610TotalBudgFY -> 2449329 | E13: =D13-C13 -> -716113 | F13: =IF(C13=D13,0,IF(C13>0,E13/C13,"")) -> -0.226 | L13: 550 Insurance Proceeds | M13: =F550CurrFY -> 134000 | N13: =F550BudgFY -> 138213
A14: New School Facilities | C14: =F695TotalCurrFY -> 0 | D14: =F695TotalBudgFY -> 0 | E14: =D14-C14 -> 0 | F14: =IF(C14=D14,0,IF(C14>0,E14/C14,"")) -> 0 | L14: 555 Textbooks | M14: =F555CurrFY -> 40 | N14: =F555BudgFY -> 40
A15: Adjacent Ways | C15: =F620TotalCurrFY -> 42000 | D15: =F620TotalBudgFY -> 42000 | E15: =D15-C15 -> 0 | F15: =IF(C15=D15,0,IF(C15>0,E15/C15,"")) -> 0 | L15: 565 Litigation Recovery | M15: =F565CurrFY -> 0 | N15: =F565BudgFY -> 0
A16: Debt Service | C16: =F700CurrFY -> 1300000 | D16: =F700BudgFY -> 1300000 | E16: =D16-C16 -> 0 | F16: =IF(C16=D16,0,IF(C16>0,E16/C16,"")) -> 0 | G16: =IF((F001P200Subtotal>0)*AND(OR((SUM(TotalFTESpecEdTeacher+TotalFTESpecEdStaff=0,(SUM(SPEDTeacher+SPEDStaff=0)))))),"Incomplete: Please complete the Special Education section of the Proposed Staffing Table below."," ") | L16: 570 Indirect Costs | M16: =F570CurrFY -> 650000 | N16: =F570BudgFY -> 680264
A17: School Plant Fund | C17: =F500CurrFY -> 1700000 | D17: =F500BudgFY -> 1383381 | E17: =D17-C17 -> -316619 | F17: =IF(C17=D17,0,IF(C17>0,E17/C17,"")) -> -0.186 | L17: 575 Unemployment Insurance | M17: =F575CurrFY -> 0 | N17: =F575BudgFY -> 0
A18: Auxiliary Operations | C18: =F525CurrFY -> 1250000 | D18: =F525BudgFY -> 1488107 | E18: =D18-C18 -> 238107 | F18: =IF(C18=D18,0,IF(C18>0,E18/C18,"")) -> 0.19 | L18: 580 Teacherage | M18: =F580CurrFY -> 0 | N18: =F580BudgFY -> 0
A19: Bond Building | C19: =F630TotalCurrFY -> 0 | D19: =F630TotalBudgFY -> 0 | E19: =D19-C19 -> 0 | F19: =IF(C19=D19,0,IF(C19>0,E19/C19,"")) -> 0 | L19: 585 Insurance Refund | M19: =F585CurrFY -> 0 | N19: =F585BudgFY -> 0
A20: Food Service | C20: =F510CurrFY -> 2000000 | D20: =F510BudgFY -> 1500000 | E20: =D20-C20 -> -500000 | F20: =IF(C20=D20,0,IF(C20>0,E20/C20,"")) -> -0.25 | L20: 590 Grants and Gifts to Teachers | M20: =F590CurrFY -> 12000 | N20: =F590BudgFY -> 11740
A21: Other | C21: =M37 -> 14460160 | D21: =N37 -> 17049648 | E21: =D21-C21 -> 2589488 | F21: =IF(C21=D21,0,IF(C21>0,E21/C21,"")) -> 0.179 | L21: 595 Advertisement | M21: =F595CurrFY -> 0 | N21: =F595BudgFY -> 0
L22: 596 Career Technical Education | M22: =F596CurrFY -> 750000 | N22: =F596BudgFY -> 855901
A23: M&O Fund Special Education Programs by type | L23: 597 Arizona Industry Credentials Incentive | M23: =F597CurrFY -> 0 | N23: =F597BudgFY -> 0
A24: Program (A.R.S. §§15-761 and 15-903) | D24: Prior FY | E24: Budget FY | L24: 639 Impact Aid Revenue Bond Building | M24: =F639CurrFY -> 0 | N24: =F639BudgFY -> 0
A25: Total All Disability Classifications | D25: =F001P200PYDisabilityTot -> 5330000 | E25: =F001P200Subtotal -> 5330000 | L25: 650 Gifts and Donations-Capital | M25: =F650CurrFY -> 0 | N25: =F650BudgFY -> 0
A26: Gifted Education | D26: =SPEDGiftedEdCurrFY -> 45000 | E26: =SPEDGiftedEdBudgFY -> 45000 | L26: 660 Condemnation | M26: =F660CurrFY -> 0 | N26: =F660BudgFY -> 0
A27: Remedial Education | D27: =SPEDRemedialEdCurrFY -> 0 | E27: =SPEDRemedialEdBudgFY -> 0 | L27: 665 Energy and Water Savings | M27: =F665CurrFY -> 17500 | N27: =F665BudgFY -> 17983
A28: ELL Incremental Costs | D28: =SPEDELLIncCostCurrFY -> 50000 | E28: =SPEDELLIncCostBudgFY -> 50000 | L28: 686 Emergency Deficiencies Correction | M28: =F686CurrFY -> 0 | N28: =F686BudgFY -> 0
A29: ELL Compensatory Instruction | D29: =SPEDELLCompInstrCurrFY -> 0 | E29: =SPEDELLCompInstrBudgFY -> 0 | L29: 691 Building Renewal Grant | M29: =F691CurrFY -> 9500000 | N29: =F691BudgFY -> 12000000
A30: Vocational and Technical Education (non-CTED) | D30: =SPEDVocTechEdCurrFY -> 5000 | E30: =SPEDVocTechEdBudgFY -> 5000 | L30: 720 Impact Aid Revenue Bond Debt Service | M30: =F720CurrFY -> 0 | N30: =F720BudgFY -> 0
A31: Career Education (non-CTED) | D31: =SPEDCareerEdCurrFY -> 0 | E31: =SPEDCareerEdBudgFY -> 0 | L31: 850 Student Activities | M31: =F850CurrFY -> 200000 | N31: =F850BudgFY -> 163881
A32: Career Technical Education (CTED) | D32: {=[1]!SummCTEDBY} -> 487175 | E32: =JTEDBudgFY -> 483057 | L32: ='Page 6'!O38 -> Other __533, 855________________________________ | M32: =OtherFundsCurrFY -> 25000 | N32: =OtherFundsBudgFY -> 24165
A33: TOTAL | D33: =SUM(D25:D32) -> 5917175 | E33: =SUM(E25:E32) -> 5913057 | F33: =IF(SUM(E25:E32)=F001P200TotBudgFY,"","INVALID. The amount should equal the total budgeted amount reported on line 24, page 1.") | L33: ='Page 6'!O40 -> 9___ Self-Insurance | M33: =F9__SelfInsCurrFY -> 0 | N33: =F9__SelfInsBudgFY -> 0
L34: 955 Intergovernmental Agreements | M34: =F955CurrFY -> 100000 | N34: =F955BudgFY -> 90605
A35: Proposed staffing summary | L35: ='Page 6'!O42 -> 9__ OPEB | M35: =F9__OPEBCurrFY -> 0 | N35: =F9__OPEBBudgFY -> 0
A36: Staff Type | D36: Purchased Services Personnel FTE | E36: Employee FTE | F36: Total FTE | G36: Staff-Pupil Ratio | L36: ='Page 6'!O43 -> 9___ _900___________________ | M36: =F9__OtherCurrFY -> 15000 | N36: =F9__OtherBudgFY -> 38447
A37: Certified -- | L37: Total | M37: =SUM(M5:M36) -> 14460160 | N37: =SUM(N5:N36) -> 17049648
A38: Superintendent, principals, other administrators | D38: 0 | E38: 13 | F38: =D38+E38 -> 13 | G38: 1 to | H38: =IF(F38>0,ROUND(BudgetYearADM/F38,1)," ") -> 281.4
A39: Teachers | D39: 2 | E39: 205 | F39: =D39+E39 -> 207 | G39: 1 to | H39: =IF(F39>0,ROUND(BudgetYearADM/F39,1)," ") -> 17.7
A40: Other | D40: 0 | E40: 43 | F40: =D40+E40 -> 43 | G40: 1 to | H40: =IF(F40>0,ROUND(BudgetYearADM/F40,1)," ") -> 85.1
B41: Subtotal | D41: =SUM(D38:D40) -> 2 | E41: =SUM(E38:E40) -> 261 | F41: =D41+E41 -> 263 | G41: 1 to | H41: =IF(F41>0,ROUND(BudgetYearADM/F41,1)," ") -> 13.9
A42: Classified --
A43: Managers, supervisors, directors | D43: 0 | E43: 7 | F43: =D43+E43 -> 7 | G43: 1 to | H43: =IF(F43>0,ROUND(BudgetYearADM/F43,1)," ") -> 522.6
A44: Teachers aides | D44: 0 | E44: 65 | F44: =D44+E44 -> 65 | G44: 1 to | H44: =IF(F44>0,ROUND(BudgetYearADM/F44,1)," ") -> 56.3
A45: Other | D45: 2 | E45: 98 | F45: =D45+E45 -> 100 | G45: 1 to | H45: =IF(F45>0,ROUND(BudgetYearADM/F45,1)," ") -> 36.6
B46: Subtotal | D46: =SUM(D43:D45) -> 2 | E46: =SUM(E43:E45) -> 170 | F46: =D46+E46 -> 172 | G46: 1 to | H46: =IF(F46>0,ROUND(BudgetYearADM/F46,1)," ") -> 21.3
B47: TOTAL | D47: =D41+D46 -> 4 | E47: =E41+E46 -> 431 | F47: =D47+E47 -> 435 | G47: 1 to | H47: =IF(F47>0,ROUND(BudgetYearADM/F47,1)," ") -> 8.4
A49: Special education --
A50: Teacher | D50: 0 | E50: 33 | F50: =D50+E50 -> 33 | G50: 1 to | H50: =IF(F50>0,ROUND(BudgetYearADM/F50,1)," ") -> 110.9
A51: Staff | D51: 2 | E51: 41 | F51: =D51+E51 -> 43 | G51: 1 to | H51: =IF(F51>0,ROUND(BudgetYearADM/F51,1)," ") -> 85.1

Sheet Truth in Tax
A1: District name | E1: =DistrictName -> Prescott Unified | I1: CTD number | L1: =Cover!S1 -> 130201000
K2: Version | L2: =Cover!C8 -> Adopted
A3: =_xlfn.CONCAT("FY ",Cover!E3," Truth in Taxation Work Sheet (A.R.S. Section 15-905.01)") -> FY 2025 Truth in Taxation Work Sheet (A.R.S. Section 15-905.01)
A5: 1. | C5: =_xlfn.CONCAT("FY ",Cover!E3," Truth in Taxation Base Limit (from FY ",PriorFiscalYear," TNT work sheet, line 3 + line 11)") -> FY 2025 Truth in Taxation Base Limit (from FY 2024 TNT work sheet, line 3 + line 11) | H5: $ | I5: {=[1]!AdjTNTBaseLimit+[1]!ExcessTNTLimit} -> 0
A6: 2. | C6: Deduction for discontinued programs | F6: =IF(SUM(I11:I14)=0,IF(I7>0,"No budget on lines 4 -7 below. Click here for Instructions",""),"")
A7: 3. | C7: =_xlfn.CONCAT("Adjusted FY ",Cover!E3," TNT Base Limit") -> Adjusted FY 2025 TNT Base Limit | H7: $ | I7: =I5-I6 -> 0
K8: Primary property tax rate related to budgeted expenditures
A9: =_xlfn.CONCAT("FY ",Cover!E3," Budgeted Expenditures") -> FY 2025 Budgeted Expenditures
A11: 4. | C11: Desegregation (no longer a primary levy, must be zero) | H11: $ | I11: 0 | L11: =IF(ISERROR(I11/$I$35),"",I11/$I$35)
A12: 5. | C12: Dropout prevention (from page 1, line 27) | I12: =F001P530 -> 0 | L12: =IF(ISERROR(I12/$I$35),"",I12/$I$35)
A13: 6. | C13: Joint Career and Technical Education and Vocational Education Center | I13: 0 | L13: =IF(ISERROR(I13/$I$35),"",I13/$I$35)
A14: 7. | C14: Small school adjustment (from page 7, line 4, columns A and B) | H14: $ | I14: =SSA_MO+SSA_UCO -> 0 | L14: =IF(ISERROR(I14/$I$35),"",I14/$I$35)
A15: =_xlfn.CONCAT("Adjustments for FY ",PriorFiscalYear," Expenditures") -> Adjustments for FY 2024 Expenditures
A16: 8. | C16: Desegregation, dropout prevention, and Joint Career and Technical Education and Vocational Education Center
C17: a. | D17: =_xlfn.CONCAT("FY ",PriorFiscalYear," Total actual expenditures for programs above") -> FY 2024 Total actual expenditures for programs above | F17: $
C18: b. | D18: =_xlfn.CONCAT("Sum of FY ",PriorFiscalYear," original budget amounts for programs above (from FY ",PriorFiscalYear," TNT work sheet, sum of lines 4, 5, and 6)") -> Sum of FY 2024 original budget amounts for programs above (from FY 2024 TNT work sheet, sum of lines 4, 5, and 6) | G18: =SUM('[1]Truth in Tax'!$I$11:$I$13) -> 0
C19: c. | D19: Expenditures over/(under) original budget (line 8.a minus line 8.b) | H19: $ | I19: =IF(G17<>0,G17-G18,0) -> 0
A20: 9. | C20: Small school adjustment
C21: a. | D21: =_xlfn.CONCAT("FY ",PriorFiscalYear," final budget for small school adjustment") -> FY 2024 final budget for small school adjustment | F21: $
C22: b. | D22: =_xlfn.CONCAT("FY ",PriorFiscalYear," original budget for small school adjustment (from FY ",PriorFiscalYear," TNT work sheet, line 7)") -> FY 2024 original budget for small school adjustment (from FY 2024 TNT work sheet, line 7) | F22: $ | G22: ='[1]Truth in Tax'!$I$14 -> 0
C23: c. | D23: Amount over/(under) budget for small school adjustment (line 9.a minus line 9.b) | H23: $ | I23: =IF(G21<>0,G21-G22,0) -> 0
A24: 10. | C24: Total (add lines 4 through 7 and line 8.c. and line 9.c.) | H24: $ | I24: =SUM(I11:I14)+I19+I23 -> 0
A25: 11. | C25: Excess over Truth in Taxation Limit (1)
C26: (Line 10 minus line 3. If negative, enter zero.) | H26: $ | I26: =IF(I24-I7>0,I24-I7,0) -> 0
A28: 12. | C28: =_xlfn.CONCAT("Amount to be levied in FY ",Cover!E3," for Adjacent Way") -> Amount to be levied in FY 2025 for Adjacent Way
C29: pursuant to A.R.S. §15-995 (from page 5, footnote 2) (1) | H29: $ | I29: =AdjWaysLevy -> 0 | L29: =IF(ISERROR(I29/$I$35),"",I29/$I$35)
A30: 13. | C30: =_xlfn.CONCAT("Amount to be levied in FY ",Cover!E3," for liabilities in excess") -> Amount to be levied in FY 2025 for liabilities in excess
C31: of the Budget pursuant to A.R.S. §15-907 (1) | H31: $ | L31: =IF(ISERROR(I31/$I$35),"",I31/$I$35)
A33: Calculations for Truth in Taxation Notice
A34: A. | C34: Sum of lines 11, 12, and 13 | H34: $ | I34: =I26+I29+I31 -> 0
A35: B.1. | C35: Current assessed value | H35: $
A36: B.2. | C36: (Line 3 divided by line B.1) x $10,000 | H36: $ | I36: =IF(I35>0,ROUND((I7/I35)*10000,4)," ") | J36: (2)
A37: C.1. | C37: Sum of lines 3, 11, 12, and 13 | H37: $ | I37: =I7+I26+I29+I31 -> 0
A38: C.2. | C38: (Line C.1 divided by line B.1) x $10,000 | H38: $ | I38: =IF(I35>0,ROUND((I37/I35)*10000,4)," ") | J38: (2)
A41: (1) | C41: If an amount on line 11, 12, or 13 is greater than zero, the district must publish a Truth in Taxation Hearing Notice as described in A.R.S. §15-905.01.
A44: (2) | C44: $10,000 is used in these calculations to determine the amounts to include on the truth in taxation hearing notice for a $100,000 home, as property taxes on residential properties are levied at 10% of the assessed valuation per A.R.S. §42-15003.

Sheet Fund balances
B1: DISTRICT NAME | C1: =DistrictName -> Prescott Unified | E1: CTDS | F1: =Cover!S1 -> 130201000
A3: This tab presents information on the amount and planned use of the District's fund balance to increase transparency and provide decision-makers, other stakeholders, and the public more complete financial information. Other than the FY 2023 ending fund balance amounts, all amounts included on this tab are estimates.
C6: Funds
C7: General | F7: Capital Projects | J7: Special Revenue | M7: Debt Service | N7: Permanent | O7: Enterprise | P7: Internal Services | Q7: Total all funds
A8: A. Estimated FY 2024 fund balances and planned uses in FY 2025 and thereafter | C8: Maintenance and Operations | D8: Unrestricted Capital Outlay (if included in the General Fund) | E8: Other funds reported in the General Fund | F8: Unrestricted Capital Outlay (if not included in the General Fund) | G8: Bond Building | H8: Adjacent Ways | I8: Other capital projects | J8: Classroom Site | K8: Federal and State Grant | L8: Other special revenue | W8: Yes
A10: 1. | B10: FY 2023 final ending fund balance | C10: 7032601 | D10: 2813356 | E10: 4475404 | F10: 0 | G10: 0 | H10: 45389 | I10: 17505 | J10: 548701 | K10: -1905971 | L10: 3664706 | M10: 177608 | N10: 0 | O10: 91741 | P10: 0 | Q10: =SUM(C10:P10) -> 16961040 | W10: No
B11: If the final ending fund balance reported above does not agree with the submitted FY 2023 AFR, revise the AFR and resubmit to ADE.
A13: 2. | B13: FY 2024 activity, year-to-date and estimated through June 30
B14: (a) FY 2024 revenues and other financing sources | C14: 28864063 | D14: 910515 | E14: 3219300 | F14: 0 | G14: 0 | H14: 1512 | I14: 766857 | J14: 3167335 | K14: 4992648 | L14: 2269678 | M14: 774118 | N14: 0 | O14: 18655 | P14: 0 | Q14: =SUM(C14:P14) -> 44984681
B15: (b) FY 2024 expenditures and other financing uses | C15: 29714750 | D15: 2182356 | E15: =3281918+1112590.59 -> 4394509 | F15: 0 | G15: 0 | H15: 0 | I15: 741187 | J15: 3425997 | K15: 4138419 | L15: 3023681 | M15: 420588 | N15: 0 | O15: 0 | P15: 0 | Q15: =SUM(C15:P15) -> 48041487
A17: 3. | B17: Estimated FY 2024 ending fund balance | C17: =C10+C14-C15 -> 6181914 | D17: =D10+D14-D15 -> 1541515 | E17: =E10+E14-E15 -> 3300195 | F17: =F10+F14-F15 -> 0 | G17: =G10+G14-G15 -> 0 | H17: =H10+H14-H15 -> 46901 | I17: =I10+I14-I15 -> 43175 | J17: =J10+J14-J15 -> 290039 | ... P17: =P10+P14-P15 -> 0 | Q17: =SUM(C17:P17) -> 13904234
B18: (a) Nonspendable | C18: =+C17-C19 -> 2181914 | D18: =+D17-D19 -> 241515 | E18: 0 | F18: 0 | G18: 0 | H18: 0 | I18: 0 | J18: 0 | K18: -1097081 | L18: 0 | M18: 0 | N18: 0 | O18: 0 | P18: 0 | Q18: =SUM(C18:P18) -> 1326348
B19: (b) Restricted | C19: 4000000 | D19: 1300000 | E19: 2290195 | F19: 0 | G19: 0 | H19: 46901 | I19: 43174 | J19: 290039 | K19: 0 | L19: 2644703 | M19: 531138 | N19: 0 | O19: 0 | P19: 0 | Q19: =SUM(C19:P19) -> 11146150
B20: (c) Committed | C20: 0 | D20: 0 | E20: 0 | F20: 0 | G20: 0 | H20: 0 | I20: 0 | J20: 0 | K20: 0 | L20: 0 | M20: 0 | N20: 0 | O20: 0 | P20: 0 | Q20: =SUM(C20:P20) -> 0
B21: (d) Assigned | C21: 0 | D21: 0 | E21: 0 | F21: 0 | G21: 0 | H21: 0 | I21: 0 | J21: 0 | K21: 0 | L21: 0 | M21: 0 | N21: 0 | O21: 0 | P21: 0 | Q21: =SUM(C21:P21) -> 0
B22: (e) Unassigned | C22: 0 | D22: 0 | E22: 1010000 | F22: 0 | G22: 0 | H22: 0 | I22: 0 | J22: 0 | K22: 45340 | L22: 266000 | M22: 0 | N22: 0 | O22: 110396 | P22: 0 | Q22: =SUM(C22:P22) -> 1431736
B23: (f) Total (amount must agree to line 3 above) | C23: =SUM(C18:C22) -> 6181914 | D23: =SUM(D18:D22) -> 1541515 | E23: =SUM(E18:E22) -> 3300195 | F23: =SUM(F18:F22) -> 0 | G23: =SUM(G18:G22) -> 0 | H23: =SUM(H18:H22) -> 46901 | I23: =SUM(I18:I22) -> 43174 | J23: =SUM(J18:J22) -> 290039 | ... Q23: =SUM(Q18:Q22) -> 13904234
A25: 4. | B25: FY 2024 estimated ending fund balance details and planned uses
B26: (a) Fund deficit | C26: 0 | D26: 0 | E26: 0 | F26: 0 | G26: 0 | H26: 0 | I26: 0 | J26: 0 | K26: -1111244 | L26: 0 | M26: 0 | N26: 0 | O26: 0 | P26: 0 | Q26: =SUM(C26:P26) -> -1111244
B27: (b) Fund balance exceeding budget capacity in budget controlled funds | C27: =+C18 -> 2181914 | D27: 0 | F27: 0 | J27: 0 | K27: 0 | Q27: =SUM(C27:P27) -> 2181914
B28: (c) Planned to be spent in FY 2025 | C28: =+C19 -> 4000000 | D28: 1541515 | E28: 3300195 | F28: 0 | G28: 0 | H28: 0 | I28: 43174 | J28: 290039 | K28: 59503 | L28: 2910703 | N28: 0 | O28: 110396 | P28: 0 | Q28: =SUM(C28:P28) -> 12255525
B29: (d) Maintained for spending after FY 2025 | C29: 0 | D29: 0 | E29: 0 | F29: 0 | G29: 0 | H29: 46901 | I29: 0 | J29: 0 | K29: 0 | L29: 0 | M29: 531138 | N29: 0 | O29: 0 | P29: 0 | Q29: =SUM(C29:P29) -> 578039
B30: (e) Total (amount must agree to line 3 above) | C30: =SUM(C26:C29) -> 6181914 | D30: =SUM(D26:D29) -> 1541515 | E30: =SUM(E26:E29) -> 3300195 | F30: =SUM(F26:F29) -> 0 | G30: =SUM(G26:G29) -> 0 | H30: =SUM(H26:H29) -> 46901 | I30: =SUM(I26:I29) -> 43174 | J30: =SUM(J26:J29) -> 290039 | ... Q30: =SUM(Q26:Q29) -> 13904234
A32: B. Total budgeted expenditures compared to planned spending
A33: Districts often budget expenditures up to their calculated budget limits in budget-controlled funds each year to avoid losing budget capacity, even if they do not plan to spend up to their budget limit and will carryforward unspent current year budget capacity to future years. This section provides details on planned spending in budget-controlled funds to provide clarity on FY 2025 estimated budget balance carryforwards that will be available for spending after FY 2025.
A34: Total budgeted expenditures compared to planned spending | C34: Maintenance and Operation Fund | D34: Unrestricted Capital Outlay Fund | E34: Classroom Site Fund
A35: 1. | B35: FY 2025 total budgeted expenditures (from budget pages 1, 3, and 4) | C35: =F001TotalExp -> 32686373 | D35: =F610TotalBudgFY -> 2449329 | E35: =F010TotalExp -> 4188135
A36: 2. | B36: FY 2025 planned spending (include any applicable amount from line A.4(c) above) | C36: =+C35-3500000 -> 29186373 | D36: =+D35-1300000 -> 1149329 | E36: =+E35-500000 -> 3688135
A37: 3. | B37: Estimated unspent budget capacity carried forward for spending after FY 2025 | C37: =C35-C36 -> 3500000 | D37: =D35-D36 -> 1300000 | E37: =E35-E36 -> 500000
A40: C. | B40: Comments (optional)
A41: FY24 Ending Fund Balance will be used first in FY25.

Sheet Data Entry
A1: District Name | E1: =DistrictName -> Prescott Unified | H1: County | I1: =Cover!H1 -> Yavapai | K1: CTD Number | L1: =CTD -> 130201000
K2: Version | L2: =Cover!C8 -> Adopted
F3: Data entry sheet
B5: =_xlfn.CONCAT(" FY ",Cover!E3," Legislative amounts") -> FY 2025 Legislative amounts | L5: =IF(OR(L1=0,L2=0),"ENTER CTD NUMBER AND VERSION ON COVER PAGE","")
C6: Base Level Amount (A.R.S. §15-901, as amended by Laws 2024, Ch. 218, §10) | I6: $ | J6: 5013
C7: State Support Level per Route Mile (A.R.S. §15-945, as amended by Laws 2024, Ch. 218, §11)
D8: 0.5 mile or less OR more than 1.0 mile | I8: $ | J8: 2.95
D9: More than 0.5 mile through 1.0 mile | I9: $ | J9: 2.42
C10: Qualifying Tax Rate for elementary or secondary (CTEDs use 0.05) (A.R.S. §41-1276(I), as amended by Laws 2024, Ch. 218. §16) | J10: 1.593
A13: Unweighted student count
B14: All districts must complete lines 1 through 6 below. Prior years ADM amounts (lines 1 and 2) are used to calculate district additional assistance (DAA), including DAA growth factor if applicable, in accordance with A.R.S. §15-961. Estimated current year ADM (lines 3 through 6) is used to calculate the Group A weighted student count included in the Base Support Level calculation on the BSA55 tab, page 2.
C15: Prior Years ADM (A.R.S. §§15-901 and 15-961) | G15: PSD | H15: K-8 | I15: 9-12 | J15: Total | L15: Check box for Type 03 districts that educate high school students.
B16: 1. | C16: =_xlfn.CONCAT("FY ",TwoYearsPrior," 100th-Day ADM ") -> FY 2023 100th-Day ADM | J16: 3580.4596 | K16: =IF(AND(J22>0,PY100DayADM=""),_xlfn.CONCAT("ENTER ",C16),"")
B17: 2. | C17: =_xlfn.CONCAT("FY ",PriorFiscalYear," 100th-Day ADM") -> FY 2024 100th-Day ADM | G17: 15.375 | H17: 2075.518 | I17: 1505.4936 | J17: =UnweightedStudCntPSDPY+UnweightedStudCntK8PY+UnweightedStudCnt912PY -> 3596.3866 | Y17: =IF(AND(UnweightedStudCntK8PY>125,UnweightedStudCntK8PY<154),1,0) -> 0 | Z17: =IF(AND(UnweightedStudCnt912PY>100,UnweightedStudCnt912PY<176),1,0) -> 0
C18: Current Year ADM (A.R.S. §§15-943 and 15-808)
B19: 3. | C19: =_xlfn.CONCAT("FY ",Cover!E3," Estimated non-AOI student count") -> FY 2025 Estimated non-AOI student count | G19: 15.5288 | H19: 2096.2732 | I19: 1520.5485 | J19: =NonAOIStudCntPSDCY+NonAOIStudCntK8CY+NonAOIStudCnt912CY -> 3632.3505 | K19: =IF(AND(VALUE(LEFT(RIGHT(L1,7),2))=3,P15<>"X",OR(NonAOIStudCnt912CY<>"",AOIFTStudCnt912CY<>"",AOIPTStudCnt912CY<>"")),"ERROR: Type 03 districts should only enter amounts on lines 3 through 5 for those high school students that it educates. Type 03 districts that educate their high school students should use the checkbox in cell P15.","")
B20: 4. | C20: =_xlfn.CONCAT("FY ",Cover!E3," Estimated AOI full-time student count") -> FY 2025 Estimated AOI full-time student count | J20: =AOIFTStudCntK8CY+AOIFTStudCnt912CY -> 0
B21: 5. | C21: =_xlfn.CONCAT("FY ",Cover!E3," Estimated AOI part-time student count") -> FY 2025 Estimated AOI part-time student count | J21: =AOIPTStudCntK8CY+AOIPTStudCnt912CY -> 0
B22: 6. | C22: =_xlfn.CONCAT("Total FY ",Cover!E3," estimated student count") -> Total FY 2025 estimated student count | G22: =NonAOIStudCntPSDCY -> 15.5288 | H22: =NonAOIStudCntK8CY+AOIFTStudCntK8CY+AOIPTStudCntK8CY -> 2096.2732 | I22: =NonAOIStudCnt912CY+AOIFTStudCnt912CY+AOIPTStudCnt912CY -> 1520.5485 | J22: =G22+H22+I22 -> 3632.3505
B25: Student count by category
C26: Student counts used to calculate the Group B weighted add-on count used in calculating the Base Support Level.
G27: Non-AOI Student Count | H27: AOI Full-Time Student Count | I27: AOI Part-Time Student Count
B28: 7. | C28: K-3 Reading | G28: 811.3954 | H28: 0 | I28: 0
B29: 8. | C29: K-3 | G29: 811.3954 | H29: 0 | I29: 0
B30: 9. | C30: ELL | G30: 39.555 | H30: 0 | I30: 0
B31: 10. | C31: HI | G31: 1.08 | H31: 0 | I31: 0
B32: 11. | C32: MD-R, A-R, and SID-R | G32: 26.36 | H32: 0 | I32: 0
B33: 12. | C33: MD-SC, A-SC, and SID-SC | G33: 34.95 | H33: 0 | I33: 0
B34: 13. | C34: MD-SSI | G34: 1 | H34: 0 | I34: 0
B35: 14. | C35: OI-R | G35: 5 | H35: 0 | I35: 0
B36: 15. | C36: OI-SC | G36: 3 | H36: 0 | I36: 0
B37: 16. | C37: P-SD | G37: 4.97 | H37: 0 | I37: 0
B38: 17. | C38: DD*, ED, MIID, SLD, SLI*, and OHI | G38: 371.6139 | H38: 0 | I38: 0 | J38: *School aged students only
B39: 18. | C39: ED-P | G39: 14 | H39: 0 | I39: 0
B40: 19. | C40: MOID | G40: 8.53 | H40: 0 | I40: 0
B41: 20. | C41: VI | G41: 0 | H41: 0 | I41: 0
B42: 21. | C42: G | G42: 273.91 | H42: 0 | I42: 0
B43: 22. | C43: FRPL | G43: 1280.6427 | H43: 0 | I43: 0
B44: 23. | C44: Total Add-on Count (lines 7 through 22) | G44: =SUM(G28:G43) -> 3687.4024 | H44: =SUM(H28:H43) -> 0 | I44: =SUM(I28:I43) -> 0
A45: Adjustments to base support level/base revenue control limit (A.R.S. §15-944.E)
C46: K-8 | D46: 9-12
B47: 1. | E47: Check box(es) if the district's schools are designated as small isolated by the State Board of Education. (A.R.S. §15-901)
B51: 2. | E51: Check box if the district has been approved to provide at least 200 days of instruction by ADE. (A.R.S. §15-902.04)
B53: 3. | C53: =_xlfn.CONCAT("Adjusted FY ",Cover!E3," Base Level Amount") -> Adjusted FY 2025 Base Level Amount | L53: =BSA55BLA -> 5013
B54: 4. | C54: =_xlfn.CONCAT("Actual Teacher Experience Index (TEI) from FY ",PriorFiscalYear," Teacher Experience Report (if actual TEI is less than 1.0000 use 1.0000) (A.R.S. Section 15-941)") -> Actual Teacher Experience Index (TEI) from FY 2024 Teacher Experience Report (if actual TEI is less than 1.0000 use 1.0000) (A.R.S. Section 15-941) | L54: 1.0068
B55: 5. | C55: =_xlfn.CONCAT("FY ",TwoYearsPrior," actual non-federal audit expenditures from all funds (A.R.S. Section 15-914.F)") -> FY 2023 actual non-federal audit expenditures from all funds (A.R.S. Section 15-914.F) | L55: 49660.19
B56: 6. | C56: =_xlfn.CONCAT("FY ",TwoYearsPrior," actual federal audit expenditures from all funds") -> FY 2023 actual federal audit expenditures from all funds | L56: 0
B57: 7. | C57: =_xlfn.CONCAT("FY ",TwoYearsPrior," actual total audit expenditures from all funds (line 5 plus line 6)") -> FY 2023 actual total audit expenditures from all funds (line 5 plus line 6) | L57: =L55+L56 -> 49660.19
A59: Transportation (A.R.S. §§15-816.01, 15-945, and 15-946)
B60: 1. | C60: =_xlfn.CONCAT("FY ",PriorFiscalYear," Approved Daily Route Miles") -> FY 2024 Approved Daily Route Miles | L60: 1441
B61: 2. | C61: =_xlfn.CONCAT("Number of Eligible Students Transported in FY ",PriorFiscalYear) -> Number of Eligible Students Transported in FY 2024 | L61: 811.1
B62: 3. | C62: =_xlfn.CONCAT("FY ",PriorFiscalYear," Annual Expenditure for Bus Tokens") -> FY 2024 Annual Expenditure for Bus Tokens | L62: 0
B63: 4. | C63: =_xlfn.CONCAT("FY ",PriorFiscalYear," Annual Expenditure for Bus Passes") -> FY 2024 Annual Expenditure for Bus Passes | L63: 0
B64: 5. | C64: =_xlfn.CONCAT("Actual Route Miles traveled in July and August ",TwoYearsPrior," to Transport Pupils w/Disabilities for Extended School Year") -> Actual Route Miles traveled in July and August 2023 to Transport Pupils w/Disabilities for Extended School Year | L64: 0
B65: 6. | C65: =_xlfn.CONCAT("Estimated Route Miles Traveled in June ",PriorFiscalYear," to Transport Pupils w/Disabilities for Extended School Year") -> Estimated Route Miles Traveled in June 2024 to Transport Pupils w/Disabilities for Extended School Year | L65: 1500
A67: Other information
B68: 1. | C68: Capital transportation adjustment (A.R.S. §15-963.B)
C69: a. | D69: PSD | L69: 0
C70: b. | D70: K-8 | L70: 0
C71: c. | D71: 9-12 | L71: 0
B74: 2. | C74: Adjustment for remote instructional time calculated by ADE (A.R.S. §15-901.08, leave blank for budget adoption)
B75: 3. | C75: Consolidation/unification increase for transitional costs incurred in first year (A.R.S. §§15-912 and 15-912.01)
B76: 4. | C76: CTED 9th Grade Funding Adjustment [(A.R.S. §15-393(X) through (Z), leave blank for budget adoption]
B77: 5. | C77: CTED Continuation 13th Grade Funding Adjustment [(A.R.S. §15-393(X) through (Z), leave blank for budget adoption]
B78: 6. | C78: Free or Reduced-Price Lunch (FRPL) one-time supplement for FY 2025 (leave blank for budget adoption) | AA78: =IF((AND(L78<>"",C78="Other BSL Adjustment 1")),"Yes","")
B79: 7. | C79: District Additional Assistance (DAA) one-time supplement for FY 2025 (leave blank for budget adoption) | AA79: =IF((AND(L79<>"",C79="Other BSL Adjustment 2")),"Yes","")
B81: Assessed property valuations
B82: 8. | C82: =_xlfn.CONCAT(PriorFiscalYear," Primary net assessed valuation (AV)") -> 2024 Primary net assessed valuation (AV) | L82: 1300318710
B83: 9. | C83: =_xlfn.CONCAT(PriorFiscalYear," Primary net assessed valuation (AV2)") -> 2024 Primary net assessed valuation (AV2) | M83: =IF(AND(_PAV2>0,P83<>"X"),"If the amount shown for Primary Assessed Valuation 2 (AV2) on page 6 of the District's most recent BSA 55-1 report from ADE is greater than 0, mark X in cell P77.","")
B84: 10. | C84: =_xlfn.CONCAT(PriorFiscalYear," Salt River Project (SRP) valuation") -> 2024 Salt River Project (SRP) valuation
B85: 11. | C85: =_xlfn.CONCAT(PriorFiscalYear," Government Property Lease Excise Tax assessed valuation") -> 2024 Government Property Lease Excise Tax assessed valuation
B87: Budget balance carryforward (A.R.S. §15-943.01)
B88: 12. | C88: =_xlfn.CONCAT("Adjustments to the General Budget Limit (from FY ",PriorFiscalYear," BUDG75, leave blank for budget adoption)") -> Adjustments to the General Budget Limit (from FY 2024 BUDG75, leave blank for budget adoption) | L88: 0
B89: 13. | C89: =_xlfn.CONCAT("FY ",PriorFiscalYear," M and O Fund actual expenditures (from FY ",PriorFiscalYear," AFR, amount will be estimated for budget adoption)") -> FY 2024 M and O Fund actual expenditures (from FY 2024 AFR, amount will be estimated for budget adoption) | L89: =30000000-649428-100000 -> 29250572
B90: 14. | C90: =_xlfn.CONCAT("FY ",PriorFiscalYear," M and O Fund actual expenditures (if any) for:") -> FY 2024 M and O Fund actual expenditures (if any) for:
C91: a. | D91: Special Program Override | L91: 0
C92: b. | D92: Desegregation (A.R.S. §15-910) | L92: 0
C93: c. | D93: Dropout prevention programs | L93: 0
C94: d. | D94: Joint Career and Technical Education and Vocational Education Center (A.R.S. §15-910.01) | L94: 0
C95: e. | D95: Performance pay (A.R.S. §15-920) | L95: 0
B96: 15. | C96: Budget Balance Carryforward transferred to the School Opening Fund (if any)
B98: Districts receiving Federal Impact Aid Revenues (A.R.S. §15-905.R):
B99: 16. | C99: =_xlfn.CONCAT("FY ",Cover!E3," Impact Aid revenue") -> FY 2025 Impact Aid revenue
B100: 17. | C100: =_xlfn.CONCAT("Impact Aid revenue deposited in FY ",Cover!E3," to the Impact Aid Revenue Bond Debt Service Fund for principal and interest payments") -> Impact Aid revenue deposited in FY 2025 to the Impact Aid Revenue Bond Debt Service Fund for principal and interest payments
B101: 18. | C101: =_xlfn.CONCAT("Impact Aid revenue transferred in FY ",Cover!E3," to the M and O Fund to provide cash for the TRCL/TSL difference") -> Impact Aid revenue transferred in FY 2025 to the M and O Fund to provide cash for the TRCL/TSL difference | O101: TRCL/TSL difference | Q101: =Calculations!O121 -> 0
B102: 19. | C102: =_xlfn.CONCAT("Impact Aid revenue transferred in FY ",Cover!E3," to the M and O Fund to reduce or eliminate taxes") -> Impact Aid revenue transferred in FY 2025 to the M and O Fund to reduce or eliminate taxes
B103: 20. | C103: =_xlfn.CONCAT("FY ",PriorFiscalYear," Ending cash balance in the Impact Aid Fund") -> FY 2024 Ending cash balance in the Impact Aid Fund
B105: Districts operating under the provisions of the small school adjustment (A.R.S. §15-949):
B106: 21. | E106: Check box if the district previously operated under a small school adjustment and no longer qualifies based on current year ADM. The phase down limit for an override election pursuant to A.R.S. §15-481 is shown in the appropriate section of the Calculations page. If this box is checked, the district must complete line 22 below. | K106: =IF(AND(SSAPhaseDownCheckbox="X",SSAFYExceeded=""),"COMPLETE LINE 18 BELOW"," ")
B109: 22. | C109: Enter the fiscal year that the district exceeded the allowable student counts for the first time. (A.R.S. §15-949.C and .E) | K109: FY
B110: 23. | C110: For unified districts that qualified for a phase down limit for K-8 or 9-12 but not both, enter 10% of the RCL attributable to the nonqualifying K-8 or 9-12 weighted student count as provided in A.R.S. §15-971(B)(2)(a).
B112: Districts needing BSL adjustment due to tuition loss (A.R.S. §§15-954 and 15-902.01):
C113: Only complete this section if the district receives less tuition from a district which is inside or outside of this state because the district of residence began to offer instruction in one or more high school grade levels not previously offered.
B115: 24. | C115: Base year - the fiscal year before the other district began to offer instruction | K115: FY
B116: 25. | C116: Base year attending ADM grades 9-12
B117: 26. | C117: Number of tuitioned students lost in the year after the base year due to district of residence offering instruction in grades 9-12 not offered previously
B118: 27. | C118: Tuition received in base year
B119: 28. | C119: Tuition received in fiscal year after base year
B121: 29. | E121: Check box if the district lost student count resulting from the formation of a joint unified school district pursuant to A.R.S. §15-450
B123: 30. | C123: Additional number of tuitioned students lost in the second year after the base year (Type 05 districts only)
...

Sheet Calculations
A1: District name | E1: =Cover!C1 -> Prescott Unified | H1: County | I1: =Cover!H1 -> Yavapai | L1: CTD number | O1: =CTD -> 130201000
N2: Version | O2: =Cover!C8 -> Adopted
F4: Calculations
A8: Calculation of support level weights (group A weights)
H9: Designated as isolated | J9: Not designated as isolated
H11: K-8 | I11: 9-12 | J11: K-8 | L11: 9-12
A12: Student Count 0.001-99.999
B13: Support Level Weight | H13: 1.559 | I13: 1.669 | J13: 1.399 | L13: 1.559
A14: Student Count 100.000-499.999
B15: Student count constant | H15: 500 | I15: 500 | J15: 500 | L15: 500
B16: Student count | G16: - | H16: =IF(AND(UnweightedStudCntK8CY>=100,UnweightedStudCntK8CY<500,SmallIsolatedPSD8Checkbox="X"),UnweightedStudCntK8CY,0) -> 0 | I16: =IF(AND(UnweightedStudCnt912CY>=100,UnweightedStudCnt912CY<500,SmallIsolated912Checkbox="X"),UnweightedStudCnt912CY,0) -> 0 | J16: =IF(AND(UnweightedStudCntK8CY>=100,UnweightedStudCntK8CY<500,SmallIsolatedPSD8Checkbox<>"X"),UnweightedStudCntK8CY,0) -> 0 | L16: =IF(AND(UnweightedStudCnt912CY>=100,UnweightedStudCnt912CY<500,SmallIsolated912Checkbox<>"X"),UnweightedStudCnt912CY,0) -> 0
B17: Difference | G17: = | H17: =IF(H16>0,H15-H16,0) -> 0 | I17: =IF(I16>0,I15-I16,0) -> 0 | J17: =IF(J16>0,J15-J16,0) -> 0 | L17: =IF(L16>0,L15-L16,0) -> 0
B18: Weight adjustment factor | G18: x | H18: 0.0005 | I18: 0.0005 | J18: 0.0003 | L18: 0.0004
B19: Support level weight increase | G19: = | H19: =H17*H18 -> 0 | I19: =I17*I18 -> 0 | J19: =J17*J18 -> 0 | L19: =L17*L18 -> 0
B20: Support level weight | G20: + | H20: 1.358 | I20: 1.468 | J20: 1.278 | L20: 1.398
C21: Adjusted Support Level Weight | G21: = | H21: =IF(H16>0,H19+H20,0) -> 0 | I21: =IF(I16>0,I19+I20,0) -> 0 | J21: =IF(J16>0,J19+J20,0) -> 0 | L21: =IF(L16>0,L19+L20,0) -> 0
A22: Student Count 500.000-599.999
B23: Student count constant | H23: 600 | I23: 600 | J23: 600 | L23: 600
B24: Student count | G24: - | H24: =IF(AND(UnweightedStudCntK8CY>=500,UnweightedStudCntK8CY<600,SmallIsolatedPSD8Checkbox="X"),UnweightedStudCntK8CY,0) -> 0 | I24: =IF(AND(UnweightedStudCnt912CY>=500,UnweightedStudCnt912CY<600,SmallIsolated912Checkbox="X"),UnweightedStudCnt912CY,0) -> 0 | J24: =IF(AND(UnweightedStudCntK8CY>=500,UnweightedStudCntK8CY<600,SmallIsolatedPSD8Checkbox<>"X"),UnweightedStudCntK8CY,0) -> 0 | L24: =IF(AND(UnweightedStudCnt912CY>=500,UnweightedStudCnt912CY<600,SmallIsolated912Checkbox<>"X"),UnweightedStudCnt912CY,0) -> 0
B25: Difference | G25: = | H25: =IF(H24>0,H23-H24,0) -> 0 | I25: =IF(I24>0,I23-I24,0) -> 0 | J25: =IF(J24>0,J23-J24,0) -> 0 | L25: =IF(L24>0,L23-L24,0) -> 0
B26: Weight adjustment factor | G26: x | H26: 0.002 | I26: 0.002 | J26: 0.0012 | L26: 0.0013
B27: Support level weight increase | G27: = | H27: =H25*H26 -> 0 | I27: =I25*I26 -> 0 | J27: =J25*J26 -> 0 | L27: =L25*L26 -> 0
B28: Support level weight | G28: + | H28: 1.158 | I28: 1.268 | J28: 1.158 | L28: 1.268
C29: Adjusted Support Level Weight | G29: = | H29: =IF(H24>0,H27+H28,0) -> 0 | I29: =IF(I24>0,I27+I28,0) -> 0 | J29: =IF(J24>0,J27+J28,0) -> 0 | L29: =IF(L24>0,L27+L28,0) -> 0
A30: Student Count 600.000 or More
B31: Support Level Weight | J31: 1.158 | L31: 1.268
A32: Career Technical Education District
B33: Support Level Weight (A.R.S. §15-943.02) | L33: 1.339 | T33: Total Weighted Student Count
U34: K-3 | V34: K-3 R
T35: Non-AOI | U35: =NonAOIStudCntK3*K3SLW -> 48.6837 | V35: =NonAOIStudCntK3R*K3RSLW -> 32.4558
T36: AOI FT* | U36: =AOIFTStudCntK3*K3SLW*AOIFTFundFactor -> 0 | V36: =AOIFTStudCntK3R*K3RSLW*AOIFTFundFactor -> 0
A37: Other calculations | T37: AOI PT* | U37: =AOIPTStudCntK3*K3SLW*AOIPTFundFactor -> 0 | V37: =AOIPTStudCntK3R*K3RSLW*AOIPTFundFactor -> 0
B38: 1. | C38: Portion of BSL/BRCL from total K-3 and total K-3 Reading weighted student counts: | L38: K-3 | N38: $ | O38: =ROUND(U38*BSA55BLA*BSA55TEI,2) -> 245710.94 | T38: Total | U38: =U35+U36+U37 -> 48.6837 | V38: =V35+V36+V37 -> 32.4558
L39: K-3 Reading | N39: $ | O39: =ROUND(V38*BSA55BLA*BSA55TEI,2) -> 163807.29 | T39: *AOI counts shown reflect applicable full-time or part-time funding ratio.
B41: 2. | C41: Additional Tax in Districts Ineligible for Equalization Assistance, Amount to be Levied and Paid to the State (A.R.S. §15-992) | N41: $ | O41: =IF(OR(EqualAssistPSD8=0,EqualAssist912=0),IF((0.5*(QLPSD8+_QL912))-EqualBasePSD8-EqualBase912>0,0.5*(QLPSD8+_QL912)-EqualBasePSD8-EqualBase912,0),0) -> 0
A48: Calculation of district additional assistance (DAA) per student count amounts (A.R.S. §§15-961, as amended by Laws 2023, Ch. 142, §6; and 15-962.01)
F49: Table to calculate DAA per student count
L50: K-8 | O50: 9-12
B51: 1. | C51: =_xlfn.CONCAT("FY ",Cover!E3," Student Count (",PriorFiscalYear," ADM): .001 - 99.999") -> FY 2025 Student Count (2024 ADM): .001 - 99.999
F52: DAA per Student Count | K52: $ | L52: 663.81 | N52: $ | O52: 732.87
B54: 2. | C54: =_xlfn.CONCAT("FY ",Cover!E3," Student Count (",PriorFiscalYear," ADM): 100.000 - 499.999") -> FY 2025 Student Count (2024 ADM): 100.000 - 499.999
C55: a. | D55: Student Count Constant | L55: 500 | O55: 500
C56: b. | D56: Student count | J56: - | L56: =IF(AND(100<='Data Entry'!H17,'Data Entry'!H17<500),'Data Entry'!H17,0) -> 0 | M56: - | O56: =IF(AND(VALUE(LEFT(RIGHT(O1,7),2))=3,(UnweightedStudCnt912PY+HSCountDORtoDOA)>=100,(UnweightedStudCnt912PY+HSCountDORtoDOA)<500),(UnweightedStudCnt912PY+HSCountDORtoDOA),IF(AND(UnweightedStudCnt912PY>=100,UnweightedStudCnt912PY<500),UnweightedStudCnt912PY,0)) -> 0
C57: c. | D57: Difference | J57: = | L57: =IF(L56>0,L55-L56,0) -> 0 | M57: = | O57: =IF(O56>0,O55-O56,0) -> 0
C58: d. | D58: Weight adjustment factor | J58: x | L58: 0.0003 | M58: x | O58: 0.0004
C59: e. | D59: Support level weight increase | J59: = | L59: =IF(L56>0,ROUND(+L57*L58,3),0) -> 0 | M59: = | O59: =IF(O56>0,ROUND(+O57*O58,3),0) -> 0
C60: f. | D60: Support level weight | J60: + | L60: 1.278 | M60: + | O60: 1.398
C61: g. | D61: Adjusted support level weight | J61: = | L61: =IF(L56>0,+L59+L60,0) -> 0 | M61: = | O61: =IF(O56>0,+O59+O60,0) -> 0
C62: h. | D62: Support level amount | J62: x | K62: $ | L62: 474.47 | M62: x | N62: $ | O62: 494.39
C63: i. | F63: DAA per Student Count | J63: = | K63: $ | L63: =IF(L56>0,ROUND(+L61*L62,2),0) -> 0 | M63: = | N63: $ | O63: =IF(O56>0,ROUND(+O61*O62,2),0) -> 0
B65: 3. | C65: =_xlfn.CONCAT("FY ",Cover!E3," Student Count (",PriorFiscalYear," ADM): 500.000 - 599.999") -> FY 2025 Student Count (2024 ADM): 500.000 - 599.999
C66: a. | D66: Student Count Constant | L66: 600 | O66: 600
C67: b. | D67: Student count | J67: - | L67: =IF(AND(500<='Data Entry'!H17,'Data Entry'!H17<600),'Data Entry'!H17,0) -> 0 | M67: - | O67: =IF(AND(VALUE(LEFT(RIGHT(O1,7),2))=3,('Data Entry'!I17+'Data Entry'!L127)>=500,('Data Entry'!I17+'Data Entry'!L127)<600),('Data Entry'!I17+'Data Entry'!L127),IF(AND('Data Entry'!I17>=500,'Data Entry'!I17<600),'Data Entry'!I17,0)) -> 0
C68: c. | D68: Difference | J68: = | L68: =IF(L67>0,+L66-L67,0) -> 0 | M68: = | O68: =IF(O67>0,+O66-O67,0) -> 0
C69: d. | D69: Weight adjustment factor | J69: x | L69: 0.0012 | M69: x | O69: 0.0013
C70: e. | D70: Support level weight increase | J70: = | L70: =IF(L67>0,ROUND(+L68*L69,3),0) -> 0 | M70: = | O70: =IF(O67>0,ROUND(+O68*O69,3),0) -> 0
C71: f. | D71: Support level weight | J71: + | L71: 1.158 | M71: + | O71: 1.268
C72: g. | D72: Adjusted support level weight | J72: = | L72: =IF(L67>0,+L70+L71,0) -> 0 | M72: = | O72: =IF(O67>0,+O70+O71,0) -> 0
C73: h. | D73: Support level amount | J73: x | K73: $ | L73: 474.47 | M73: x | N73: $ | O73: 494.39
C74: i. | F74: DAA per Student Count | J74: = | K74: $ | L74: =IF(L67>0,ROUND(+L72*L73,2),0) -> 0 | M74: = | N74: $ | O74: =IF(O67>0,ROUND(+O72*O73,2),0) -> 0
B76: 4. | C76: =_xlfn.CONCAT("FY ",Cover!E3," Student Count (",PriorFiscalYear," ADM): 600.000 or More and Career Technical Education Districts") -> FY 2025 Student Count (2024 ADM): 600.000 or More and Career Technical Education Districts
F77: DAA per Student Count | K77: $ | L77: 549.45 | N77: $ | O77: 600.86
A82: Calculation of Maintenance and Operation (M&O) Fund budget balance carryforward (A.R.S. §15-943.01)
B83: 1. | C83: =_xlfn.CONCAT("General Budget Limit (GBL) (from FY ",PriorFiscalYear," latest revised budget, page 7, line 11)") -> General Budget Limit (GBL) (from FY 2024 latest revised budget, page 7, line 11) | Q83: $ | R83: =[1]!GBLBudgFY -> 33250572
B84: 2. | C84: =_xlfn.CONCAT("Adjustments to the GBL (from FY ",PriorFiscalYear," BUDG75, amount will be zero for budget adoption)") -> Adjustments to the GBL (from FY 2024 BUDG75, amount will be zero for budget adoption) | Q84: $ | R84: =BUDG75Adj -> 0
B85: 3. | C85: Adjusted GBL | Q85: $ | R85: =R83+R84 -> 33250572
B86: 4. | C86: =_xlfn.CONCAT("Budgeted M and O expenditures (from FY ",PriorFiscalYear," latest revised Budget, page 1, line 30, Total Budget Year Column)") -> Budgeted M and O expenditures (from FY 2024 latest revised Budget, page 1, line 30, Total Budget Year Column) | Q86: $ | R86: =[1]!F001TotalExp -> 33250572
B87: 5. | C87: Adjustments to the GBL (from line 2) | Q87: $ | R87: =R84 -> 0
B88: 6. | C88: Adjusted budgeted expenditures | Q88: $ | R88: =R86+R87 -> 33250572
B89: 7. | C89: Lesser of the adjusted GBL (line 3) or the adjusted budgeted expenditures (line 6) | Q89: $ | R89: =MIN(R85,R88) -> 33250572
B90: 8. | C90: =_xlfn.CONCAT("FY ",PriorFiscalYear," M and O Fund actual expenditures (from FY ",PriorFiscalYear," AFR, amount will be estimated for budget adoption)") -> FY 2024 M and O Fund actual expenditures (from FY 2024 AFR, amount will be estimated for budget adoption) | Q90: $ | R90: =PYTotMOActExpend -> 29250572
B91: 9. | C91: Budget balance (line 7 minus line 8) (If negative, zero is shown. Any negative amount is shown here in parentheses.) | K91: $ | L91: =IF((R89-R90<0),R89-R90," ") | N91: =IF(L91<0,"OVEREXPENDED"," ") | Q91: $ | R91: =IF(R89-R90>0,R89-R90,0) -> 4000000
B93: =_xlfn.CONCAT("Note: For lines 10.a through 10.f the FY ",PriorFiscalYear," actual expenditures are deducted from the budget amount. If the result is negative, zero is shown.") -> Note: For lines 10.a through 10.f the FY 2024 actual expenditures are deducted from the budget amount. If the result is negative, zero is shown.
B95: 10. | C95: =_xlfn.CONCAT("FY ",PriorFiscalYear," Actual expenditures:") -> FY 2024 Actual expenditures: | K95: =_xlfn.CONCAT("FY ",PriorFiscalYear," Budget") -> FY 2024 Budget | N95: Actual | Q95: Unexpended Budget
C96: a. | D96: Special program override | K96: $ | L96: =[1]!SpecProgOverride -> 0 | M96: - | N96: $ | O96: ='Data Entry'!L91 -> 0 | P96: = | Q96: $ | R96: =IF(L96-O96>0,L96-O96,0) -> 0
C97: b. | D97: Desegregation | K97: $ | L97: =[1]!BudgIncrDesegExp -> 0 | M97: - | N97: $ | O97: ='Data Entry'!L92 -> 0 | P97: = | Q97: $ | R97: =IF(L97-O97>0,L97-O97,0) -> 0
C98: c. | D98: Dropout prevention programs | K98: $ | L98: =[1]!BudgIncrDropPrevProg -> 0 | M98: - | N98: $ | O98: ='Data Entry'!L93 -> 0 | P98: = | Q98: $ | R98: =IF(L98-O98>0,L98-O98,0) -> 0
C99: d. | D99: Joint Career and Technical Education and Vocational Education Center | K99: $ | L99: =[1]!BudgIncrJCTEVEC -> 0 | M99: - | N99: $ | O99: ='Data Entry'!L94 -> 0 | P99: = | Q99: $ | R99: =IF(L99-O99>0,L99-O99,0) -> 0
C100: e. | D100: Performance pay | K100: $ | L100: =[1]!BudgIncrJCTEVEC -> 0 | M100: - | N100: $ | O100: ='Data Entry'!L95 -> 0 | P100: = | Q100: $ | R100: =IF(L100-O100>0,L100-O100,0) -> 0
C101: f. | D101: Total budget balance deductions (lines 10.a through 10.f) | P101: = | Q101: $ | R101: =R96+R97+R98+R99+R100 -> 0
B102: 11. | C102: Budget Balance after deductions (If negative, the district does not have any budget balance to carry forward.) | Q102: $ | R102: =IF(R91-R101>0,R91-R101,0) -> 4000000
B103: 12. | C103: =_xlfn.CONCAT("Budget Balance Carryforward transferred to the School Opening Fund (not to exceed the lesser of line 11 or the FY ",PriorFiscalYear," M and O Fund ending cash balance)") -> Budget Balance Carryforward transferred to the School Opening Fund (not to exceed the lesser of line 11 or the FY 2024 M and O Fund ending cash balance) | P103: - | Q103: $ | R103: =IF('Data Entry'!L96>0,MIN('Data Entry'!L96,R102),0) -> 0
B104: 13. | C104: Actual Budget Balance Carryforward to be used in M&O Fund (for GBL calculation on page 7, line 8.c) | P104: = | Q104: $ | R104: =R102-R103 -> 4000000
B106: 14. | C106: Accommodation district cash balance carryforward
C107: a. | D107: =_xlfn.CONCAT("M and O Fund cash balance as of June 30, ",PriorFiscalYear) -> M and O Fund cash balance as of June 30, 2024 | Q107: $ | R107: =IF(VALUE(LEFT(RIGHT(O1,7),2))=1,PYEndMOCash,0) -> 0
C108: b. | D108: Actual Budget Balance Carryforward | P108: - | Q108: $ | R108: =IF(AND(VALUE(LEFT(RIGHT(O1,7),2))=1,LessDSLorRCL912>0),R104,0) -> 0
C109: c. | D109: Remaining M&O cash balance | P109: = | Q109: $ | R109: =R107-R108 -> 0
B110: 15. | C110: Accommodation district maximum RCL addition that may be authorized by County School Superintendent:
C111: a. | D111: The amount on line 14.c or | N111: $ | O111: =R109 -> 0
C112: b. | D112: =_xlfn.CONCAT("10% of the FY ",Cover!E3," RCL calculated using the district's ",PriorFiscalYear," ADM") -> 10% of the FY 2025 RCL calculated using the district's 2024 ADM | N112: $ | O112: =AccommRCL10 -> 0
C113: c. | D113: =_xlfn.CONCAT("Up to 5% of the FY ",Cover!E3," RCL calculated pursuant to A.R.S. Section 15-482.B") -> Up to 5% of the FY 2025 RCL calculated pursuant to A.R.S. Section 15-482.B | M113: + | N113: $ | O113: =AccommRCL05 -> 0
C114: d. | D114: Result (line 15.b plus line 15.c) | M114: = | N114: $ | O114: =O112+O113 -> 0
C115: e. | D115: The lesser of line 15.a or 15.d | Q115: $ | R115: =MIN(O111,O114) -> 0
A117: Calculation of the amount available to be spent in the Impact Aid Fund (A.R.S. §15-905.R)
B118: 1. | C118: =_xlfn.CONCAT("FY ",Cover!E3," Impact Aid revenue") -> FY 2025 Impact Aid revenue | Q118: $ | R118: ='Data Entry'!L99 -> 0
B119: 2. | C119: =_xlfn.CONCAT("Impact Aid revenue deposited in FY ",Cover!E3," to the Impact Aid Revenue Bond Debt Service Fund for principal and interest payments") -> Impact Aid revenue deposited in FY 2025 to the Impact Aid Revenue Bond Debt Service Fund for principal and interest payments
P120: - | Q120: $ | R120: ='Data Entry'!L100 -> 0
B121: 3. | C121: TRCL/TSL difference | N121: $ | O121: =IF('Data Entry'!L99>0,CYTRCL-TSL,0) -> 0
B122: 4. | C122: =_xlfn.CONCAT("Impact Aid revenue transferred in FY ",Cover!E3," to the M and O Fund to provide cash for the TRCL/TSL difference calculated on line 3") -> Impact Aid revenue transferred in FY 2025 to the M and O Fund to provide cash for the TRCL/TSL difference calculated on line 3 | P122: - | Q122: $ | R122: ='Data Entry'!L101 -> 0
B123: 5. | C123: =_xlfn.CONCAT("Impact Aid revenue transferred in FY ",Cover!E3," to the M and O Fund to reduce or eliminate taxes") -> Impact Aid revenue transferred in FY 2025 to the M and O Fund to reduce or eliminate taxes | P123: - | Q123: $ | R123: ='Data Entry'!L102 -> 0
...

Sheet BSA55
A1: District name | B1: =DistrictName -> Prescott Unified | F1: County | G1: =Cover!H1 -> Yavapai | K1: CTDnNumber | L1: =CTD -> 130201000
K2: Version | L2: =Version -> Adopted
D3: =IF(DistrictName<>0,DistrictName,"") -> Prescott Unified
D4: Basic Calculations For Equalization Essistance
F5: Is Small Isolated School District: | G5: =IF(AND(SmallIsolatedPSD8Checkbox="X",SmallIsolated912Checkbox="X"),"Both Elementary and High School",IF(SmallIsolatedPSD8Checkbox="X","Elementary",IF(SmallIsolated912Checkbox="X","High School","Not Isolated"))) -> Not Isolated | L5: District Page: | M5: 1 of 5
A6: Grade Levels | C6: Non-AOI ADM | D6: AOI-FT ADM | E6: AOI-PT ADM | F6: Support Level Weight | G6: Non-AOI Weighted ADM | H6: AOI-FT Weighted ADM | I6: AOI-PT Weighted ADM
A7: PSD | C7: =NonAOIStudCntPSDCY -> 15.5288 | D7: =AOIFTStudCntPSDCY -> 0 | E7: =AOIPTStudCntPSDCY -> 0 | F7: =IF(AND(C7=0,D7=0,E7=0),0,1.45) -> 1.45 | G7: =NonAOIStudCntPSDCY*F7 -> 22.5168 | H7: =AOIFTStudCntPSDCY*F7 -> 0 | I7: =AOIPTStudCntPSDCY*F7 -> 0
A8: K-8,UE | C8: =NonAOIStudCntK8CY -> 2096.2732 | D8: =AOIFTStudCntK8CY -> 0 | E8: =AOIPTStudCntK8CY -> 0 | F8: =IF(UnweightedStudCntK8CY>0,AA13,0) -> 1.158 | G8: =NonAOIStudCntK8CY*F8 -> 2427.4844 | H8: =AOIFTStudCntK8CY*F8 -> 0 | I8: =AOIPTStudCntK8CY*F8 -> 0
A9: 9-12 | C9: =NonAOIStudCnt912CY -> 1520.5485 | D9: =AOIFTStudCnt912CY -> 0 | E9: =AOIPTStudCnt912CY -> 0 | F9: =IF(VALUE(LEFT(RIGHT(L1,7),2))=8,SuppLvlWgt912NonIsolated,IF(UnweightedStudCnt912CY>0,AA15,0)) -> 1.268 | G9: =NonAOIStudCnt912CY*F9 -> 1928.0555 | H9: =AOIFTStudCnt912CY*F9 -> 0 | I9: =AOIPTStudCnt912CY*F9 -> 0
A10: Regular Education Unweighted ADM | C10: =TotalNonAOIStudCntCY -> 3632.3505 | D10: =TotalAOIFTStudCntCY -> 0 | E10: =TotalAOIPTStudCntCY -> 0
A11: Total of Unweighted ADM | E11: =SUM(C10:E10) -> 3632.3505
A12: Regular Education Weighted ADM | G12: =((C7*F7)+(C8*F8)+(C9*F9)) -> 4378.0566 | H12: =((D7*F7)+(D8*F8)+(D9*F9)) -> 0 | I12: =((E7*F7)+(E8*F8)+(E9*F9)) -> 0
A13: Total of Weighted ADM | I13: =(((C7+D7+E7)*F7)+((C8+D8+E8)*F8)+((C9+D9+E9)*F9)) -> 4378.0566 | AA13: =IF(AND('Data Entry'!H22<100,SmallIsolatedPSD8Checkbox="X"),Calculations!H13,IF(AND('Data Entry'!H22<100,SmallIsolatedPSD8Checkbox<>"X"),Calculations!J13,IF(AND('Data Entry'!H22>=100,'Data Entry'!H22<500,SmallIsolatedPSD8Checkbox="X"),Calculations!H21,IF(AND('Data Entry'!H22>=100,'Data Entry'!H22<500,SmallIsolatedPSD8Checkbox<>"X"),Calculations!J21,IF(AND('Data Entry'!H22>=500,'Data Entry'!H22<600,SmallIsolatedPSD8Checkbox="X"),Calculations!H29,IF(AND('Data Entry'!H22>=500,'Data Entry'!H22<600,SmallIsolatedPSD8Checkbox<>"X"),Calculations!J29,IF('Data Entry'!H22>=600,Calculations!J31,0))))))) -> 1.158
AA15: =IF(AND('Data Entry'!I22<100,SmallIsolated912Checkbox="X"),Calculations!I13,IF(AND('Data Entry'!I22<100,SmallIsolated912Checkbox<>"X"),Calculations!L13,IF(AND('Data Entry'!I22>=100,'Data Entry'!I22<500,SmallIsolated912Checkbox="X"),Calculations!I21,IF(AND('Data Entry'!I22>=100,'Data Entry'!I22<500,SmallIsolated912Checkbox<>"X"),Calculations!L21,IF(AND('Data Entry'!I22>=500,'Data Entry'!I22<600,SmallIsolated912Checkbox="X"),Calculations!I29,IF(AND('Data Entry'!I22>=500,'Data Entry'!I22<600,SmallIsolated912Checkbox<>"X"),Calculations!L29,IF('Data Entry'!I22>=600,Calculations!L31,0))))))) -> 1.268
A16: Add Ons | C16: Non-AOI ADM | D16: AOI-FT ADM | E16: AOI-PT ADM | F16: Support Level Weight | G16: Non-AOI Weighted ADM | H16: AOI-FT Weighted ADM | I16: AOI-PT Weighted ADM
A17: ELL | C17: =NonAOIStudCntELL -> 39.555 | D17: =AOIFTStudCntELL -> 0 | E17: =AOIPTStudCntELL -> 0 | F17: 0.115 | G17: =NonAOIStudCntELL*F17 -> 4.5488 | H17: =AOIFTStudCntELL*F17 -> 0 | I17: =AOIPTStudCntELL*F17 -> 0
A18: K-3 | C18: =NonAOIStudCntK3 -> 811.3954 | D18: =AOIFTStudCntK3 -> 0 | E18: =AOIPTStudCntK3 -> 0 | F18: 0.06 | G18: =NonAOIStudCntK3*F18 -> 48.6837 | H18: =AOIFTStudCntK3*F18 -> 0 | I18: =AOIPTStudCntK3*F18 -> 0
A19: K-3 (Reading) | C19: =NonAOIStudCntK3R -> 811.3954 | D19: =AOIFTStudCntK3R -> 0 | E19: =AOIPTStudCntK3R -> 0 | F19: 0.04 | G19: =NonAOIStudCntK3R*F19 -> 32.4558 | H19: =AOIFTStudCntK3R*F19 -> 0 | I19: =AOIPTStudCntK3R*F19 -> 0
A20: HI | C20: =NonAOIStudCntHI -> 1.08 | D20: =AOIFTStudCntHI -> 0 | E20: =AOIPTStudCntHI -> 0 | F20: 4.771 | G20: =NonAOIStudCntHI*F20 -> 5.1527 | H20: =AOIFTStudCntHI*F20 -> 0 | I20: =AOIPTStudCntHI*F20 -> 0
A21: MD-R, A-R, SID-R | C21: =NonAOIStudCntMDR.AR.SIDR -> 26.36 | D21: =AOIFTStudCntMDR.AR.SIDR -> 0 | E21: =AOIPTStudCntMDR.AR.SIDR -> 0 | F21: 6.024 | G21: =NonAOIStudCntMDR.AR.SIDR*F21 -> 158.7926 | H21: =AOIFTStudCntMDR.AR.SIDR*F21 -> 0 | I21: =AOIPTStudCntMDR.AR.SIDR*F21 -> 0
A22: MD-SC, A-SC, SID-SC | C22: =NonAOIStudCntMDSC.ASC.SIDSC -> 34.95 | D22: =AOIFTStudCntMDSC.ASC.SIDSC -> 0 | E22: =AOIPTStudCntMDSC.ASC.SIDSC -> 0 | F22: 5.988 | G22: =NonAOIStudCntMDSC.ASC.SIDSC*F22 -> 209.2806 | H22: =AOIFTStudCntMDSC.ASC.SIDSC*F22 -> 0 | I22: =AOIPTStudCntMDSC.ASC.SIDSC*F22 -> 0
A23: MD-SSI | C23: =NonAOIStudCntMDSSI -> 1 | D23: =AOIFTStudCntMDSSI -> 0 | E23: =AOIPTStudCntMDSSI -> 0 | F23: 7.947 | G23: =NonAOIStudCntMDSSI*F23 -> 7.947 | H23: =AOIFTStudCntMDSSI*F23 -> 0 | I23: =AOIPTStudCntMDSSI*F23 -> 0
A24: OI-R | C24: =NonAOIStudCntOIR -> 5 | D24: =AOIFTStudCntOIR -> 0 | E24: =AOIPTStudCntOIR -> 0 | F24: 3.158 | G24: =NonAOIStudCntOIR*F24 -> 15.79 | H24: =AOIFTStudCntOIR*F24 -> 0 | I24: =AOIPTStudCntOIR*F24 -> 0
A25: OI-SC | C25: =NonAOIStudCntOISC -> 3 | D25: =AOIFTStudCntOISC -> 0 | E25: =AOIPTStudCntOISC -> 0 | F25: 6.773 | G25: =NonAOIStudCntOISC*F25 -> 20.319 | H25: =AOIFTStudCntOISC*F25 -> 0 | I25: =AOIPTStudCntOISC*F25 -> 0
A26: P-SD | C26: =NonAOIStudCntP.SD -> 4.97 | D26: =AOIFTStudCntP.SD -> 0 | E26: =AOIPTStudCntP.SD -> 0 | F26: 3.595 | G26: =NonAOIStudCntP.SD*F26 -> 17.8672 | H26: =AOIFTStudCntP.SD*F26 -> 0 | I26: =AOIPTStudCntP.SD*F26 -> 0
A27: DD, ED, MIID, SLD, SLI, OHI | C27: =NonAOIStudCntDD.ED.MIID.SLD.SLI.OHI -> 371.6139 | D27: =AOIFTStudCntDD.ED.MIID.SLD.SLI.OHI -> 0 | E27: =AOIPTStudCntDD.ED.MIID.SLD.SLI.OHI -> 0 | F27: 0.292 | G27: =NonAOIStudCntDD.ED.MIID.SLD.SLI.OHI*F27 -> 108.5113 | H27: =AOIFTStudCntDD.ED.MIID.SLD.SLI.OHI*F27 -> 0 | I27: =AOIPTStudCntDD.ED.MIID.SLD.SLI.OHI*F27 -> 0
A28: ED-P | C28: =NonAOIStudCntEDP -> 14 | D28: =AOIFTStudCntEDP -> 0 | E28: =AOIPTStudCntEDP -> 0 | F28: 4.822 | G28: =NonAOIStudCntEDP*F28 -> 67.508 | H28: =AOIFTStudCntEDP*F28 -> 0 | I28: =AOIPTStudCntEDP*F28 -> 0
A29: MOID | C29: =NonAOIStudCntMOID -> 8.53 | D29: =AOIFTStudCntMOID -> 0 | E29: =AOIPTStudCntMOID -> 0 | F29: 4.421 | G29: =NonAOIStudCntMOID*F29 -> 37.7111 | H29: =AOIFTStudCntMOID*F29 -> 0 | I29: =AOIPTStudCntMOID*F29 -> 0
A30: VI | C30: =NonAOIStudCntVI -> 0 | D30: =AOIFTStudCntVI -> 0 | E30: =AOIPTStudCntVI -> 0 | F30: 4.806 | G30: =NonAOIStudCntVI*F30 -> 0 | H30: =AOIFTStudCntVI*F30 -> 0 | I30: =AOIPTStudCntVI*F30 -> 0
A31: G | C31: =NonAOIStudCntG -> 273.91 | D31: =AOIFTStudCntG -> 0 | E31: =AOIPTStudCntG -> 0 | F31: 0.007 | G31: =NonAOIStudCntG*F31 -> 1.9174 | H31: =AOIFTStudCntG*F31 -> 0 | I31: =AOIPTStudCntG*F31 -> 0
A32: FRPL | C32: =NonAOIStudCntFRPL -> 1280.6427 | D32: =AOIFTStudCntFRPL -> 0 | E32: =AOIPTStudCntFRPL -> 0 | F32: 0.022 | G32: =NonAOIStudCntFRPL*F32 -> 28.1741 | H32: =AOIFTStudCntFRPL*F32 -> 0 | I32: =AOIPTStudCntFRPL*F32 -> 0
A33: Group B - Add On Unweighted ADM | C33: =SUM(C17:C32) -> 3687.4024 | D33: =SUM(D17:D32) -> 0 | E33: =SUM(E17:E32) -> 0
A34: Total Unweighted Group B Add On | E34: =SUM(C33:E33) -> 3687.4024
A35: Group B - Add On Weighted ADM | G35: =((C17*F17)+(C18*F18)+(C19*F19)+(C20*F20)+(C21*F21)+(C22*F22)+(C23*F23)+(C24*F24)+(C25*F25)+(C26*F26)+(C27*F27)+(C28*F28)+(C29*F29)+(C30*F30)+(C31*F31)+(C32*F32)) -> 764.6593 | H35: =((D17*F17)+(D18*F18)+(D19*F19)+(D20*F20)+(D21*F21)+(D22*F22)+(D23*F23)+(D24*F24)+(D25*F25)+(D26*F26)+(D27*F27)+(D28*F28)+(D29*F29)+(D30*F30)+(D31*F31)+(D32*F32)) -> 0 | I35: =((E17*F17)+(E18*F18)+(E19*F19)+(E20*F20)+(E21*F21)+(E22*F22)+(E23*F23)+(E24*F24)+(E25*F25)+(E26*F26)+(E27*F27)+(E28*F28)+(E29*F29)+(E30*F30)+(E31*F31)+(E32*F32)) -> 0
A36: Total Weighted Group B Add On | I36: =(((C17+D17+E17)*F17)+((C18+D18+E18)*F18)+((C19+D19+E19)*F19)+((C20+D20+E20)*F20)+((C21+D21+E21)*F21)+((C22+D22+E22)*F22)+((C23+D23+E23)*F23)+((C24+D24+E24)*F24)+((C25+D25+E25)*F25)+((C26+D26+E26)*F26)+((C27+D27+E27)*F27)+((C28+D28+E28)*F28)+((C29+D29+E29)*F29)+((C30+D30+E30)*F30)+((C31+D31+E31)*F31)+((C32+D32+E32)*F32)) -> 764.6593
L38: =CTD -> 130201000
D39: =IF(DistrictName<>0,DistrictName,"") -> Prescott Unified
D40: Basic Calculations For Equalization Essistance
F41: Is Small Isolated School District: | G41: =IF(AND(SmallIsolatedPSD8Checkbox="X",SmallIsolated912Checkbox="X"),"Elementary and High School",IF(SmallIsolatedPSD8Checkbox="X","Elementary",IF(SmallIsolated912Checkbox="X","High School","Not Isolated"))) -> Not Isolated | L41: District Page: | M41: 2 of 5
A43: Calculation For Base Support Level | D43: Non-AOI ADM | F43: AOI-FT ADM | H43: AOI-PT ADM
A44: Regular Education Weighted ADM | D44: =NonAOIRegEdWgtdADM -> 4378.0566 | F44: =AOIFTRegEdWgtdADM -> 0 | H44: =AOIPTRegEdWgtdADM -> 0
A45: Group B - Add On Weighted ADM | C45: + | D45: =NonAOIGrBAddOnWgtdADM -> 764.6593 | E45: + | F45: =AOIFTGrBAddOnWgtdADM -> 0 | G45: + | H45: =AOIPTGrBAddOnWgtdADM -> 0
A46: Total ADM | C46: = | D46: =((C7*F7)+(C8*F8)+(C9*F9)+C17*F17)+(C18*F18)+(C19*F19)+(C20*F20)+(C21*F21)+(C22*F22)+(C23*F23)+(C24*F24)+(C25*F25)+(C26*F26)+(C27*F27)+(C28*F28)+(C29*F29)+(C30*F30)+(C31*F31)+(C32*F32) -> 5142.716 | E46: = | F46: =((D7*F7)+(D8*F8)+(D9*F9)+(D17*F17)+(D18*F18)+(D19*F19)+(D20*F20)+(D21*F21)+(D22*F22)+(D23*F23)+(D24*F24)+(D25*F25)+(D26*F26)+(D27*F27)+(D28*F28)+(D29*F29)+(D30*F30)+(D31*F31)+(D32*F32)) -> 0 | G46: = | H46: =((E7*F7)+(E8*F8)+(E9*F9)+(E17*F17)+(E18*F18)+(E19*F19)+(E20*F20)+(E21*F21)+(E22*F22)+(E23*F23)+(E24*F24)+(E25*F25)+(E26*F26)+(E27*F27)+(E28*F28)+(E29*F29)+(E30*F30)+(E31*F31)+(E32*F32)) -> 0
A47: AOI Funding Factor | C47: x | D47: 1 | E47: x | F47: 0.95 | G47: x | H47: 0.85
A48: Weighted ADM | C48: = | D48: =(((C7*F7)+(C8*F8)+(C9*F9)+C17*F17)+(C18*F18)+(C19*F19)+(C20*F20)+(C21*F21)+(C22*F22)+(C23*F23)+(C24*F24)+(C25*F25)+(C26*F26)+(C27*F27)+(C28*F28)+(C29*F29)+(C30*F30)+(C31*F31)+(C32*F32))*D47 -> 5142.716 | E48: = | F48: =(((D7*F7)+(D8*F8)+(D9*F9)+(D17*F17)+(D18*F18)+(D19*F19)+(D20*F20)+(D21*F21)+(D22*F22)+(D23*F23)+(D24*F24)+(D25*F25)+(D26*F26)+(D27*F27)+(D28*F28)+(D29*F29)+(D30*F30)+(D31*F31)+(D32*F32)))*F47 -> 0 | G48: = | H48: =(((E7*F7)+(E8*F8)+(E9*F9)+(E17*F17)+(E18*F18)+(E19*F19)+(E20*F20)+(E21*F21)+(E22*F22)+(E23*F23)+(E24*F24)+(E25*F25)+(E26*F26)+(E27*F27)+(E28*F28)+(E29*F29)+(E30*F30)+(E31*F31)+(E32*F32)))*H47 -> 0
A51: Total Weighted ADM | H51: =((C7*F7)+(C8*F8)+(C9*F9)+C17*F17)+(C18*F18)+(C19*F19)+(C20*F20)+(C21*F21)+(C22*F22)+(C23*F23)+(C24*F24)+(C25*F25)+(C26*F26)+(C27*F27)+(C28*F28)+(C29*F29)+(C30*F30)+(C31*F31)+(C32*F32)+(((D7*F7)+(D8*F8)+(D9*F9)+(D17*F17)+(D18*F18)+(D19*F19)+(D20*F20)+(D21*F21)+(D22*F22)+(D23*F23)+(D24*F24)+(D25*F25)+(D26*F26)+(D27*F27)+(D28*F28)+(D29*F29)+(D30*F30)+(D31*F31)+(D32*F32))*0.95)+(((E7*F7)+(E8*F8)+(E9*F9)+(E17*F17)+(E18*F18)+(E19*F19)+(E20*F20)+(E21*F21)+(E22*F22)+(E23*F23)+(E24*F24)+(E25*F25)+(E26*F26)+(E27*F27)+(E28*F28)+(E29*F29)+(E30*F30)+(E31*F31)+(E32*F32))*0.85) -> 5142.716
A52: =_xlfn.CONCAT("Base Level Amount (FY",(RIGHT(Cover!E3,2)),")") -> Base Level Amount (FY25) | G52: x | H52: =IF(Checkbox200Days="X",BaseLevelAmount*1.05,BaseLevelAmount) -> 5013
A53: Total Weighted ADM x Base Level Amount | H53: =(((C7*F7)+(C8*F8)+(C9*F9)+C17*F17)+(C18*F18)+(C19*F19)+(C20*F20)+(C21*F21)+(C22*F22)+(C23*F23)+(C24*F24)+(C25*F25)+(C26*F26)+(C27*F27)+(C28*F28)+(C29*F29)+(C30*F30)+(C31*F31)+(C32*F32)+(((D7*F7)+(D8*F8)+(D9*F9)+(D17*F17)+(D18*F18)+(D19*F19)+(D20*F20)+(D21*F21)+(D22*F22)+(D23*F23)+(D24*F24)+(D25*F25)+(D26*F26)+(D27*F27)+(D28*F28)+(D29*F29)+(D30*F30)+(D31*F31)+(D32*F32))*0.95)+(((E7*F7)+(E8*F8)+(E9*F9)+(E17*F17)+(E18*F18)+(E19*F19)+(E20*F20)+(E21*F21)+(E22*F22)+(E23*F23)+(E24*F24)+(E25*F25)+(E26*F26)+(E27*F27)+(E28*F28)+(E29*F29)+(E30*F30)+(E31*F31)+(E32*F32))*0.85))*H52 -> 25780435
A54: =_xlfn.CONCAT("Calculated Teachers Experience Index (FY",RIGHT(PriorFiscalYear,2),")") -> Calculated Teachers Experience Index (FY24) | C54: =TEI -> 1.0068
A55: =_xlfn.CONCAT("Applied Teachers Experience Index (FY",(RIGHT(Cover!E3,2)),")") -> Applied Teachers Experience Index (FY25) | G55: x | H55: =IF(TEI>1,TEI,1) -> 1.0068
A56: (1.0000 or Calculated Teachers Experience Index)
A57: Pre-Adjusted Base Support Level | H57: =(((C7*F7)+(C8*F8)+(C9*F9)+C17*F17)+(C18*F18)+(C19*F19)+(C20*F20)+(C21*F21)+(C22*F22)+(C23*F23)+(C24*F24)+(C25*F25)+(C26*F26)+(C27*F27)+(C28*F28)+(C29*F29)+(C30*F30)+(C31*F31)+(C32*F32)+(((D7*F7)+(D8*F8)+(D9*F9)+(D17*F17)+(D18*F18)+(D19*F19)+(D20*F20)+(D21*F21)+(D22*F22)+(D23*F23)+(D24*F24)+(D25*F25)+(D26*F26)+(D27*F27)+(D28*F28)+(D29*F29)+(D30*F30)+(D31*F31)+(D32*F32))*0.95)+(((E7*F7)+(E8*F8)+(E9*F9)+(E17*F17)+(E18*F18)+(E19*F19)+(E20*F20)+(E21*F21)+(E22*F22)+(E23*F23)+(E24*F24)+(E25*F25)+(E26*F26)+(E27*F27)+(E28*F28)+(E29*F29)+(E30*F30)+(E31*F31)+(E32*F32))*0.85))*BSA55BLA*H55 -> 25955742
A59: Base Support Level Adjustments
A60: Audit Service Expense | B60: + | C60: =NonFedAuditExp -> 49660.19
A61: Increase for Tuition Loss Adjustment | B61: + | C61: =IncreaseTuitionLossAdj -> 0
A62: Increase for Student Revenue Loss Phase-Down | B62: + | C62: =IF(AND(Cover!E3='Data Entry'!L115+1,(Calculations!R219+Calculations!R225)>0),Calculations!R219+Calculations!R225,IF(AND(Cover!E3='Data Entry'!L115+2,(Calculations!R220+Calculations!R226)>0),Calculations!R220+Calculations!R226,IF(AND(Cover!E3='Data Entry'!L115+3,(Calculations!R221+Calculations!R227)>0),Calculations!R221+Calculations!R227,IF(AND(Cover!E3='Data Entry'!L115+4,(Calculations!R222+Calculations!R228)>0),Calculations!R222+Calculations!R228,IF(AND(Cover!E3='Data Entry'!L115+5,(Calculations!R223+Calculations!R229)>0),Calculations!R223+Calculations!R229,0))))) -> 0
A63: Adjustment for Remote Instructional Time calculated by ADE | B63: + | C63: =RemoteInstructionDecre -> 0
A64: CTED 9th Grade Funding Adjustment | B64: + | C64: ='Data Entry'!L76 -> 0
A65: CTED Continuation 13th Grade Funding Adjustment | B65: + | C65: ='Data Entry'!L77 -> 0
A66: Free or Reduced-Price Lunch (FRPL) one-time supplement for FY 2025 | B66: + | C66: =IF(ISBLANK('Data Entry'!L78),"$0.00",'Data Entry'!L78) -> $0.00
A67: District Additional Assistance (DAA) one-time supplement for FY 2025 | B67: + | C67: =IF(ISBLANK('Data Entry'!L79),"$0.00",'Data Entry'!L79) -> $0.00
A68: Total Base Support Level Adjustments | H68: =SUM(C60:C67) -> 49660.19
A69: Adjusted Base Support Level | H69: =H68+H57 -> 26005402
D73: =IF(DistrictName<>0,DistrictName,"") -> Prescott Unified
D74: Basic Calculations For Equalization Essistance
F75: Is Small Isolated School District: | G75: =IF(AND(SmallIsolatedPSD8Checkbox="X",SmallIsolated912Checkbox="X"),"Elementary and High School",IF(SmallIsolatedPSD8Checkbox="X","Elementary",IF(SmallIsolated912Checkbox="X","High School","Not Isolated"))) -> Not Isolated | L75: District Page: | M75: 3 of 5
A77: Calculation Transportation Support Level (TSL) | F77: Calculation For District Support Level (DSL)
A78: (Miles, Eligible Students, Bus Passes and Bus Tokens) | F78: =_xlfn.CONCAT("FY",(RIGHT(Cover!E3,2))," Adjusted Base Support Level (BSL)") -> FY25 Adjusted Base Support Level (BSL) | J78: =AdjBaseSuppLvl -> 26005402
A79: Approved Daily Route Miles | F79: =_xlfn.CONCAT("FY",(RIGHT(Cover!E3,2))," Consolidation or Unification Assistance") -> FY25 Consolidation or Unification Assistance | I79: + | J79: =ConsolUnifTransCosts -> 0
A80: =_xlfn.CONCAT(" Eligible Students Transported (FY",RIGHT(PriorFiscalYear,2),")") -> Eligible Students Transported (FY24) | E80: =EligibleStudTrans -> 811.1 | F80: =_xlfn.CONCAT("FY",(RIGHT(Cover!E3,2))," Transportation Support Level (TSL)") -> FY25 Transportation Support Level (TSL) | I80: + | J80: =TSL -> 907326.78
A81: =_xlfn.CONCAT(" Daily Route Miles Per Eligible Student (FY",RIGHT(PriorFiscalYear,2),")") -> Daily Route Miles Per Eligible Student (FY24) | E81: =IF(ApprDRMiles>0,ApprDRMiles/EligibleStudTrans,0) -> 1.7766 | F81: =_xlfn.CONCAT("FY",(RIGHT(Cover!E3,2))," District Support Level (DSL)") -> FY25 District Support Level (DSL) | J81: =SUM(J78:J80) -> 26912729
A82: Total Approved Daily Route Miles | E82: =ApprDRMiles -> 1441
A83: State Support Level Per Route Mile | D83: x | E83: =IF(DailyRteMilesPerElgStud=0,0,IF(AND(DailyRteMilesPerElgStud>0.5,DailyRteMilesPerElgStud<=1),StateSupportLevelRouteMile2,StateSupportLevelRouteMile1)) -> 2.95
A84: Instruction Days | D84: x | E84: =IF(Checkbox200Days="X",200,180) -> 180 | F84: Calculation For Revenue Control Limit (RCL)
A85: To and From School Support Level | E85: =E82*E83*E84 -> 765171 | F85: =_xlfn.CONCAT("FY",(RIGHT(Cover!E3,2))," Adjusted Base Support Level (BSL)") -> FY25 Adjusted Base Support Level (BSL) | J85: =AdjBaseSuppLvl -> 26005402
A86: Activity Trip Level Factor | D86: x | E86: =IF(VALUE(LEFT(RIGHT(L1,7),2))=3,Type03TranspFactor,IF(VALUE(LEFT(RIGHT(L1,7),2))=2,Type02TranspFactor,IF(VALUE(LEFT(RIGHT(L1,7),2))=4,Type04TranspFactor,IF(VALUE(LEFT(RIGHT(L1,7),2))=5,Type05TranspFactor,IF(VALUE(LEFT(RIGHT(L1,7),2))=1,Type01TranspFactor,0))))) -> 0.18 | F86: =_xlfn.CONCAT("FY",(RIGHT(Cover!E3,2))," Consolidation or Unification Assistance") -> FY25 Consolidation or Unification Assistance | I86: + | J86: =ConsolUnifTransCosts -> 0
A87: Activity Trip Support Level | E87: =ROUND((E84*E82)*E83*E86,2) -> 137730.78 | F87: =_xlfn.CONCAT("FY",(RIGHT(Cover!E3,2))," Transportation Revenue Control Limit (TRCL)") -> FY25 Transportation Revenue Control Limit (TRCL) | I87: + | J87: =CYTRCL -> 1476063.8
A88: =_xlfn.CONCAT("Handicapped Extended School Year Mileage (FY",RIGHT(PriorFiscalYear,2),")") -> Handicapped Extended School Year Mileage (FY24) | E88: =ActDisabilityRM+EstDisabilityRM -> 1500 | F88: =_xlfn.CONCAT("FY",(RIGHT(Cover!E3,2))," Revenue Control Limit (RCL)") -> FY25 Revenue Control Limit (RCL) | J88: =SUM(J85:J87) -> 27481466
A89: State Support Level Per Route Mile | D89: x | E89: =E83 -> 2.95
A90: Handicapped Extended School Year Support Level | E90: =ROUND(E88*E89,2) -> 4425 | F90: =_xlfn.CONCAT("FY",(RIGHT(Cover!E3,2))," Lesser of DSL/RCL") -> FY25 Lesser of DSL/RCL | J90: =IF(J81>J88,J88,J81) -> 26912729
A91: Annual Expenditures For: | C91: Bus Passes | D91: Bus Tokens
A92: =_xlfn.CONCAT(" Districts (FY",RIGHT(PriorFiscalYear,2),")") -> Districts (FY24) | C92: =AnnualExpforBusPass -> 0 | D92: =AnnualExpforBusToken -> 0 | E92: =C92+D92 -> 0
A93: =_xlfn.CONCAT("FY",(RIGHT(Cover!E3,2))," Transportation Support Level (TSL)") -> FY25 Transportation Support Level (TSL) | E93: =E85+E87+E90+E92 -> 907326.78
A96: Calculation For Transportation Revenue Control Limit (TRCL)
A97: =_xlfn.CONCAT("FY",RIGHT(PriorFiscalYear,2)," Transportation Revenue Control Limit (TRCL)") -> FY24 Transportation Revenue Control Limit (TRCL) | E97: {=[1]!CYTRCL} -> 1476063.8
A99: Change: | B99: =_xlfn.CONCAT("FY",(RIGHT(Cover!E3,2))," TSL") -> FY25 TSL | C99: =TSL -> 907326.78
B100: =_xlfn.CONCAT("FY",RIGHT(PriorFiscalYear,2)," TSL -") -> FY24 TSL - | C100: {=[1]!TSL} -> 934872.23
B101: Difference: $ | C101: =IF(C99-C100>0,C99-C100,0) -> 0
A103: =_xlfn.CONCAT("Preliminary FY",(RIGHT(Cover!E3,2))," TRCL") -> Preliminary FY25 TRCL | E103: =C101+E97 -> 1476063.8
A104: =_xlfn.CONCAT("120% of FY",(RIGHT(Cover!E3,2))," TRCL") -> 120% of FY25 TRCL | C104: =E93*1.2 -> 1088792.1
A105: =_xlfn.CONCAT("FY",(RIGHT(Cover!E3,2))," Transportation Revenue Control Limit (TRCL)") -> FY25 Transportation Revenue Control Limit (TRCL) | E105: =MAX(TSL,IF(PremFYTRCL>AdjFYTRCL,TRCLBudgPY,PremFYTRCL)) -> 1476063.8
D108: =IF(DistrictName<>0,DistrictName,"") -> Prescott Unified
D109: Basic Calculations For Equalization Essistance
F110: Is Small Isolated School District: | G110: =IF(AND(SmallIsolatedPSD8Checkbox="X",SmallIsolated912Checkbox="X"),"Elementary and High School",IF(SmallIsolatedPSD8Checkbox="X","Elementary",IF(SmallIsolated912Checkbox="X","High School","Not Isolated"))) -> Not Isolated | L110: District Page: | M110: 4 of 5
A112: District Additional Assistance (DAA) Calculations | E112: PSD | G112: K-8 | I112: 9-12 | K112: Type 03 Transported 9-12 | M112: Total
A113: =_xlfn.CONCAT("FY",RIGHT(PriorFiscalYear,2)," District ADM") -> FY24 District ADM | E113: =UnweightedStudCntPSDPY -> 15.375 | G113: =UnweightedStudCntK8PY -> 2075.518 | I113: =UnweightedStudCnt912PY -> 1505.4936 | K113: =IF(VALUE(LEFT(RIGHT(L1,7),2))=3,(HSCountDORtoDOA),0) -> 0
A114: DAA Per ADM | D114: x | E114: =IF(E113=0,0,Calculations!L77) -> 549.45 | F114: x | G114: =IF(VALUE(LEFT(RIGHT(L1,7),2))=8,0,IF(AND(UnweightedStudCntK8PY>0,UnweightedStudCntK8PY<100),Calculations!L52,IF(AND(Calculations!L56>0),Calculations!L63,IF(AND(Calculations!L67>0),Calculations!L74,IF(UnweightedStudCntK8PY>=600,Calculations!L77,0))))) -> 549.45 | H114: x | I114: =IF(I113=0,0,IF(VALUE(LEFT(RIGHT(L1,7),2))=3,AA168/2,AA168)) -> 600.86 | J114: x | K114: =IF(K113=0,0,IF(VALUE(LEFT(RIGHT(L1,7),2))=3,AA168/2,AA168)) -> 0
A115: Preliminary DAA | D115: = | E115: =IF(E113>0,ROUND(E113*E114,2),0) -> 8447.79 | F115: = | G115: =IF(G113>0,ROUND(G113*G114,2),0) -> 1140393.4 | H115: = | I115: =IF(OR(I113>0),I113*I114,0) -> 904590.88 | J115: = | K115: =IF(OR(K113>0),K113*K114,0) -> 0 | M115: =(E113*E114)+(G113*G114)+(I113*I114)+(K113*K114) -> 2053432
A116: (*For Type 03 High School Only, Per Student Count Factor at 50%)
A117: DAA Growth Factor
...

Sheet Instructions
A1: Page | B1: Reference | C1: Instructions | D1: Revision Instructions | E1: Summary of Significant Changes
B2: General | C2: These instructions are provided to help school districts prepare the expenditure budget. Within the forms, blue font and light blue highlights indicate that an instruction is linked to that specific line. An instructions button has also been provided that links to any general instructions or to the first instruction for a page. To return to the related form after reviewing the instructions, simply click on the form’s tab at the bottom of the Excel screen or press the Alt and back arrow keys. Districts should complete the Data Entry page and Supplement, as applicable, before completing pages 1 through 8. To ensure that the district’s data can be properly processed by ADE, formulas should not be changed without specific instructions from either the Arizona Auditor General's Office, Accountability Services Division, or ADE, School Finance. Select the link below for more information.
C3: Data Entry page instructions
B4: General | C4: =_xlfn.CONCAT("Amounts in the prior year columns should be recorded from the budget columns of the latest revised Budget for FY ",PriorFiscalYear,". Amounts should be rounded to the nearest dollar. Districts should budget for FY ",Cover!E3,K4) -> Amounts in the prior year columns should be recorded from the budget columns of the latest revised Budget for FY 2024. Amounts should be rounded to the nearest dollar. Districts should budget for FY 2025 retirement contributions at the rate of 12.12% and for long term disability at a rate of 0.15% for a total contribution rate of 12.27%. Districts should also budget for any applicable alternative contribution payments to state retirement at a rate of 10.19%. | K4: retirement contributions at the rate of 12.12% and for long term disability at a rate of 0.15% for a total contribution rate of 12.27%. Districts should also budget for any applicable alternative contribution payments to state retirement at a rate of 10.19%.
B5: General | C5: A summary of significant changes to this document is included in column E. Filter the column to remove blank cells to see only the areas with significant changes. | E5: Significant changes to this document are identified in this column.
B6: Budget Revision | C6: Instructions for budget revision requirements have been incorporated into this document for each applicable line item. All lines that include revision instructions have a "Yes" in the Revision Instructions column to the right. To see only the revision instructions apply the filter so that only rows marked "Yes" will show. Prior to May 15 of the budget year, districts must make all of the revisions described in these instructions that would result in a decrease in budget limits and districts may make any of the described revisions that result in an increase in budget limits. Total expenditures in the Maintenance and Operation (M&O), Unrestricted Capital Outlay (UCO), and Classroom Site Funds (CSF) must not exceed the adjusted General Budget Limit (GBL), Unrestricted Capital Budget Limit (UCBL), and Classroom Site Fund Budget Limit (CSFBL), respectively, as reported on pages 7, 8, and 3 of the latest revised budget. Therefore, if the net change to any of these budget limits is a decrease, the district must reduce budgeted expenditures in the related fund, to ensure that the budgeted amounts are within the prescribed limit. If the net change to any of these budget limits is an increase, the district may choose to revise budgeted expenditures in the related fund. | D6: Yes
B7: Budget Revision Continued | C7: =_xlfn.CONCAT("All districts must revise the FY ",Cover!E3," budget to include the ",PriorFiscalYear," (prior year) and ",Cover!E3," (current year) 100th-Day ADM from the applicable year's ADM20 report.") -> All districts must revise the FY 2025 budget to include the 2024 (prior year) and 2025 (current year) 100th-Day ADM from the applicable year's ADM20 report. | D7: Yes
A8: Cover | B8: District Tax Rates | C8: =_xlfn.CONCAT("District tax rates for FY ",PriorFiscalYear," should be the actual tax rates set by the County Board of Supervisors in August ",TwoYearsPrior,". Tax rates for FY ",Cover!E3," should be the district’s best estimate. Districts should include detailed secondary",K8) -> District tax rates for FY 2024 should be the actual tax rates set by the County Board of Supervisors in August 2023. Tax rates for FY 2025 should be the district’s best estimate. Districts should include detailed secondary tax rates for M and O, Special Program, and Capital Overrides; Class A Bonds; Class B Bonds; Career Technical Education District (CTED); and Desegregation. Class A Bonds are general obligation bonds approved by voters on or before December 31, 1998. Class B Bonds are general obligation bonds approved by voters after December 31, 1998. | K8: tax rates for M and O, Special Program, and Capital Overrides; Class A Bonds; Class B Bonds; Career Technical Education District (CTED); and Desegregation. Class A Bonds are general obligation bonds approved by voters on or before December 31, 1998. Class B Bonds are general obligation bonds approved by voters after December 31, 1998.
A9: Cover | B9: Average Teacher Salaries | C9: In accordance with A.R.S. §15-903(E), a district's budget must include the prominent display of the average salary of all teachers employed by the district for the budget and prior years, and the increase in the average salary of all teachers employed by the district for the budget year reported in dollars and percentage. Districts must also prominently post this information on their website home pages separate from their budgets. The law does not provide a definition of a teacher. Districts should be consistent in the type of salary information included in this table from year to year. An optional comment box is available to provide details on the average teacher salary calculation used by the district. Budget Revision Districts should revise the average teacher salary information any time a revised budget is submitted to ADE. | D9: Yes
A10: District Contact Info | C10: Fill in the contact information for all positions listed on this tab. If any of the positions don't exist at your district, please fill in the appropriate person to contact related to that topic. Budget Revision Districts should revise contact information, if necessary, any time a revised budget is submitted to ADE. | D10: Yes
A11: 1 | B11: Line 4 | C11: =_xlfn.CONCAT("Function code 2300, object code 6820-Judgments Against the District should be used to budget for excessive property tax valuation judgments to be paid in FY ",Cover!E3,". This amount should also be included on page 7, line 8(h). Pre-approval by ADE is required. Contact ADE’s School Finance payment team at the email address below.") -> Function code 2300, object code 6820-Judgments Against the District should be used to budget for excessive property tax valuation judgments to be paid in FY 2025. This amount should also be included on page 7, line 8(h). Pre-approval by ADE is required. Contact ADE’s School Finance payment team at the email address below.
C12: SFPaymentTeam@azed.gov
A13: 1 | B13: Line 9 | C13: Budget Revision Districts participating in the National School Lunch Program that have not already budgeted for the state matching requirements, should include any amounts to be expended for their food service program in the M&O Fund on this line before May 15. ADE’s Health & Nutrition Services will verify that amounts budgeted were spent when the annual financial reports are submitted. Any questions related to the state matching requirements should be directed to ADE’s Health & Nutrition Services at (602) 542-8700. | D13: Yes
A14: 1 | B14: Line 27 | C14: =_xlfn.CONCAT("A district authorized by ADE to continue participation in Dropout Prevention Programs for FY ",Cover!E3," pursuant to Laws 1992, Ch. 305, §32 and Laws 2000, Ch. 398, Section 2, must budget the additional amount on this line.") -> A district authorized by ADE to continue participation in Dropout Prevention Programs for FY 2025 pursuant to Laws 1992, Ch. 305, §32 and Laws 2000, Ch. 398, Section 2, must budget the additional amount on this line.
A15: 1 | B15: Line 28 | C15: A district that has entered into an intergovernmental agreement to establish a jointly owned and operated career and technical education and vocational education center, in accordance with A.R.S. §15-789, should budget for the center’s expenditures on this line. A.R.S. §15‑910.01 This provision does not apply to CTEDs established pursuant to A.R.S. §15-392. A.R.S. §15-910.01 requires the State Board of Education (SBE) approval prior to including an amount here. Currently, no districts have been authorized by the SBE.
A16: 1 | B16: Line 29 | C16: Districts should budget for K-3 Reading Program expenditures on this line. The State Board of Education must give approval to a district before any portion of the monies generated by the K-3 reading support level weight may be distributed to the district. A.R.S. §15-211 Contact ADE’s Move on When Reading program area with questions concerning the K-3 Reading plan requirement and approval status at the link below.
C17: http://www.azed.gov/mowr/
A18: 2 | B18: Spec. Ed. by Type | C18: All expenditures budgeted in the M&O Fund for special education programs should be included regardless of the revenue source (e.g., state equalization assistance and property taxes). Districts should retain supporting documentation for the allocation of expenditures budgeted for individual special education programs. Supporting documentation should include a list of the programs, the number of teachers and students by program, and all computation work sheets. However, districts should budget total expenditures in Program 200—Special Education for disability classifications defined in A.R.S. §15-761 on line 1, Total All Disability Classifications.
A19: 2 | B19: Spec. Ed by Type - Lines 4 and 5 | C19: Program code 260—ELL Incremental Costs and program code 265—ELL Compensatory Instruction are required to track expenditures related to English Language Learners (ELL). See Supplement instructions for more information on ELL.
A20: 2 | B20: Audit Services | C20: Enter the budgeted expenditures for nonfederal program and compliance audits (required object code 6350) to be paid from the M&O Fund only, and the budgeted expenditures for federal single audits (optional object code 6330) from all funds.
A21: 2 | B21: M&O for Food Service | C21: =_xlfn.CONCAT("Districts participating in the National School Lunch Program are required to budget a portion of their state revenues to support the operation of their food service program. Districts should budget in the M and O Fund any ",K21,L21) -> Districts participating in the National School Lunch Program are required to budget a portion of their state revenues to support the operation of their food service program. Districts should budget in the M and O Fund any amounts that will be expended during the 2025 school year for the operation of the food service program. Any questions related to the state matching requirements should be directed to ADE’s Health and Nutrition Services at (602) 542‑8700. Budget Revision Districts that have not already budgeted for the state matching requirements, should include any amounts to be expended for their food service program in the M and O Fund on this line before May 15. ADE’s Health and Nutrition Services will verify that amounts budgeted were spent when the annual financial reports are submitted. | D21: Yes | K21: =_xlfn.CONCAT("amounts that will be expended during the ",Cover!E3," school year for the operation of the food service program. Any questions related to the state matching requirements should be directed to ADE’s Health and Nutrition Services at (602) 542‑8700. Budget Revision ") -> amounts that will be expended during the 2025 school year for the operation of the food service program. Any questions related to the state matching requirements should be directed to ADE’s Health and Nutrition Services at (602) 542‑8700. Budget Revision | L21: Districts that have not already budgeted for the state matching requirements, should include any amounts to be expended for their food service program in the M and O Fund on this line before May 15. ADE’s Health and Nutrition Services will verify that amounts budgeted were spent when the annual financial reports are submitted.
A22: 3 | B22: General | C22: The Classroom Site Fund (CSF) is a budget-controlled fund that must be used to supplement, rather than supplant, existing monies. Expenditures made from the Classroom Site Fund (010) should be made in accordance with the requirements of A.R.S. §15-977. Districts may establish any CSF subfunds 011-019 to track monies for specific allowable purposes or separately account for carryover balances and other one-time CSF monies. One total budget for all Classroom Site monies must be reported here, in Fund 010.
A23: 3 | B23: Line 4 | C23: Line 4 should include expenditures for teacher liability insurance premiums made from Fund 010.
A24: 3 | B24: Line 9 | C24: =_xlfn.CONCAT("The total amount budgeted on line 9 cannot exceed the CSFBL on line 16. The total amount budgeted in FY ",Cover!E3," will affect the next year’s CSFBL. Districts should budget up to the Classroom Site Fund Budget Limit (CSFBL) as calculated on lines 10 through 16. See A.R.S. Section 15-978 and the calculation below.") -> The total amount budgeted on line 9 cannot exceed the CSFBL on line 16. The total amount budgeted in FY 2025 will affect the next year’s CSFBL. Districts should budget up to the Classroom Site Fund Budget Limit (CSFBL) as calculated on lines 10 through 16. See A.R.S. Section 15-978 and the calculation below.
A25: 3 | B25: Line 11 | C25: =_xlfn.CONCAT("Budget Revision Line 11 should reflect total actual CSF expenditures as reported on the district’s FY ",PriorFiscalYear," AFR.") -> Budget Revision Line 11 should reflect total actual CSF expenditures as reported on the district’s FY 2024 AFR. | D25: Yes
A26: 3 | B26: Line 13 | C26: =_xlfn.CONCAT("Budget Revision This line should agree to the total actual interest earned on CSF investments, as reported on the FY ",PriorFiscalYear," AFR for the CSF.") -> Budget Revision This line should agree to the total actual interest earned on CSF investments, as reported on the FY 2024 AFR for the CSF. | D26: Yes
A27: 3 | B27: Line 14 | C27: =_xlfn.CONCAT("In accordance with A.R.S. Section 15-977(G)(1), the per pupil amount is calculated based on estimated available resources in the Classroom Site Fund for the budget year and adjusted for prior year revenue carryforwards or shortfalls. However, actual ",K27,L27,M27) -> In accordance with A.R.S. Section 15-977(G)(1), the per pupil amount is calculated based on estimated available resources in the Classroom Site Fund for the budget year and adjusted for prior year revenue carryforwards or shortfalls. However, actual payments to districts may differ from the estimated per pupil Classroom Site Fund allocation. The FY 2025 allocation for the district is $792 multiplied by the district’s district’s weighted student count (based on fundable students attending within the school district). The FY 2025 CSF actual payments detail reports will be available on ADE’s website at the link below beginning in August 2024. ADE uses districts' FY 2024 100th day student count as reported in the district's FY 2024 ADM20A and ADM30 reports. | K27: =_xlfn.CONCAT("payments to districts may differ from the estimated per pupil Classroom Site Fund allocation. The FY ",Cover!E3," allocation for the district is $792 multiplied by the district’s district’s weighted student count (based on fundable students attending within the school district). The FY ") -> payments to districts may differ from the estimated per pupil Classroom Site Fund allocation. The FY 2025 allocation for the district is $792 multiplied by the district’s district’s weighted student count (based on fundable students attending within the school district). The FY | L27: =_xlfn.CONCAT(Cover!E3," CSF actual payments detail reports will be available on ADE’s website at the link below beginning in August ",PriorFiscalYear,". ADE uses districts' FY ") -> 2025 CSF actual payments detail reports will be available on ADE’s website at the link below beginning in August 2024. ADE uses districts' FY | M27: =_xlfn.CONCAT(PriorFiscalYear," 100th day student count as reported in the district's FY ",PriorFiscalYear," ADM20A and ADM30 reports.") -> 2024 100th day student count as reported in the district's FY 2024 ADM20A and ADM30 reports.
C28: https://schoolfinancereports.azed.gov/
A29: 3 | B29: Line 15 | C29: Some districts have lost CSF budget capacity from budgeting less than the CSFBL in prior years. This line may be used to recapture that budget capacity. Districts that need assistance with the adjustment should contact ADE’s budget team.
A30: 4 | B30: Line 10 | C30: =_xlfn.CONCAT("The amount budgeted in the UCO Fund cannot exceed the Unrestricted Capital Budget Limit (UCBL) on page 8, line 12. The amount budgeted in Fund 610 in FY ",Cover!E3," will affect the next year’s UCBL. See A.R.S. Section 15-947(D) and calculation on page 8.") -> The amount budgeted in the UCO Fund cannot exceed the Unrestricted Capital Budget Limit (UCBL) on page 8, line 12. The amount budgeted in Fund 610 in FY 2025 will affect the next year’s UCBL. See A.R.S. Section 15-947(D) and calculation on page 8.
A31: 4 | B31: Footnote 5 | C31: =_xlfn.CONCAT("Districts participating in the National School Lunch Program are required to budget a portion of their state revenues to support the operation of their food service program. Districts should budget in the UCO Fund any amounts that ",K31,L31,M31) -> Districts participating in the National School Lunch Program are required to budget a portion of their state revenues to support the operation of their food service program. Districts should budget in the UCO Fund any amounts that will be expended during the FY 2025 school year for the food service program. Any questions related to the state matching requirements should be directed to ADE’s Health and Nutrition Services at (602) 542‑8700. Budget Revision Districts that have not already budgeted for the state matching requirements, should include any amounts to be expended for their food service program in the UCO Fund on this line before May 15. ADE’s Health and Nutrition Services will verify that amounts budgeted were spent when the annual financial reports are submitted. | D31: Yes | K31: =_xlfn.CONCAT("will be expended during the FY ",Cover!E3," school year for the food service program. Any questions related to the state matching requirements should be directed to ADE’s Health and Nutrition Services at (602) 542‑8700. ") -> will be expended during the FY 2025 school year for the food service program. Any questions related to the state matching requirements should be directed to ADE’s Health and Nutrition Services at (602) 542‑8700. | L31: Budget Revision | M31: Districts that have not already budgeted for the state matching requirements, should include any amounts to be expended for their food service program in the UCO Fund on this line before May 15. ADE’s Health and Nutrition Services will verify that amounts budgeted were spent when the annual financial reports are submitted.
A32: 5 | B32: Other Funds— Required Capital Expenditure Detail for Funds 610, 630, 695, & 620 | C32: In accordance with A.R.S. §15-904(B), detailed budgeted and actual expenditures for only the items listed in lines 2-11 must be reported from the UCO (610), Bond Building (630), New School Facilities (695), and Adjacent Ways (620) Funds. The amounts reported on lines 2-11 may not include all expenditures of these funds as shown on line 1. Total budgeted expenditures for each fund should be included on line 1 of the table. In addition, these detailed expenditures reported on lines 2-11 must be separately reported as new construction or renovation on lines 13-15. If the designation of new construction or renovation does not apply to a particular expenditure reported on lines 2-11, the amount should be reported as "Other." Therefore, total budgeted expenditures for the detailed object codes listed for each fund as reported on line 12 must agree to the total amounts reported on line 16, by fund. Amounts on lines 12 and 16 may be less than the amounts on line 1 for each fund.
A33: 5 | B33: Adjacent Ways Fund | C33: In accordance with A.R.S. §15-995, each adjacent ways project proposal must be filed with ADOA's Division of School Facilities and include the project cost estimate. If the entire project cost for the adjacent ways project is greater than $50,000, the expenditure cannot be made unless the Division of School Facilities validates both of the following: -The project that is proposed to be funded by the assessment is in compliance with state laws relating to adjacent ways projects. -The proposal selected by the district does not contain any additional work that is not listed in the adjacent ways proposal submitted by the district.
A34: 6 | B34: Federal Projects, Line 18 | C34: Districts that receive Impact Aid monies should deposit them in Fund 378—Impact Aid. Monies in the fund are federal monies not subject to legislative appropriation. All districts that receive Impact Aid revenue should complete the Districts Receiving Federal Impact Aid Revenues portion of the Other Information section on the Data Entry tab to calculate the amount available to be spent in the Impact Aid Fund.
A35: 6 | B35: Federal Projects, Line 19 | C35: Include amounts for Funds 300-399 Other Federal Projects (besides funds that are separately reported on lines 15 through 18). Districts should also include amounts budgeted for COVID-19 federal relief projects.
A36: 6 | B36: State Projects, Line 26 | C36: In accordance with A.R.S. §15-249.06, monies received from the college credit by examination incentive program should be deposited in Fund 456—College Credit Exam Incentives. At least 50% of the incentive bonus monies received from this program must be distributed to the associated classroom teacher for each student who passes a qualifying exam and to other teachers of relevant subjects who instructed that student, including but not limited to teachers in the same department or subject matter that contributed to the student passing the examination, as identified by the governing board or the school principal. The remainder of any bonus monies received from this program must be allocated by the school principal on behalf of the students who receive a passing score and may be used for teacher professional development or student instructional support, reimbursement of exam fees, or instructional materials.
A37: 6 | B37: State Projects, Line 28 | C37: Budgeted expenditures related to monies remaining in Fund 457—Results-based Funding should be reported on line 28—Other State Projects, along with any other State project funds not included on lines 19 through 27 above.
A38: 6 | B38: Other Funds, Lines 2 and 3 | C38: Funds 071 and 072 should be budgeted in detail on the Supplement. Fund totals will pull to these lines. See the instructions for the Supplement for additional information.
A39: 6 | B39: Other Funds, Line 4 | C39: In accordance with A.R.S. §15-1102, the proceeds from the sale or lease of school district property should be deposited in the School Plant Fund (500). Expenditures made from the School Plant Fund (500) should be made in accordance with the requirements of A.R.S. §15-1102. Districts may establish sub funds for School Plant in funds 501-504 to account for monies received that are restricted to different purposes by statute, but one total budget for all related monies must be reported here in Fund 500.
A40: 6 | B40: Other Funds Line 24 | C40: In accordance with A.R.S. §15-249.15, monies received to provide incentive awards for high school graduates who obtain a certification, credential, or license that is accepted by a vocation or industry through a career technical education course or program should be deposited in Fund 597—Arizona Industry Credentials Incentive Fund. Expenditures from Fund 597 should be made for only the following purposes: 1. For instructional costs and professional development for a career technical education program teacher to become a certifying professional for an approved certificate, credential, or license. 2. To offset the students' cost of certification, credentialing, or licensure. 3. For developmental costs related to creating, expanding or improving an approved site of a certificate, credential, or license career technical program or course. 4. For instructional hardware, software, or supplies required for the certification, credentialing, or licensure. 5. For career exploration in any school grade and awareness activities for parents, students, and the community for the approved sectors.
A41: 6 | B41: Other Funds Line 29 | C41: In accordance with A.R.S. §41-5721, before applying to ADOA's Division of School Facilities for funding for an emergency, the district's governing board must issue an emergency declaration or resolution to be eligible for monies from the Emergency Deficiencies Correction Fund. To qualify as an emergency, the situation must fit the criteria in A.R.S. §41-5721(F).
A42: 6 | B42: Other Funds Line 30 | C42: In accordance with A.R.S. §41-5731, districts must submit a preventive maintenance plan to ADOA's Division of School Facilities to be eligible to receive monies from the Building Renewal Grant Fund.
A43: 6 | B43: Other Funds Line 33 | C43: Include expenditures for Fund 850—Student Activities on this line, as it is no longer a fiduciary fund.
... A45: 6 | B45: Internal Service Funds, Line 2 | C45: Include all expenditures for Intergovernmental Agreements (IGAs) in this line. If the district uses funds other than 955 to separately account for multiple IGAs, all IGA fund expenditures should be totaled and reported on this line.
A46: 7 | B46: General | C46: For budget adoption, districts may apportion amounts on this page between the M&O and UCO Funds. After original adoption, and prior to May 15 of the budget year, amounts may be reapportioned based on the budgetary needs of the district, unless otherwise indicated on Budget, page 7, or in the following instructions. Record in column A on this page all amounts budgeted for use in the M&O Fund (to be included in the GBL). Record in column B all amounts budgeted for use in the UCO Fund (to be carried over to the calculations on Budget, page 8). Budget Revision When actual amounts are required, use the actual amount to date plus the estimated amount for the remainder of the fiscal year. After the May 15 budget revision, amounts cannot be reallocated between M&O and UCO. | D46: Yes
A47: 7 | B47: Line 1 | C47: After completing the Data Entry tab, the amount of the district RCL from the BSA55 tab, page 3 will pull to line 1. Budget Revision For budget revision, the Data Entry tab should be revised and the recalculated RCL will pull to line 1. See budget revision instructions for the Data Entry tab. | D47: Yes
A48: 7 | B48: Lines 2(a)-(c) | C48: =_xlfn.CONCAT("Budget Revision Compare the amount for District Additional Assistance (DAA) on lines 2(c) to the applicable amount calculated by ADE on page 1 of the most recent FY ",Cover!E3," BUDG25 Report. The amounts on lines (a) and (b) can be reconciled to page 4 of the district's most recent FY ",Cover!E3," BSA 55-1 report from ADE.") -> Budget Revision Compare the amount for District Additional Assistance (DAA) on lines 2(c) to the applicable amount calculated by ADE on page 1 of the most recent FY 2025 BUDG25 Report. The amounts on lines (a) and (b) can be reconciled to page 4 of the district's most recent FY 2025 BSA 55-1 report from ADE. | D48: Yes
A49: 7 | B49: Line 2(b) | C49: After completing the Data Entry tab, the DAA adjustment amount from BSA55 tab, page 4 will pull to this line, if any.
A50: 7 | B50: Line 3 | C50: =_xlfn.CONCAT("Do not include any overrides authorized to use excess Impact Aid cash on these lines. Districts should use prior year ADM to calculate the RCL for overrides (A.R.S. Section 15-943). Districts may",K50,L50) -> Do not include any overrides authorized to use excess Impact Aid cash on these lines. Districts should use prior year ADM to calculate the RCL for overrides (A.R.S. Section 15-943). Districts may recalculate their RCL based on prior year ADM in a separate copy of this budget file. Do not submit this separate copy of the file to ADE. Alternatively, districts can get weighted student counts from page 2 of ADE's FY 2024 "BSA Equalization Report", BSA 55-1. ADE has also posted a link to an override calculation worksheet that may be used as a guide in estimating the override amount. The override calculation worksheet and instructions can be found at the link below. | K50: =_xlfn.CONCAT(" recalculate their RCL based on prior year ADM in a separate copy of this budget file. Do not submit this separate copy of the file to ADE. Alternatively, districts can get weighted student counts from page 2 of ADE's FY ",PriorFiscalYear) -> recalculate their RCL based on prior year ADM in a separate copy of this budget file. Do not submit this separate copy of the file to ADE. Alternatively, districts can get weighted student counts from page 2 of ADE's FY 2024 | L50: "BSA Equalization Report", BSA 55-1. ADE has also posted a link to an override calculation worksheet that may be used as a guide in estimating the override amount. The override calculation worksheet and instructions can be found at the link below.
C51: https://www.azed.gov/sites/default/files/2022/06/MO%20Override%20Estimator%20FY23.xlsm
A52: 7 | B52: Line 3(a) | C52: =_xlfn.CONCAT("See Line 3 Instructions above. If the voters in the override election authorize the district to exceed the RCL, and the increase is to be fully funded by revenues other than property taxes [A.R.S. Section 15‑481(F)]",K52,L52) -> See Line 3 Instructions above. If the voters in the override election authorize the district to exceed the RCL, and the increase is to be fully funded by revenues other than property taxes [A.R.S. Section 15‑481(F)], only revenues derived from the FY 2024 ending cash balance in the M and O Fund [after the primary tax rate is reduced to zero as required by A.R.S. Section 15‑481(T)] may be used. A.R.S. Section 15‑481(P) Note: Districts will not be able to fund an override with Impact Aid monies in FY 2025, as Impact Aid monies are accounted for in the Impact Aid Fund. | K52: =_xlfn.CONCAT(", only revenues derived from the FY ",PriorFiscalYear," ending cash balance in the M and O Fund [after the primary tax rate is reduced to zero as required by A.R.S. Section 15‑481(T)] ") -> , only revenues derived from the FY 2024 ending cash balance in the M and O Fund [after the primary tax rate is reduced to zero as required by A.R.S. Section 15‑481(T)] | L52: =_xlfn.CONCAT("may be used. A.R.S. Section 15‑481(P) Note: Districts will not be able to fund an override with Impact Aid monies in FY ",Cover!E3,", as Impact Aid monies are accounted for in the Impact Aid Fund.") -> may be used. A.R.S. Section 15‑481(P) Note: Districts will not be able to fund an override with Impact Aid monies in FY 2025, as Impact Aid monies are accounted for in the Impact Aid Fund.
A53: 7 | B53: Line 3(a) Continued | C53: The maximum amount a district may request for an M&O budget override is 15% of the district’s RCL. If the district also requests a Special Program override pursuant to A.R.S. §15-482, the maximum amount a district may request for an M&O override is 10% of the RCL. A.R.S. §15-481(G)
A54: 7 | B54: Line 3(b) | C54: =_xlfn.CONCAT("See Line 3 Instructions above. If the voters in the override election authorize the district to exceed the Capital Outlay Revenue Limit or District Additional Assistance and the increase is to be fully funded by",K54,L54,M54) -> See Line 3 Instructions above. If the voters in the override election authorize the district to exceed the Capital Outlay Revenue Limit or District Additional Assistance and the increase is to be fully funded by revenues other than property taxes [A.R.S. Section 15‑481(M)], only revenues derived from the FY 2024 ending cash balance in the M and O and UCO Funds [after the primary tax rate is reduced to zero as required by A.R.S. Section 15‑481(T)] may be used. A.R.S. Section 15‑481(S) Note: Districts will not be able to fund an override with Impact Aid monies in FY 2025, as Impact Aid monies are accounted for in the Impact Aid Fund. The maximum amount a district may request for a capital budget override is 10% of the RCL. A.R.S. Section 15‑481(AA) | K54: =_xlfn.CONCAT(" revenues other than property taxes [A.R.S. Section 15‑481(M)], only revenues derived from the FY ",PriorFiscalYear," ending cash balance in the M and O and UCO Funds") -> revenues other than property taxes [A.R.S. Section 15‑481(M)], only revenues derived from the FY 2024 ending cash balance in the M and O and UCO Funds | L54: =_xlfn.CONCAT(" [after the primary tax rate is reduced to zero as required by A.R.S. Section 15‑481(T)] may be used. A.R.S. Section 15‑481(S) Note: Districts will not be able to fund an override with Impact Aid monies in FY ") -> [after the primary tax rate is reduced to zero as required by A.R.S. Section 15‑481(T)] may be used. A.R.S. Section 15‑481(S) Note: Districts will not be able to fund an override with Impact Aid monies in FY | M54: =_xlfn.CONCAT(Cover!E3,", as Impact Aid monies are accounted for in the Impact Aid Fund. The maximum amount a district may request for a capital budget override is 10% of the RCL. A.R.S. Section 15‑481(AA)") -> 2025, as Impact Aid monies are accounted for in the Impact Aid Fund. The maximum amount a district may request for a capital budget override is 10% of the RCL. A.R.S. Section 15‑481(AA)
A55: 7 | B55: Line 3(c) | C55: =_xlfn.CONCAT("See Line 3 Instructions above. A.R.S. Section 15-482 allows a district to request a budget override for programs designed for preschool students with disabilities and students enrolled in kindergarten through",K55,L55,M55) -> See Line 3 Instructions above. A.R.S. Section 15-482 allows a district to request a budget override for programs designed for preschool students with disabilities and students enrolled in kindergarten through grade 12. The amount for the Special Program override may not exceed 5% of the RCL. If the voters in the override election authorize the district to exceed the RCL, and the increase is to be fully funded by revenues other than property taxes [A.R.S. Section 15‑481(J)], the increase may only be budgeted and expended if sufficient monies are available in the M and O Fund. A.R.S. Section 15‑481(Q) Note: Districts will not be able to fund an override with Impact Aid monies in FY 2025, as Impact Aid monies are accounted for in the Impact Aid Fund. | K55: grade 12. The amount for the Special Program override may not exceed 5% of the | L55: RCL. If the voters in the override election authorize the district to exceed the RCL, and the increase is to be fully funded by revenues other than property taxes [A.R.S. Section 15‑481(J)], the increase may only be budgeted and expended if sufficient monies are available in the M and O Fund. | M55: =_xlfn.CONCAT("A.R.S. Section 15‑481(Q) Note: Districts will not be able to fund an override with Impact Aid monies in FY ",Cover!E3,", as Impact Aid monies are accounted for in the Impact Aid Fund.") -> A.R.S. Section 15‑481(Q) Note: Districts will not be able to fund an override with Impact Aid monies in FY 2025, as Impact Aid monies are accounted for in the Impact Aid Fund.
A56: 7 | B56: Lines 3(a)-(c) | C56: Budget Revision If the RCL originally used to calculate an override was reduced after budget adoption, the district must recalculate the maximum M&O, UCO, and Special Program override amounts in accordance with the instructions above. Arizona Attorney General Opinion I90‑020 prohibits districts from recalculating overrides based on an increase in the RCL after secondary taxes have been levied for the applicable year. The amounts reported on lines 3(a) through (c) may not exceed the lesser of the original or recalculated maximum override amounts. | D56: Yes
A57: 7 | B57: Line 4 | C57: =_xlfn.CONCAT("Districts with a student count of 125 or less in grades K‑8, or 100 or less in grades 9‑12 must include an amount on this line if they choose to make a ",K57,L57,M57) -> Districts with a student count of 125 or less in grades K‑8, or 100 or less in grades 9‑12 must include an amount on this line if they choose to make a small school adjustment to ensure that page 1, line 30 does not exceed the GBL for M and O. If the district previously qualified for a small school adjustment but has exceeded these student counts, see the instructions for Data Entry tab, Other Information section, lines 17 and 18. For the purposes of Small School Adjustment, districts should use prior year student count (2024 ADM). Districts should not include amounts on these lines for expenditures that are to be made from the Impact Aid Fund. Budget Revision If the district received approval from the county board of supervisors to revise its budget to include the cost of additional pupils that were not anticipated at budget adoption in accordance with A.R.S. Section 15-949(A)(2), include the revised amount on this line and notify ADE of any approved increase via the email address below. | D57: Yes | K57: small school adjustment to ensure that page 1, line 30 does not exceed the GBL for M and O. If the district previously qualified for a small school adjustment | L57: =_xlfn.CONCAT("but has exceeded these student counts, see the instructions for Data Entry tab, Other Information section, lines 17 and 18. For the purposes of Small School Adjustment, districts should use prior year student count (",PriorFiscalYear) -> but has exceeded these student counts, see the instructions for Data Entry tab, Other Information section, lines 17 and 18. For the purposes of Small School Adjustment, districts should use prior year student count (2024 | M57: ADM). Districts should not include amounts on these lines for expenditures that are to be made from the Impact Aid Fund. Budget Revision If the district received approval from the county board of supervisors to revise its budget to include the cost of additional pupils that were not anticipated at budget adoption in accordance with A.R.S. Section 15-949(A)(2), include the revised amount on this line and notify ADE of any approved increase via the email address below.
C58: SFBudgetTeam@azed.gov
A59: 7 | B59: Line 5 | C59: Districts charging tuition for full-day kindergarten and summer school should not include an increase to the GBL. These tuition revenues should be recorded in the Community School Fund (520). Budget Revision Districts should compare actual tuition revenues received or expected to be received by June 30 to the amounts reported on lines 5(a) through (d) to determine whether the amounts must be decreased or may be increased. | D59: Yes
A60: 7 | B60: Line 5(d) | C60: More information and instructions for calculating this amount can be found at the link below:
C61: http://www.azed.gov/finance/certificates-of-educational-convenience/
A62: 7 | B62: Line 6 | C62: =_xlfn.CONCAT("Include assistance received from the State for students whose parents are employed by certain State institutions as described in A.R.S. Section 15-976. Also, include amounts paid to the ",K62,L62) -> Include assistance received from the State for students whose parents are employed by certain State institutions as described in A.R.S. Section 15-976. Also, include amounts paid to the State Schools for the Deaf and school district through the special education voucher payment system such as payments for teaching students at the district instead of sending the student to the Arizona the Blind. Budget Revision Districts should use the work sheets provided by ADE to calculate the revised assistance to schools using the ADM reported on the FY 2025 ADM15. The work sheets are available on ADE’s website at the link below. | D62: Yes | K62: State Schools for the Deaf and school district through the special education voucher payment system such as payments for teaching students at the district instead of sending the student to the Arizona | L62: =_xlfn.CONCAT("the Blind. Budget Revision Districts should use the work sheets provided by ADE to calculate the revised assistance to schools using the ADM reported on the FY ",Cover!E3," ADM15. The work sheets are available on ADE’s website at the link below.") -> the Blind. Budget Revision Districts should use the work sheets provided by ADE to calculate the revised assistance to schools using the ADM reported on the FY 2025 ADM15. The work sheets are available on ADE’s website at the link below.
C63: http://www.azed.gov/finance/certificates-of-educational-convenience/
A64: 7 | B64: Line 7 | C64: =_xlfn.CONCAT("Districts should not include amounts on this line for expenditures that are to be made from the Impact Aid Fund. Budget Revision If the June 30, ",PriorFiscalYear,K64,L64,M64,N64) -> Districts should not include amounts on this line for expenditures that are to be made from the Impact Aid Fund. Budget Revision If the June 30, 2024, actual cash balance for the M and O Fund was incorrectly estimated, an accommodation school district must complete and submit a revised budget file, even if the amount recorded on line 7 of the adopted budget is not revised. If the June 30, 2024 actual cash balance for the M and O Fund was accurate, accommodation schools may revise this file for other changes. The Actual Budget Balance Carryforward displayed on Calculations tab, Calculation of M and O Budget Balance Carryforward section, line 14.b should agree to the “Allowed Budget Balance Carry Forward” as reported on page 2 of the most recent FY 2024 BUDG75 Report. Record the district’s actual cash balance for the M and O Fund at June 30, 2024, on Data Entry tab, Accommodation District Information section, line 2. Finally, districts should recalculate lines 3 and 4 based on the revised RCL on BSA55 tab, page 3. Districts should compare the recalculated amount on line 15(e) of the Calculations tab to line 7 to determine whether the amount must be decreased or may be increased. | D64: Yes | K64: , actual cash balance for the M and O Fund was incorrectly estimated, an accommodation school district must complete and submit a revised budget file, even if the amount recorded on | L64: =_xlfn.CONCAT("line 7 of the adopted budget is not revised. If the June 30, ",PriorFiscalYear," actual cash balance for the M and O Fund was accurate, accommodation schools may revise this file for other changes. The Actual Budget Balance Carryforward displayed on Calculations tab, Calculation of M and O ") -> line 7 of the adopted budget is not revised. If the June 30, 2024 actual cash balance for the M and O Fund was accurate, accommodation schools may revise this file for other changes. The Actual Budget Balance Carryforward displayed on Calculations tab, Calculation of M and O | M64: =_xlfn.CONCAT("Budget Balance Carryforward section, line 14.b should agree to the “Allowed Budget Balance Carry Forward” as reported on page 2 of the most recent FY ",PriorFiscalYear," BUDG75 Report. Record the district’s actual cash balance for the M and O Fund at June 30, ",PriorFiscalYear) -> Budget Balance Carryforward section, line 14.b should agree to the “Allowed Budget Balance Carry Forward” as reported on page 2 of the most recent FY 2024 BUDG75 Report. Record the district’s actual cash balance for the M and O Fund at June 30, 2024 | N64: , on Data Entry tab, Accommodation District Information section, line 2. Finally, districts should recalculate lines 3 and 4 based on the revised RCL on BSA55 tab, page 3. Districts should compare the recalculated amount on line 15(e) of the Calculations tab to line 7 to determine whether the amount must be decreased or may be increased.
A65: 7 | B65: Line 8(a) | C65: The total amount budgeted for desegregation expenditures in the M&O, UCO, and Impact Aid Funds cannot exceed the amount budgeted in FY 2009. Districts should not include amounts on these lines for desegregation expenditures that are to be made from the Impact Aid Fund.
